Workbook
Name agent: [1]Agent!$A$1:$A$13
Name agent: [2]Agent!$A$1:$A$13
Name agent: [3]Agent!$A$1:$A$13
Name Astreinte: #REF!
Name HS_Semaine: #REF!
Name HS_Weekend: #REF!
Name mibe: [1]mibe!$A$1:$A$4
Name mibe: [2]mibe!$A$1:$A$4
Name mibe: [3]mibe!$A$1:$A$4
Name mois: #REF!
Name moughataa: [1]Moghataa!$A$1:$A$5
Name moughataa: [2]Moghataa!$A$1:$A$5
Name moughataa: [3]Moghataa!$A$1:$A$5
Name noms: #REF!

Sheet Graphique par CS-PS
F1: GRAPHIQUE PAR CS/PS DANS CHAQUE MOUGHATAA
F4: Moughataa d' ALEG
C6: Selectionner un CS/PS pour afficher le graphique | G6: PS Legned
E7: ="Supervision du "&G6 -> Supervision du PS Legned
E8: 43252 | F8: 43282 | G8: 43313 | H8: 43344 | I8: 43374 | J8: 43405 | K8: 43435 | L8: 43466 | M8: 43497
D9: =G6 -> PS Legned | E9: =SUMIF(récapitulatif!B6:B28,'Graphique par CS-PS'!G6,récapitulatif!D6:D28) -> 0.63098592 | F9: =SUMIF(récapitulatif!C6:C28,'Graphique par CS-PS'!H6,récapitulatif!E6:E28) -> 0 | G9: =SUMIF(récapitulatif!D6:D28,'Graphique par CS-PS'!I6,récapitulatif!F6:F28) -> 136 | H9: =SUMIF(récapitulatif!E6:E28,'Graphique par CS-PS'!J6,récapitulatif!G6:G28) -> 0 | I9: =SUMIF(récapitulatif!F6:F28,'Graphique par CS-PS'!K6,récapitulatif!H6:H28) -> 0 | J9: =SUMIF(récapitulatif!G6:G28,'Graphique par CS-PS'!L6,récapitulatif!I6:I28) -> 2967 | K9: =SUMIF(récapitulatif!H6:H28,'Graphique par CS-PS'!M6,récapitulatif!J6:J28) -> 0 | L9: =SUMIF(récapitulatif!I6:I28,'Graphique par CS-PS'!N6,récapitulatif!K6:K28) -> 0 | M9: =SUMIF(récapitulatif!J6:J28,'Graphique par CS-PS'!O6,récapitulatif!L6:L28) -> 0
G26: Moughataa de BABABE
C28: Selectionner un CS/PS pour afficher le graphique | G28: PS Haire Golere
E29: ="Supervision du "&G28 -> Supervision du PS Haire Golere
E30: 42826 | F30: 42856 | G30: 42887 | H30: 42917 | I30: 42948 | J30: 42979 | K30: 43009 | L30: 43040 | M30: 43070 | N30: 43101 | O30: 43132 | P30: 43160 | Q30: 43191
D31: =G28 -> PS Haire Golere | E31: =SUMIF([1]Graphiques!$R$46:$R$58,'Graphique par CS-PS'!$G$28,[1]Graphiques!S46:S58) -> #VALUE! | F31: =SUMIF([1]Graphiques!$R$46:$R$58,'Graphique par CS-PS'!$G$28,[1]Graphiques!T46:T58) -> #VALUE! | G31: =SUMIF([1]Graphiques!$R$46:$R$58,'Graphique par CS-PS'!$G$28,[1]Graphiques!U46:U58) -> #VALUE! | H31: =SUMIF([1]Graphiques!$R$46:$R$58,'Graphique par CS-PS'!$G$28,[1]Graphiques!V46:V58) -> #VALUE! | I31: =SUMIF([1]Graphiques!$R$46:$R$58,'Graphique par CS-PS'!$G$28,[1]Graphiques!W46:W58) -> #VALUE! | J31: =SUMIF([1]Graphiques!$R$46:$R$58,'Graphique par CS-PS'!$G$28,[1]Graphiques!X46:X58) -> #VALUE! | K31: =SUMIF([1]Graphiques!$R$46:$R$58,'Graphique par CS-PS'!$G$28,[1]Graphiques!Y46:Y58) -> #VALUE! | L31: =SUMIF([1]Graphiques!$R$46:$R$58,'Graphique par CS-PS'!$G$28,[1]Graphiques!Z46:Z58) -> #VALUE! | ... Q31: =SUMIF([1]Graphiques!$R$46:$R$58,'Graphique par CS-PS'!$G$28,[1]Graphiques!AE46:AE58) -> #VALUE!
G48: Moughataa de BOGHE
C50: Selectionner un CS/PS pour afficher le graphique | G50: PS N'Goral Guidal
E51: ="Supervision du "&G50 -> Supervision du PS N'Goral Guidal
E52: 42826 | F52: 42856 | G52: 42887 | H52: 42917 | I52: 42948 | J52: 42979 | K52: 43009 | L52: 43040 | M52: 43070 | N52: 43101 | O52: 43132 | P52: 43160 | Q52: 43191
D53: =G50 -> PS N'Goral Guidal | E53: =SUMIF([1]Graphiques!$R$60:$R$76,'Graphique par CS-PS'!$G$50,[1]Graphiques!S60:S76) -> #VALUE! | F53: =SUMIF([1]Graphiques!$R$60:$R$76,'Graphique par CS-PS'!$G$50,[1]Graphiques!T60:T76) -> #VALUE! | G53: =SUMIF([1]Graphiques!$R$60:$R$76,'Graphique par CS-PS'!$G$50,[1]Graphiques!U60:U76) -> #VALUE! | H53: =SUMIF([1]Graphiques!$R$60:$R$76,'Graphique par CS-PS'!$G$50,[1]Graphiques!V60:V76) -> #VALUE! | I53: =SUMIF([1]Graphiques!$R$60:$R$76,'Graphique par CS-PS'!$G$50,[1]Graphiques!W60:W76) -> #VALUE! | J53: =SUMIF([1]Graphiques!$R$60:$R$76,'Graphique par CS-PS'!$G$50,[1]Graphiques!X60:X76) -> #VALUE! | K53: =SUMIF([1]Graphiques!$R$60:$R$76,'Graphique par CS-PS'!$G$50,[1]Graphiques!Y60:Y76) -> #VALUE! | L53: =SUMIF([1]Graphiques!$R$60:$R$76,'Graphique par CS-PS'!$G$50,[1]Graphiques!Z60:Z76) -> #VALUE! | ... Q53: =SUMIF([1]Graphiques!$R$60:$R$76,'Graphique par CS-PS'!$G$50,[1]Graphiques!AE60:AE76) -> #VALUE!
G70: Moughataa de MBAGNE
C72: Selectionner un CS/PS pour afficher le graphique | G72: PS Niabina
E73: ="Supervision du "&G72 -> Supervision du PS Niabina
E74: 42826 | F74: 42856 | G74: 42887 | H74: 42917 | I74: 42948 | J74: 42979 | K74: 43009 | L74: 43040 | M74: 43070 | N74: 43101 | O74: 43132 | P74: 43160 | Q74: 43191
D75: =G72 -> PS Niabina | E75: =SUMIF([1]Graphiques!$R$78:$R$92,'Graphique par CS-PS'!$G$72,[1]Graphiques!S78:S92) -> #VALUE! | F75: =SUMIF([1]Graphiques!$R$78:$R$92,'Graphique par CS-PS'!$G$72,[1]Graphiques!T78:T92) -> #VALUE! | G75: =SUMIF([1]Graphiques!$R$78:$R$92,'Graphique par CS-PS'!$G$72,[1]Graphiques!U78:U92) -> #VALUE! | H75: =SUMIF([1]Graphiques!$R$78:$R$92,'Graphique par CS-PS'!$G$72,[1]Graphiques!V78:V92) -> #VALUE! | I75: =SUMIF([1]Graphiques!$R$78:$R$92,'Graphique par CS-PS'!$G$72,[1]Graphiques!W78:W92) -> #VALUE! | J75: =SUMIF([1]Graphiques!$R$78:$R$92,'Graphique par CS-PS'!$G$72,[1]Graphiques!X78:X92) -> #VALUE! | K75: =SUMIF([1]Graphiques!$R$78:$R$92,'Graphique par CS-PS'!$G$72,[1]Graphiques!Y78:Y92) -> #VALUE! | L75: =SUMIF([1]Graphiques!$R$78:$R$92,'Graphique par CS-PS'!$G$72,[1]Graphiques!Z78:Z92) -> #VALUE! | ... Q75: =SUMIF([1]Graphiques!$R$78:$R$92,'Graphique par CS-PS'!$G$72,[1]Graphiques!AE78:AE92) -> #VALUE!
F92: Moughataa de MAGHTALAHJAR
C94: Selectionner un CS/PS pour afficher le graphique | G94: TENDL
E95: ="Supervision du "&G94 -> Supervision du TENDL
E96: 42826 | F96: 42856 | G96: 42887 | H96: 42917 | I96: 42948 | J96: 42979 | K96: 43009 | L96: 43040 | M96: 43070 | N96: 43101 | O96: 43132 | P96: 43160 | Q96: 43191
D97: =G94 -> TENDL | E97: =SUMIF([1]Graphiques!$R$94:$R$109,'Graphique par CS-PS'!$G$94,[1]Graphiques!S94:S109) -> #VALUE! | F97: =SUMIF([1]Graphiques!$R$94:$R$109,'Graphique par CS-PS'!$G$94,[1]Graphiques!T94:T109) -> #VALUE! | G97: =SUMIF([1]Graphiques!$R$94:$R$109,'Graphique par CS-PS'!$G$94,[1]Graphiques!U94:U109) -> #VALUE! | H97: =SUMIF([1]Graphiques!$R$94:$R$109,'Graphique par CS-PS'!$G$94,[1]Graphiques!V94:V109) -> #VALUE! | I97: =SUMIF([1]Graphiques!$R$94:$R$109,'Graphique par CS-PS'!$G$94,[1]Graphiques!W94:W109) -> #VALUE! | J97: =SUMIF([1]Graphiques!$R$94:$R$109,'Graphique par CS-PS'!$G$94,[1]Graphiques!X94:X109) -> #VALUE! | K97: =SUMIF([1]Graphiques!$R$94:$R$109,'Graphique par CS-PS'!$G$94,[1]Graphiques!Y94:Y109) -> #VALUE! | L97: =SUMIF([1]Graphiques!$R$94:$R$109,'Graphique par CS-PS'!$G$94,[1]Graphiques!Z94:Z109) -> #VALUE! | ... Q97: =SUMIF([1]Graphiques!$R$94:$R$109,'Graphique par CS-PS'!$G$94,[1]Graphiques!AE94:AE109) -> #VALUE!

Sheet BDD EVALUATION
EU1: MAX POINT | EV1: =5*71 -> 355
A2: Moughataa | B2: Centre/poste de santé de | C2: Agent de sante présent lors de la visite | D2: Date | E2: Nom et Prenom de la personne effectuant la visite: | F2: Outils - Matériels - Équipement-traitement | V2: Structure et organisation de l'espace | X2: Personnel | AF2: Dépistage passif | AH2: Accueil et flux des patients | AP2: Admissions | BD2: Test d'appétit | BP2: Prise en charge-Suivi | CN2: Séance d'éducation: ANJE, PFE | CT2: Décharges | DB2: Rapports mensuels | DH2: Stock/pharmacie | DR2: Wash in Nut | EF2: Activités communautaires | ER2: Total | ES2: Pourcentage | ET2: Autonomie par rapport à la PEC MAS
F3: Matériel anthropométrique présent et en bon état (PB, toise, balance) | H3: Registre PCIMA présent et bien tenu | J3: Fiches de suivi individuel disponibles et utilisées | L3: Fiches de transfert disponibles et utilisées | N3: Table P/T disponibles et utilisées | P3: Fiches de depistage systematique disponibles et utilisées | R3: Fiches de stock hebdomadaire disponibles et utilisées | T3: Protocole/Cahier de resume CRENAS disponibles et utilisées | V3: Espace suffisant: 1 espace abrité pour prise des mesures anthropométriques et enregistrement, 1 espace pour le test d'appétit, 1 salle pour la consultation, 1 salle pour le stock/pharmacie | X3: Personnel présent en nombre pour mener les activités PCIMA | Z3: Personnel formé sur protocole révisé de la PCIMA | AB3: Des réunions d'équipes sont tenues après PEC | AD3: Répartition correcte des tâches entre le personnel | AF3: Dépistage passif réalisé systématiquement au niveau de la consultation externe et des urgences (vérification dans le registre des consultations et la fiche de depistage systematique) | AH3: Accueil des patients organisé (espace d'attente couvert avec nattes ou bancs) | AJ3: Triage des patients réalisé (selon signes de danger) | AL3: Eau sucrée disponible dans la structure afin de prévenir/corriger une éventuelle hypoglycémie. | AN3: Flux des patients organisé et clair (de consultation externe, etc.) | AP3: Mesures anthropométriques (PB, poids, taille) correctement prises, et œdèmes correctement évalués (vérification de patients au hasard) | AR3: Calcul du P/T correctement réalisé (vérification de fiches/patients au hasard) | AT3: Critères d'admission connus, appliqués et notés sur la fiche (vérification de fiches/patients au hasard) | AV3: Admissions des MA référés suite aux dépistages actifs documentées | AX3: Fiches de suivi individuel correctement remplies avec toutes les données d'admission (vérification de fiches/patients au hasard) | AZ3: Registre PCIMA correctement rempli et correcte affectation numéros MAS (vérification au hasard) | BB3: Explications correctes et suffisantes données à la mère lors de l'admission | BD3: Lavage des mains de l'enfant et accompagnant avant manipulation ATPE | BF3: Eau disponible et fournie aux patients | BH3: Endroit approprié (calme, suffisamment d'espace, propre) | BJ3: Explications à l'accompagnant correctes et suffisantes | BL3: Quantités correctes appliquées pour la réussite du test de l'appétit | BN3: Surveillance de la prise réalisée et résultat noté sur la fiche | BP3: Examen médical de suivi (Histoire de la maladie, prise des constantes, reconnaissance des complications) | BR3: Détection prompte des complications et application correcte des critères de référence vers le CRENI | BT3: Protocole médical systématique appliqué et noté sur la fiche (produit, dosage et durée corrects) (vérification de fiches/patients au hasard) | BV3: Protocole nutritionnel (nb sachets ATPE selon le poids) respecté et noté sur la fiche | BX3: Absences notées sur les fiches | BZ3: Non-réponse au traitement diagnostiqué | CB3: Mouvement en interne noté sur la fiche | CD3: Fréquence de la distribution d'ATPE | CF3: Vaccin contre la rougeole administree aux enfants non à jour de leur vaccination | CH3: Besoins de VAD identifies (recherche des absents/abandons/non reponses au traitement) et notes | CJ3: Fiche de suivi classées par ordre de n°MAS | CL3: Explications données à la mère sur statut nutritionnel et médical de son enfant | CN3: Séance d'éducation à la santé et nutrition réalisée | CP3: Supports utilisés adaptés aux messages ANJE, PFE du Pays | CR3: Thèmes bien maitrisés et messages sont simples et transmis en langue locale | CT3: Critères de décharge connus et appliqués | CV3: Procédures de sortie et suivi après guérison expliqué à la mère | CX3: Fiche de transfert remise à l'accompagnant des enfants transférés | CZ3: Type de sortie notée sur la fiche et le registre | DB3: Rapports mensuels correctement remplis (complets et fiables) | DD3: Calcul des indicateurs de performances et d'efficacite maitrisé | DF3: Rapports mensuels envoyés à temps (au plus tard le 5 du mois suivant) | DH3: Conditions du stock/pharmacie adéquates (propreté, rangement sur étagère, étiquetage, utilisation de palettes, absence rongeurs, etc.) | DJ3: Fiches de stock (ATPE, médicaments traitement systématique et spécifique) présentes et correctement remplies | DL3: Quantité suffisante d'intrants thérapeutiques ( ATPE) et de médicaments traitement systématique et spécifique en stock (1 mois de fonctionnement + 2 semaines stock tampon) | DN3: Absence de rupture de stock | DP3: Inventaire physique réalisé chaque mois | DR3: Point d'eau potable disponible et fonctionnel | DT3: Existence de dispositif de lavage des mains dans la structure de santé | DV3: Kits couple mère-enfant disponibles et distribués aux bénéficiaires | DX3: Utilsation des kits correctement expliquée aux accompagnants | DZ3: Latrines disponibles, fonctionnelles et bien entretenues | EB3: Système d'élimination des déchets présents et fonctionnels | ED3: Des sensibilisation sur la promotion à l'hygiène sont données aux bénéficiaires | EF3: Relais communautaires actifs (sur nbre total formé) | EH3: Connaissance et application des critères pour VAD (absence, abandon, etc) | EJ3: VAD réalisées (nbre VAD réalisées pendant le dernier mois) | EL3: Dépistage actif réalisé (nbre patients référés par le relais le dernier mois) | EN3: Réunions mensuelles organisées par CPS avec les relais et données mensuelles de dépistage collectées par CPS lors de ces réunions | EP3: Rapports mensuels dépistage correctement remplis et envoyés a temps (au plus tard le 5 du mois suivant)
F4: MIBE | G4: SCORE | H4: MIBE | I4: SCORE | J4: MIBE | K4: SCORE | L4: MIBE | M4: SCORE | N4: MIBE | O4: SCORE | P4: MIBE | Q4: SCORE | R4: MIBE | S4: SCORE | T4: MIBE | U4: SCORE | V4: MIBE | W4: SCORE | X4: MIBE | Y4: SCORE | Z4: MIBE | AA4: SCORE | AB4: MIBE | AC4: SCORE | AD4: MIBE | AE4: SCORE | AF4: MIBE | AG4: SCORE | AH4: MIBE | AI4: SCORE | AJ4: MIBE | AK4: SCORE | AL4: MIBE | AM4: SCORE | AN4: MIBE | AO4: SCORE | AP4: MIBE | AQ4: SCORE | AR4: MIBE | AS4: SCORE | AT4: MIBE | AU4: SCORE | AV4: MIBE | AW4: SCORE | AX4: MIBE | AY4: SCORE | AZ4: MIBE | BA4: SCORE | BB4: MIBE | BC4: SCORE | BD4: MIBE | BE4: SCORE | BF4: MIBE | BG4: SCORE | BH4: MIBE | BI4: SCORE | BJ4: MIBE | BK4: SCORE | BL4: MIBE | BM4: SCORE | BN4: MIBE | BO4: SCORE | BP4: MIBE | BQ4: SCORE | BR4: MIBE | BS4: SCORE | BT4: MIBE | BU4: SCORE | BV4: MIBE | BW4: SCORE | BX4: MIBE | BY4: SCORE | BZ4: MIBE | CA4: SCORE | CB4: MIBE | CC4: SCORE | CD4: MIBE | CE4: SCORE | CF4: MIBE | CG4: SCORE | CH4: MIBE | CI4: SCORE | CJ4: MIBE | CK4: SCORE | CL4: MIBE | CM4: SCORE | CN4: MIBE | CO4: SCORE | CP4: MIBE | CQ4: SCORE | CR4: MIBE | CS4: SCORE | CT4: MIBE | CU4: SCORE | CV4: MIBE | CW4: SCORE | CX4: MIBE | CY4: SCORE | CZ4: MIBE | DA4: SCORE | DB4: MIBE | DC4: SCORE | DD4: MIBE | DE4: SCORE | DF4: MIBE | DG4: SCORE | DH4: MIBE | DI4: SCORE | DJ4: MIBE | DK4: SCORE | DL4: MIBE | DM4: SCORE | DN4: MIBE | DO4: SCORE | DP4: MIBE | DQ4: SCORE | DR4: MIBE | DS4: SCORE | DT4: MIBE | DU4: SCORE | DV4: MIBE | DW4: SCORE | DX4: MIBE | DY4: SCORE | DZ4: MIBE | EA4: SCORE | EB4: MIBE | EC4: SCORE | ED4: MIBE | EE4: SCORE | EF4: MIBE | EG4: SCORE | EH4: MIBE | EI4: SCORE | EJ4: MIBE | EK4: SCORE | EL4: MIBE | EM4: SCORE | EN4: MIBE | EO4: SCORE | EP4: MIBE | EQ4: SCORE | EU4: mois
A5: ALEG | B5: CS Aleg | C5: Sidi Med Mouhamdy | D5: 43272 | E5: Mohamed Youga | F5: B | G5: =IF(F5="M",0,IF(F5="I",2,IF(F5="B",4,IF(F5="E",5)))) -> 4 | H5: B | I5: =IF(H5="M",0,IF(H5="I",2,IF(H5="B",4,IF(H5="E",5)))) -> 4 | J5: B | K5: =IF(J5="M",0,IF(J5="I",2,IF(J5="B",4,IF(J5="E",5)))) -> 4 | L5: B | M5: =IF(L5="M",0,IF(L5="I",2,IF(L5="B",4,IF(L5="E",5)))) -> 4 | N5: B | O5: =IF(N5="M",0,IF(N5="I",2,IF(N5="B",4,IF(N5="E",5)))) -> 4 | P5: B | Q5: =IF(P5="M",0,IF(P5="I",2,IF(P5="B",4,IF(P5="E",5)))) -> 4 | R5: B | S5: =IF(R5="M",0,IF(R5="I",2,IF(R5="B",4,IF(R5="E",5)))) -> 4 | T5: B | U5: =IF(T5="M",0,IF(T5="I",2,IF(T5="B",4,IF(T5="E",5)))) -> 4 | V5: I | W5: =IF(V5="M",0,IF(V5="I",2,IF(V5="B",4,IF(V5="E",5)))) -> 2 | X5: B | Y5: =IF(X5="M",0,IF(X5="I",2,IF(X5="B",4,IF(X5="E",5)))) -> 4 | Z5: B | AA5: =IF(Z5="M",0,IF(Z5="I",2,IF(Z5="B",4,IF(Z5="E",5)))) -> 4 | AB5: I | AC5: =IF(AB5="M",0,IF(AB5="I",2,IF(AB5="B",4,IF(AB5="E",5)))) -> 2 | AD5: I | AE5: =IF(AD5="M",0,IF(AD5="I",2,IF(AD5="B",4,IF(AD5="E",5)))) -> 2 | AF5: B | AG5: =IF(AF5="M",0,IF(AF5="I",2,IF(AF5="B",4,IF(AF5="E",5)))) -> 4 | AH5: B | AI5: =IF(AH5="M",0,IF(AH5="I",2,IF(AH5="B",4,IF(AH5="E",5)))) -> 4 | AJ5: B | AK5: =IF(AJ5="M",0,IF(AJ5="I",2,IF(AJ5="B",4,IF(AJ5="E",5)))) -> 4 | AL5: B | AM5: =IF(AL5="M",0,IF(AL5="I",2,IF(AL5="B",4,IF(AL5="E",5)))) -> 4 | AN5: B | AO5: =IF(AN5="M",0,IF(AN5="I",2,IF(AN5="B",4,IF(AN5="E",5)))) -> 4 | AP5: B | AQ5: =IF(AP5="M",0,IF(AP5="I",2,IF(AP5="B",4,IF(AP5="E",5)))) -> 4 | AR5: B | AS5: =IF(AR5="M",0,IF(AR5="I",2,IF(AR5="B",4,IF(AR5="E",5)))) -> 4 | AT5: B | AU5: =IF(AT5="M",0,IF(AT5="I",2,IF(AT5="B",4,IF(AT5="E",5)))) -> 4 | AV5: B | AW5: =IF(AV5="M",0,IF(AV5="I",2,IF(AV5="B",4,IF(AV5="E",5)))) -> 4 | AX5: B | AY5: =IF(AX5="M",0,IF(AX5="I",2,IF(AX5="B",4,IF(AX5="E",5)))) -> 4 | AZ5: B | BA5: =IF(AZ5="M",0,IF(AZ5="I",2,IF(AZ5="B",4,IF(AZ5="E",5)))) -> 4 | BB5: I | BC5: =IF(BB5="M",0,IF(BB5="I",2,IF(BB5="B",4,IF(BB5="E",5)))) -> 2 | BD5: B | BE5: =IF(BD5="M",0,IF(BD5="I",2,IF(BD5="B",4,IF(BD5="E",5)))) -> 4 | BF5: B | BG5: =IF(BF5="M",0,IF(BF5="I",2,IF(BF5="B",4,IF(BF5="E",5)))) -> 4 | BH5: B | BI5: =IF(BH5="M",0,IF(BH5="I",2,IF(BH5="B",4,IF(BH5="E",5)))) -> 4 | BJ5: I | BK5: =IF(BJ5="M",0,IF(BJ5="I",2,IF(BJ5="B",4,IF(BJ5="E",5)))) -> 2 | BL5: B | BM5: =IF(BL5="M",0,IF(BL5="I",2,IF(BL5="B",4,IF(BL5="E",5)))) -> 4 | BN5: I | BO5: =IF(BN5="M",0,IF(BN5="I",2,IF(BN5="B",4,IF(BN5="E",5)))) -> 2 | BP5: I | BQ5: =IF(BP5="M",0,IF(BP5="I",2,IF(BP5="B",4,IF(BP5="E",5)))) -> 2 | BR5: B | BS5: =IF(BR5="M",0,IF(BR5="I",2,IF(BR5="B",4,IF(BR5="E",5)))) -> 4 | BT5: B | BU5: =IF(BT5="M",0,IF(BT5="I",2,IF(BT5="B",4,IF(BT5="E",5)))) -> 4 | BV5: B | BW5: =IF(BV5="M",0,IF(BV5="I",2,IF(BV5="B",4,IF(BV5="E",5)))) -> 4 | BX5: B | BY5: =IF(BX5="M",0,IF(BX5="I",2,IF(BX5="B",4,IF(BX5="E",5)))) -> 4 | BZ5: B | CA5: =IF(BZ5="M",0,IF(BZ5="I",2,IF(BZ5="B",4,IF(BZ5="E",5)))) -> 4 | CB5: B | CC5: =IF(CB5="M",0,IF(CB5="I",2,IF(CB5="B",4,IF(CB5="E",5)))) -> 4 | CD5: B | CE5: =IF(CD5="M",0,IF(CD5="I",2,IF(CD5="B",4,IF(CD5="E",5)))) -> 4 | CF5: B | CG5: =IF(CF5="M",0,IF(CF5="I",2,IF(CF5="B",4,IF(CF5="E",5)))) -> 4 | CH5: B | CI5: =IF(CH5="M",0,IF(CH5="I",2,IF(CH5="B",4,IF(CH5="E",5)))) -> 4 | CJ5: B | CK5: =IF(CJ5="M",0,IF(CJ5="I",2,IF(CJ5="B",4,IF(CJ5="E",5)))) -> 4 | CL5: B | CM5: =IF(CL5="M",0,IF(CL5="I",2,IF(CL5="B",4,IF(CL5="E",5)))) -> 4 | CN5: I | CO5: =IF(CN5="M",0,IF(CN5="I",2,IF(CN5="B",4,IF(CN5="E",5)))) -> 2 | CP5: I | CQ5: =IF(CP5="M",0,IF(CP5="I",2,IF(CP5="B",4,IF(CP5="E",5)))) -> 2 | CR5: I | CS5: =IF(CR5="M",0,IF(CR5="I",2,IF(CR5="B",4,IF(CR5="E",5)))) -> 2 | CT5: B | CU5: =IF(CT5="M",0,IF(CT5="I",2,IF(CT5="B",4,IF(CT5="E",5)))) -> 4 | CV5: B | CW5: =IF(CV5="M",0,IF(CV5="I",2,IF(CV5="B",4,IF(CV5="E",5)))) -> 4 | CX5: B | CY5: =IF(CX5="M",0,IF(CX5="I",2,IF(CX5="B",4,IF(CX5="E",5)))) -> 4 | CZ5: B | DA5: =IF(CZ5="M",0,IF(CZ5="I",2,IF(CZ5="B",4,IF(CZ5="E",5)))) -> 4 | DB5: B | DC5: =IF(DB5="M",0,IF(DB5="I",2,IF(DB5="B",4,IF(DB5="E",5)))) -> 4 | DD5: B | DE5: =IF(DD5="M",0,IF(DD5="I",2,IF(DD5="B",4,IF(DD5="E",5)))) -> 4 | DF5: B | DG5: =IF(DF5="M",0,IF(DF5="I",2,IF(DF5="B",4,IF(DF5="E",5)))) -> 4 | DH5: B | DI5: =IF(DH5="M",0,IF(DH5="I",2,IF(DH5="B",4,IF(DH5="E",5)))) -> 4 | DJ5: B | DK5: =IF(DJ5="M",0,IF(DJ5="I",2,IF(DJ5="B",4,IF(DJ5="E",5)))) -> 4 | DL5: B | DM5: =IF(DL5="M",0,IF(DL5="I",2,IF(DL5="B",4,IF(DL5="E",5)))) -> 4 | DN5: B | DO5: =IF(DN5="M",0,IF(DN5="I",2,IF(DN5="B",4,IF(DN5="E",5)))) -> 4 | DP5: M | DQ5: =IF(DP5="M",0,IF(DP5="I",2,IF(DP5="B",4,IF(DP5="E",5)))) -> 0 | DR5: B | DS5: =IF(DR5="M",0,IF(DR5="I",2,IF(DR5="B",4,IF(DR5="E",5)))) -> 4 | DT5: B | DU5: =IF(DT5="M",0,IF(DT5="I",2,IF(DT5="B",4,IF(DT5="E",5)))) -> 4 | DV5: B | DW5: =IF(DV5="M",0,IF(DV5="I",2,IF(DV5="B",4,IF(DV5="E",5)))) -> 4 | DX5: B | DY5: =IF(DX5="M",0,IF(DX5="I",2,IF(DX5="B",4,IF(DX5="E",5)))) -> 4 | DZ5: B | EA5: =IF(DZ5="M",0,IF(DZ5="I",2,IF(DZ5="B",4,IF(DZ5="E",5)))) -> 4 | EB5: B | EC5: =IF(EB5="M",0,IF(EB5="I",2,IF(EB5="B",4,IF(EB5="E",5)))) -> 4 | ED5: B | EE5: =IF(ED5="M",0,IF(ED5="I",2,IF(ED5="B",4,IF(ED5="E",5)))) -> 4 | EF5: M | EG5: =IF(EF5="M",0,IF(EF5="I",2,IF(EF5="B",4,IF(EF5="E",5)))) -> 0 | EH5: M | EI5: =IF(EH5="M",0,IF(EH5="I",2,IF(EH5="B",4,IF(EH5="E",5)))) -> 0 | EJ5: M | EK5: =IF(EJ5="M",0,IF(EJ5="I",2,IF(EJ5="B",4,IF(EJ5="E",5)))) -> 0 | EL5: I | EM5: =IF(EL5="M",0,IF(EL5="I",2,IF(EL5="B",4,IF(EL5="E",5)))) -> 2 | EN5: I | EO5: =IF(EN5="M",0,IF(EN5="I",2,IF(EN5="B",4,IF(EN5="E",5)))) -> 2 | EP5: M | EQ5: =IF(EP5="M",0,IF(EP5="I",2,IF(EP5="B",4,IF(EP5="E",5)))) -> 0 | ER5: =+SUM(F5:EQ5) -> 240 | ES5: =+ER5/$EV$1 -> 0.67605634 | ET5: =IF(ES5>60%,"Autonome","Non Autonome") -> Autonome | EU5: =1&"/"&MONTH(D5)&"/"&YEAR(D5) -> 1/6/2018
A6: MBAGNE | B6: CS Mbagne | C6: Bâ hamet | D6: 43253 | E6: Binta sow | F6: E | G6: =IF(F6="M",0,IF(F6="I",2,IF(F6="B",4,IF(F6="E",5)))) -> 5 | H6: E | I6: =IF(H6="M",0,IF(H6="I",2,IF(H6="B",4,IF(H6="E",5)))) -> 5 | J6: E | K6: =IF(J6="M",0,IF(J6="I",2,IF(J6="B",4,IF(J6="E",5)))) -> 5 | L6: E | M6: =IF(L6="M",0,IF(L6="I",2,IF(L6="B",4,IF(L6="E",5)))) -> 5 | N6: E | O6: =IF(N6="M",0,IF(N6="I",2,IF(N6="B",4,IF(N6="E",5)))) -> 5 | P6: E | Q6: =IF(P6="M",0,IF(P6="I",2,IF(P6="B",4,IF(P6="E",5)))) -> 5 | R6: E | S6: =IF(R6="M",0,IF(R6="I",2,IF(R6="B",4,IF(R6="E",5)))) -> 5 | T6: E | U6: =IF(T6="M",0,IF(T6="I",2,IF(T6="B",4,IF(T6="E",5)))) -> 5 | V6: I | W6: =IF(V6="M",0,IF(V6="I",2,IF(V6="B",4,IF(V6="E",5)))) -> 2 | X6: B | Y6: =IF(X6="M",0,IF(X6="I",2,IF(X6="B",4,IF(X6="E",5)))) -> 4 | Z6: E | AA6: =IF(Z6="M",0,IF(Z6="I",2,IF(Z6="B",4,IF(Z6="E",5)))) -> 5 | AB6: M | AC6: =IF(AB6="M",0,IF(AB6="I",2,IF(AB6="B",4,IF(AB6="E",5)))) -> 0 | AD6: E | AE6: =IF(AD6="M",0,IF(AD6="I",2,IF(AD6="B",4,IF(AD6="E",5)))) -> 5 | AF6: B | AG6: =IF(AF6="M",0,IF(AF6="I",2,IF(AF6="B",4,IF(AF6="E",5)))) -> 4 | AH6: I | AI6: =IF(AH6="M",0,IF(AH6="I",2,IF(AH6="B",4,IF(AH6="E",5)))) -> 2 | AJ6: M | AK6: =IF(AJ6="M",0,IF(AJ6="I",2,IF(AJ6="B",4,IF(AJ6="E",5)))) -> 0 | AL6: M | AM6: =IF(AL6="M",0,IF(AL6="I",2,IF(AL6="B",4,IF(AL6="E",5)))) -> 0 | AN6: B | AO6: =IF(AN6="M",0,IF(AN6="I",2,IF(AN6="B",4,IF(AN6="E",5)))) -> 4 | AP6: E | AQ6: =IF(AP6="M",0,IF(AP6="I",2,IF(AP6="B",4,IF(AP6="E",5)))) -> 5 | AR6: E | AS6: =IF(AR6="M",0,IF(AR6="I",2,IF(AR6="B",4,IF(AR6="E",5)))) -> 5 | AT6: E | AU6: =IF(AT6="M",0,IF(AT6="I",2,IF(AT6="B",4,IF(AT6="E",5)))) -> 5 | AV6: E | AW6: =IF(AV6="M",0,IF(AV6="I",2,IF(AV6="B",4,IF(AV6="E",5)))) -> 5 | AX6: E | AY6: =IF(AX6="M",0,IF(AX6="I",2,IF(AX6="B",4,IF(AX6="E",5)))) -> 5 | AZ6: E | BA6: =IF(AZ6="M",0,IF(AZ6="I",2,IF(AZ6="B",4,IF(AZ6="E",5)))) -> 5 | BB6: B | BC6: =IF(BB6="M",0,IF(BB6="I",2,IF(BB6="B",4,IF(BB6="E",5)))) -> 4 | BD6: B | BE6: =IF(BD6="M",0,IF(BD6="I",2,IF(BD6="B",4,IF(BD6="E",5)))) -> 4 | BF6: E | BG6: =IF(BF6="M",0,IF(BF6="I",2,IF(BF6="B",4,IF(BF6="E",5)))) -> 5 | BH6: M | BI6: =IF(BH6="M",0,IF(BH6="I",2,IF(BH6="B",4,IF(BH6="E",5)))) -> 0 | BJ6: B | BK6: =IF(BJ6="M",0,IF(BJ6="I",2,IF(BJ6="B",4,IF(BJ6="E",5)))) -> 4 | BL6: B | BM6: =IF(BL6="M",0,IF(BL6="I",2,IF(BL6="B",4,IF(BL6="E",5)))) -> 4 | BN6: B | BO6: =IF(BN6="M",0,IF(BN6="I",2,IF(BN6="B",4,IF(BN6="E",5)))) -> 4 | BP6: E | BQ6: =IF(BP6="M",0,IF(BP6="I",2,IF(BP6="B",4,IF(BP6="E",5)))) -> 5 | BR6: I | BS6: =IF(BR6="M",0,IF(BR6="I",2,IF(BR6="B",4,IF(BR6="E",5)))) -> 2 | BT6: E | BU6: =IF(BT6="M",0,IF(BT6="I",2,IF(BT6="B",4,IF(BT6="E",5)))) -> 5 | BV6: B | BW6: =IF(BV6="M",0,IF(BV6="I",2,IF(BV6="B",4,IF(BV6="E",5)))) -> 4 | BX6: E | BY6: =IF(BX6="M",0,IF(BX6="I",2,IF(BX6="B",4,IF(BX6="E",5)))) -> 5 | BZ6: B | CA6: =IF(BZ6="M",0,IF(BZ6="I",2,IF(BZ6="B",4,IF(BZ6="E",5)))) -> 4 | CB6: B | CC6: =IF(CB6="M",0,IF(CB6="I",2,IF(CB6="B",4,IF(CB6="E",5)))) -> 4 | CD6: E | CE6: =IF(CD6="M",0,IF(CD6="I",2,IF(CD6="B",4,IF(CD6="E",5)))) -> 5 | CF6: E | CG6: =IF(CF6="M",0,IF(CF6="I",2,IF(CF6="B",4,IF(CF6="E",5)))) -> 5 | CH6: E | CI6: =IF(CH6="M",0,IF(CH6="I",2,IF(CH6="B",4,IF(CH6="E",5)))) -> 5 | CJ6: I | CK6: =IF(CJ6="M",0,IF(CJ6="I",2,IF(CJ6="B",4,IF(CJ6="E",5)))) -> 2 | CL6: B | CM6: =IF(CL6="M",0,IF(CL6="I",2,IF(CL6="B",4,IF(CL6="E",5)))) -> 4 | CN6: E | CO6: =IF(CN6="M",0,IF(CN6="I",2,IF(CN6="B",4,IF(CN6="E",5)))) -> 5 | CP6: I | CQ6: =IF(CP6="M",0,IF(CP6="I",2,IF(CP6="B",4,IF(CP6="E",5)))) -> 2 | CR6: B | CS6: =IF(CR6="M",0,IF(CR6="I",2,IF(CR6="B",4,IF(CR6="E",5)))) -> 4 | CT6: E | CU6: =IF(CT6="M",0,IF(CT6="I",2,IF(CT6="B",4,IF(CT6="E",5)))) -> 5 | CV6: E | CW6: =IF(CV6="M",0,IF(CV6="I",2,IF(CV6="B",4,IF(CV6="E",5)))) -> 5 | CX6: E | CY6: =IF(CX6="M",0,IF(CX6="I",2,IF(CX6="B",4,IF(CX6="E",5)))) -> 5 | CZ6: E | DA6: =IF(CZ6="M",0,IF(CZ6="I",2,IF(CZ6="B",4,IF(CZ6="E",5)))) -> 5 | DB6: E | DC6: =IF(DB6="M",0,IF(DB6="I",2,IF(DB6="B",4,IF(DB6="E",5)))) -> 5 | DD6: E | DE6: =IF(DD6="M",0,IF(DD6="I",2,IF(DD6="B",4,IF(DD6="E",5)))) -> 5 | DF6: E | DG6: =IF(DF6="M",0,IF(DF6="I",2,IF(DF6="B",4,IF(DF6="E",5)))) -> 5 | DH6: E | DI6: =IF(DH6="M",0,IF(DH6="I",2,IF(DH6="B",4,IF(DH6="E",5)))) -> 5 | DJ6: E | DK6: =IF(DJ6="M",0,IF(DJ6="I",2,IF(DJ6="B",4,IF(DJ6="E",5)))) -> 5 | DL6: E | DM6: =IF(DL6="M",0,IF(DL6="I",2,IF(DL6="B",4,IF(DL6="E",5)))) -> 5 | DN6: E | DO6: =IF(DN6="M",0,IF(DN6="I",2,IF(DN6="B",4,IF(DN6="E",5)))) -> 5 | DP6: B | DQ6: =IF(DP6="M",0,IF(DP6="I",2,IF(DP6="B",4,IF(DP6="E",5)))) -> 4 | DR6: E | DS6: =IF(DR6="M",0,IF(DR6="I",2,IF(DR6="B",4,IF(DR6="E",5)))) -> 5 | DT6: E | DU6: =IF(DT6="M",0,IF(DT6="I",2,IF(DT6="B",4,IF(DT6="E",5)))) -> 5 | DV6: E | DW6: =IF(DV6="M",0,IF(DV6="I",2,IF(DV6="B",4,IF(DV6="E",5)))) -> 5 | DX6: E | DY6: =IF(DX6="M",0,IF(DX6="I",2,IF(DX6="B",4,IF(DX6="E",5)))) -> 5 | DZ6: B | EA6: =IF(DZ6="M",0,IF(DZ6="I",2,IF(DZ6="B",4,IF(DZ6="E",5)))) -> 4 | EB6: B | EC6: =IF(EB6="M",0,IF(EB6="I",2,IF(EB6="B",4,IF(EB6="E",5)))) -> 4 | ED6: E | EE6: =IF(ED6="M",0,IF(ED6="I",2,IF(ED6="B",4,IF(ED6="E",5)))) -> 5 | EF6: E | EG6: =IF(EF6="M",0,IF(EF6="I",2,IF(EF6="B",4,IF(EF6="E",5)))) -> 5 | EH6: B | EI6: =IF(EH6="M",0,IF(EH6="I",2,IF(EH6="B",4,IF(EH6="E",5)))) -> 4 | EJ6: B | EK6: =IF(EJ6="M",0,IF(EJ6="I",2,IF(EJ6="B",4,IF(EJ6="E",5)))) -> 4 | EL6: B | EM6: =IF(EL6="M",0,IF(EL6="I",2,IF(EL6="B",4,IF(EL6="E",5)))) -> 4 | EN6: I | EO6: =IF(EN6="M",0,IF(EN6="I",2,IF(EN6="B",4,IF(EN6="E",5)))) -> 2 | EP6: B | EQ6: =IF(EP6="M",0,IF(EP6="I",2,IF(EP6="B",4,IF(EP6="E",5)))) -> 4 | ER6: =+SUM(F6:EQ6) -> 297 | ES6: =+ER6/$EV$1 -> 0.83661972 | ET6: =IF(ES6>60%,"Autonome","Non Autonome") -> Autonome | EU6: =1&"/"&MONTH(D6)&"/"&YEAR(D6) -> 1/6/2018
A7: MBAGNE | B7: PS Haimedatt | C7: Dia Mohammed | D7: 43271 | E7: Bâ hamet abdaramane | F7: B | G7: =IF(F7="M",0,IF(F7="I",2,IF(F7="B",4,IF(F7="E",5)))) -> 4 | H7: B | I7: =IF(H7="M",0,IF(H7="I",2,IF(H7="B",4,IF(H7="E",5)))) -> 4 | J7: I | K7: =IF(J7="M",0,IF(J7="I",2,IF(J7="B",4,IF(J7="E",5)))) -> 2 | L7: B | M7: =IF(L7="M",0,IF(L7="I",2,IF(L7="B",4,IF(L7="E",5)))) -> 4 | N7: B | O7: =IF(N7="M",0,IF(N7="I",2,IF(N7="B",4,IF(N7="E",5)))) -> 4 | P7: I | Q7: =IF(P7="M",0,IF(P7="I",2,IF(P7="B",4,IF(P7="E",5)))) -> 2 | R7: B | S7: =IF(R7="M",0,IF(R7="I",2,IF(R7="B",4,IF(R7="E",5)))) -> 4 | T7: E | U7: =IF(T7="M",0,IF(T7="I",2,IF(T7="B",4,IF(T7="E",5)))) -> 5 | V7: B | W7: =IF(V7="M",0,IF(V7="I",2,IF(V7="B",4,IF(V7="E",5)))) -> 4 | X7: B | Y7: =IF(X7="M",0,IF(X7="I",2,IF(X7="B",4,IF(X7="E",5)))) -> 4 | Z7: B | AA7: =IF(Z7="M",0,IF(Z7="I",2,IF(Z7="B",4,IF(Z7="E",5)))) -> 4 | AB7: I | AC7: =IF(AB7="M",0,IF(AB7="I",2,IF(AB7="B",4,IF(AB7="E",5)))) -> 2 | AD7: B | AE7: =IF(AD7="M",0,IF(AD7="I",2,IF(AD7="B",4,IF(AD7="E",5)))) -> 4 | AF7: I | AG7: =IF(AF7="M",0,IF(AF7="I",2,IF(AF7="B",4,IF(AF7="E",5)))) -> 2 | AH7: B | AI7: =IF(AH7="M",0,IF(AH7="I",2,IF(AH7="B",4,IF(AH7="E",5)))) -> 4 | AJ7: B | AK7: =IF(AJ7="M",0,IF(AJ7="I",2,IF(AJ7="B",4,IF(AJ7="E",5)))) -> 4 | AL7: M | AM7: =IF(AL7="M",0,IF(AL7="I",2,IF(AL7="B",4,IF(AL7="E",5)))) -> 0 | AN7: B | AO7: =IF(AN7="M",0,IF(AN7="I",2,IF(AN7="B",4,IF(AN7="E",5)))) -> 4 | AP7: B | AQ7: =IF(AP7="M",0,IF(AP7="I",2,IF(AP7="B",4,IF(AP7="E",5)))) -> 4 | AR7: I | AS7: =IF(AR7="M",0,IF(AR7="I",2,IF(AR7="B",4,IF(AR7="E",5)))) -> 2 | AT7: I | AU7: =IF(AT7="M",0,IF(AT7="I",2,IF(AT7="B",4,IF(AT7="E",5)))) -> 2 | AV7: I | AW7: =IF(AV7="M",0,IF(AV7="I",2,IF(AV7="B",4,IF(AV7="E",5)))) -> 2 | AX7: I | AY7: =IF(AX7="M",0,IF(AX7="I",2,IF(AX7="B",4,IF(AX7="E",5)))) -> 2 | AZ7: B | BA7: =IF(AZ7="M",0,IF(AZ7="I",2,IF(AZ7="B",4,IF(AZ7="E",5)))) -> 4 | BB7: B | BC7: =IF(BB7="M",0,IF(BB7="I",2,IF(BB7="B",4,IF(BB7="E",5)))) -> 4 | BD7: B | BE7: =IF(BD7="M",0,IF(BD7="I",2,IF(BD7="B",4,IF(BD7="E",5)))) -> 4 | BF7: B | BG7: =IF(BF7="M",0,IF(BF7="I",2,IF(BF7="B",4,IF(BF7="E",5)))) -> 4 | BH7: B | BI7: =IF(BH7="M",0,IF(BH7="I",2,IF(BH7="B",4,IF(BH7="E",5)))) -> 4 | BJ7: B | BK7: =IF(BJ7="M",0,IF(BJ7="I",2,IF(BJ7="B",4,IF(BJ7="E",5)))) -> 4 | BL7: B | BM7: =IF(BL7="M",0,IF(BL7="I",2,IF(BL7="B",4,IF(BL7="E",5)))) -> 4 | BN7: B | BO7: =IF(BN7="M",0,IF(BN7="I",2,IF(BN7="B",4,IF(BN7="E",5)))) -> 4 | BP7: B | BQ7: =IF(BP7="M",0,IF(BP7="I",2,IF(BP7="B",4,IF(BP7="E",5)))) -> 4 | BR7: B | BS7: =IF(BR7="M",0,IF(BR7="I",2,IF(BR7="B",4,IF(BR7="E",5)))) -> 4 | BT7: I | BU7: =IF(BT7="M",0,IF(BT7="I",2,IF(BT7="B",4,IF(BT7="E",5)))) -> 2 | BV7: B | BW7: =IF(BV7="M",0,IF(BV7="I",2,IF(BV7="B",4,IF(BV7="E",5)))) -> 4 | BX7: I | BY7: =IF(BX7="M",0,IF(BX7="I",2,IF(BX7="B",4,IF(BX7="E",5)))) -> 2 | BZ7: I | CA7: =IF(BZ7="M",0,IF(BZ7="I",2,IF(BZ7="B",4,IF(BZ7="E",5)))) -> 2 | CB7: I | CC7: =IF(CB7="M",0,IF(CB7="I",2,IF(CB7="B",4,IF(CB7="E",5)))) -> 2 | CD7: B | CE7: =IF(CD7="M",0,IF(CD7="I",2,IF(CD7="B",4,IF(CD7="E",5)))) -> 4 | CF7: I | CG7: =IF(CF7="M",0,IF(CF7="I",2,IF(CF7="B",4,IF(CF7="E",5)))) -> 2 | CH7: I | CI7: =IF(CH7="M",0,IF(CH7="I",2,IF(CH7="B",4,IF(CH7="E",5)))) -> 2 | CJ7: I | CK7: =IF(CJ7="M",0,IF(CJ7="I",2,IF(CJ7="B",4,IF(CJ7="E",5)))) -> 2 | CL7: B | CM7: =IF(CL7="M",0,IF(CL7="I",2,IF(CL7="B",4,IF(CL7="E",5)))) -> 4 | CN7: B | CO7: =IF(CN7="M",0,IF(CN7="I",2,IF(CN7="B",4,IF(CN7="E",5)))) -> 4 | CP7: B | CQ7: =IF(CP7="M",0,IF(CP7="I",2,IF(CP7="B",4,IF(CP7="E",5)))) -> 4 | CR7: B | CS7: =IF(CR7="M",0,IF(CR7="I",2,IF(CR7="B",4,IF(CR7="E",5)))) -> 4 | CT7: I | CU7: =IF(CT7="M",0,IF(CT7="I",2,IF(CT7="B",4,IF(CT7="E",5)))) -> 2 | CV7: I | CW7: =IF(CV7="M",0,IF(CV7="I",2,IF(CV7="B",4,IF(CV7="E",5)))) -> 2 | CX7: B | CY7: =IF(CX7="M",0,IF(CX7="I",2,IF(CX7="B",4,IF(CX7="E",5)))) -> 4 | CZ7: I | DA7: =IF(CZ7="M",0,IF(CZ7="I",2,IF(CZ7="B",4,IF(CZ7="E",5)))) -> 2 | DB7: I | DC7: =IF(DB7="M",0,IF(DB7="I",2,IF(DB7="B",4,IF(DB7="E",5)))) -> 2 | DD7: I | DE7: =IF(DD7="M",0,IF(DD7="I",2,IF(DD7="B",4,IF(DD7="E",5)))) -> 2 | DF7: B | DG7: =IF(DF7="M",0,IF(DF7="I",2,IF(DF7="B",4,IF(DF7="E",5)))) -> 4 | DH7: B | DI7: =IF(DH7="M",0,IF(DH7="I",2,IF(DH7="B",4,IF(DH7="E",5)))) -> 4 | DJ7: B | DK7: =IF(DJ7="M",0,IF(DJ7="I",2,IF(DJ7="B",4,IF(DJ7="E",5)))) -> 4 | DL7: I | DM7: =IF(DL7="M",0,IF(DL7="I",2,IF(DL7="B",4,IF(DL7="E",5)))) -> 2 | DN7: I | DO7: =IF(DN7="M",0,IF(DN7="I",2,IF(DN7="B",4,IF(DN7="E",5)))) -> 2 | DP7: I | DQ7: =IF(DP7="M",0,IF(DP7="I",2,IF(DP7="B",4,IF(DP7="E",5)))) -> 2 | DR7: B | DS7: =IF(DR7="M",0,IF(DR7="I",2,IF(DR7="B",4,IF(DR7="E",5)))) -> 4 | DT7: B | DU7: =IF(DT7="M",0,IF(DT7="I",2,IF(DT7="B",4,IF(DT7="E",5)))) -> 4 | DV7: B | DW7: =IF(DV7="M",0,IF(DV7="I",2,IF(DV7="B",4,IF(DV7="E",5)))) -> 4 | DX7: B | DY7: =IF(DX7="M",0,IF(DX7="I",2,IF(DX7="B",4,IF(DX7="E",5)))) -> 4 | DZ7: B | EA7: =IF(DZ7="M",0,IF(DZ7="I",2,IF(DZ7="B",4,IF(DZ7="E",5)))) -> 4 | EB7: I | EC7: =IF(EB7="M",0,IF(EB7="I",2,IF(EB7="B",4,IF(EB7="E",5)))) -> 2 | ED7: B | EE7: =IF(ED7="M",0,IF(ED7="I",2,IF(ED7="B",4,IF(ED7="E",5)))) -> 4 | EF7: I | EG7: =IF(EF7="M",0,IF(EF7="I",2,IF(EF7="B",4,IF(EF7="E",5)))) -> 2 | EH7: B | EI7: =IF(EH7="M",0,IF(EH7="I",2,IF(EH7="B",4,IF(EH7="E",5)))) -> 4 | EJ7: I | EK7: =IF(EJ7="M",0,IF(EJ7="I",2,IF(EJ7="B",4,IF(EJ7="E",5)))) -> 2 | EL7: I | EM7: =IF(EL7="M",0,IF(EL7="I",2,IF(EL7="B",4,IF(EL7="E",5)))) -> 2 | EN7: I | EO7: =IF(EN7="M",0,IF(EN7="I",2,IF(EN7="B",4,IF(EN7="E",5)))) -> 2 | EP7: B | EQ7: =IF(EP7="M",0,IF(EP7="I",2,IF(EP7="B",4,IF(EP7="E",5)))) -> 4 | ER7: =+SUM(F7:EQ7) -> 225 | ES7: =+ER7/$EV$1 -> 0.63380282 | ET7: =IF(ES7>60%,"Autonome","Non Autonome") -> Autonome | EU7: =1&"/"&MONTH(D7)&"/"&YEAR(D7) -> 1/6/2018
A8: BABABE | B8: CS Bababe | C8: Gaye demba soumare | D8: 43271 | E8: Diou Abdoulaye | F8: B | G8: =IF(F8="M",0,IF(F8="I",2,IF(F8="B",4,IF(F8="E",5)))) -> 4 | H8: B | I8: =IF(H8="M",0,IF(H8="I",2,IF(H8="B",4,IF(H8="E",5)))) -> 4 | J8: B | K8: =IF(J8="M",0,IF(J8="I",2,IF(J8="B",4,IF(J8="E",5)))) -> 4 | L8: B | M8: =IF(L8="M",0,IF(L8="I",2,IF(L8="B",4,IF(L8="E",5)))) -> 4 | N8: B | O8: =IF(N8="M",0,IF(N8="I",2,IF(N8="B",4,IF(N8="E",5)))) -> 4 | P8: I | Q8: =IF(P8="M",0,IF(P8="I",2,IF(P8="B",4,IF(P8="E",5)))) -> 2 | R8: B | S8: =IF(R8="M",0,IF(R8="I",2,IF(R8="B",4,IF(R8="E",5)))) -> 4 | T8: B | U8: =IF(T8="M",0,IF(T8="I",2,IF(T8="B",4,IF(T8="E",5)))) -> 4 | V8: I | W8: =IF(V8="M",0,IF(V8="I",2,IF(V8="B",4,IF(V8="E",5)))) -> 2 | X8: I | Y8: =IF(X8="M",0,IF(X8="I",2,IF(X8="B",4,IF(X8="E",5)))) -> 2 | Z8: B | AA8: =IF(Z8="M",0,IF(Z8="I",2,IF(Z8="B",4,IF(Z8="E",5)))) -> 4 | AB8: M | AC8: =IF(AB8="M",0,IF(AB8="I",2,IF(AB8="B",4,IF(AB8="E",5)))) -> 0 | AD8: I | AE8: =IF(AD8="M",0,IF(AD8="I",2,IF(AD8="B",4,IF(AD8="E",5)))) -> 2 | AF8: B | AG8: =IF(AF8="M",0,IF(AF8="I",2,IF(AF8="B",4,IF(AF8="E",5)))) -> 4 | AH8: I | AI8: =IF(AH8="M",0,IF(AH8="I",2,IF(AH8="B",4,IF(AH8="E",5)))) -> 2 | AJ8: I | AK8: =IF(AJ8="M",0,IF(AJ8="I",2,IF(AJ8="B",4,IF(AJ8="E",5)))) -> 2 | AL8: I | AM8: =IF(AL8="M",0,IF(AL8="I",2,IF(AL8="B",4,IF(AL8="E",5)))) -> 2 | AN8: I | AO8: =IF(AN8="M",0,IF(AN8="I",2,IF(AN8="B",4,IF(AN8="E",5)))) -> 2 | AP8: B | AQ8: =IF(AP8="M",0,IF(AP8="I",2,IF(AP8="B",4,IF(AP8="E",5)))) -> 4 | AR8: B | AS8: =IF(AR8="M",0,IF(AR8="I",2,IF(AR8="B",4,IF(AR8="E",5)))) -> 4 | AT8: B | AU8: =IF(AT8="M",0,IF(AT8="I",2,IF(AT8="B",4,IF(AT8="E",5)))) -> 4 | AV8: B | AW8: =IF(AV8="M",0,IF(AV8="I",2,IF(AV8="B",4,IF(AV8="E",5)))) -> 4 | AX8: B | AY8: =IF(AX8="M",0,IF(AX8="I",2,IF(AX8="B",4,IF(AX8="E",5)))) -> 4 | AZ8: B | BA8: =IF(AZ8="M",0,IF(AZ8="I",2,IF(AZ8="B",4,IF(AZ8="E",5)))) -> 4 | BB8: B | BC8: =IF(BB8="M",0,IF(BB8="I",2,IF(BB8="B",4,IF(BB8="E",5)))) -> 4 | BD8: B | BE8: =IF(BD8="M",0,IF(BD8="I",2,IF(BD8="B",4,IF(BD8="E",5)))) -> 4 | BF8: B | BG8: =IF(BF8="M",0,IF(BF8="I",2,IF(BF8="B",4,IF(BF8="E",5)))) -> 4 | BH8: I | BI8: =IF(BH8="M",0,IF(BH8="I",2,IF(BH8="B",4,IF(BH8="E",5)))) -> 2 | BJ8: E | BK8: =IF(BJ8="M",0,IF(BJ8="I",2,IF(BJ8="B",4,IF(BJ8="E",5)))) -> 5 | BL8: B | BM8: =IF(BL8="M",0,IF(BL8="I",2,IF(BL8="B",4,IF(BL8="E",5)))) -> 4 | BN8: B | BO8: =IF(BN8="M",0,IF(BN8="I",2,IF(BN8="B",4,IF(BN8="E",5)))) -> 4 | BP8: B | BQ8: =IF(BP8="M",0,IF(BP8="I",2,IF(BP8="B",4,IF(BP8="E",5)))) -> 4 | BR8: B | BS8: =IF(BR8="M",0,IF(BR8="I",2,IF(BR8="B",4,IF(BR8="E",5)))) -> 4 | BT8: B | BU8: =IF(BT8="M",0,IF(BT8="I",2,IF(BT8="B",4,IF(BT8="E",5)))) -> 4 | BV8: B | BW8: =IF(BV8="M",0,IF(BV8="I",2,IF(BV8="B",4,IF(BV8="E",5)))) -> 4 | BX8: B | BY8: =IF(BX8="M",0,IF(BX8="I",2,IF(BX8="B",4,IF(BX8="E",5)))) -> 4 | BZ8: B | CA8: =IF(BZ8="M",0,IF(BZ8="I",2,IF(BZ8="B",4,IF(BZ8="E",5)))) -> 4 | CB8: B | CC8: =IF(CB8="M",0,IF(CB8="I",2,IF(CB8="B",4,IF(CB8="E",5)))) -> 4 | CD8: B | CE8: =IF(CD8="M",0,IF(CD8="I",2,IF(CD8="B",4,IF(CD8="E",5)))) -> 4 | CF8: I | CG8: =IF(CF8="M",0,IF(CF8="I",2,IF(CF8="B",4,IF(CF8="E",5)))) -> 2 | CH8: I | CI8: =IF(CH8="M",0,IF(CH8="I",2,IF(CH8="B",4,IF(CH8="E",5)))) -> 2 | CJ8: I | CK8: =IF(CJ8="M",0,IF(CJ8="I",2,IF(CJ8="B",4,IF(CJ8="E",5)))) -> 2 | CL8: B | CM8: =IF(CL8="M",0,IF(CL8="I",2,IF(CL8="B",4,IF(CL8="E",5)))) -> 4 | CN8: B | CO8: =IF(CN8="M",0,IF(CN8="I",2,IF(CN8="B",4,IF(CN8="E",5)))) -> 4 | CP8: I | CQ8: =IF(CP8="M",0,IF(CP8="I",2,IF(CP8="B",4,IF(CP8="E",5)))) -> 2 | CR8: B | CS8: =IF(CR8="M",0,IF(CR8="I",2,IF(CR8="B",4,IF(CR8="E",5)))) -> 4 | CT8: B | CU8: =IF(CT8="M",0,IF(CT8="I",2,IF(CT8="B",4,IF(CT8="E",5)))) -> 4 | CV8: B | CW8: =IF(CV8="M",0,IF(CV8="I",2,IF(CV8="B",4,IF(CV8="E",5)))) -> 4 | CX8: B | CY8: =IF(CX8="M",0,IF(CX8="I",2,IF(CX8="B",4,IF(CX8="E",5)))) -> 4 | CZ8: B | DA8: =IF(CZ8="M",0,IF(CZ8="I",2,IF(CZ8="B",4,IF(CZ8="E",5)))) -> 4 | DB8: B | DC8: =IF(DB8="M",0,IF(DB8="I",2,IF(DB8="B",4,IF(DB8="E",5)))) -> 4 | DD8: I | DE8: =IF(DD8="M",0,IF(DD8="I",2,IF(DD8="B",4,IF(DD8="E",5)))) -> 2 | DF8: B | DG8: =IF(DF8="M",0,IF(DF8="I",2,IF(DF8="B",4,IF(DF8="E",5)))) -> 4 | DH8: B | DI8: =IF(DH8="M",0,IF(DH8="I",2,IF(DH8="B",4,IF(DH8="E",5)))) -> 4 | DJ8: B | DK8: =IF(DJ8="M",0,IF(DJ8="I",2,IF(DJ8="B",4,IF(DJ8="E",5)))) -> 4 | DL8: B | DM8: =IF(DL8="M",0,IF(DL8="I",2,IF(DL8="B",4,IF(DL8="E",5)))) -> 4 | DN8: I | DO8: =IF(DN8="M",0,IF(DN8="I",2,IF(DN8="B",4,IF(DN8="E",5)))) -> 2 | DP8: I | DQ8: =IF(DP8="M",0,IF(DP8="I",2,IF(DP8="B",4,IF(DP8="E",5)))) -> 2 | DR8: B | DS8: =IF(DR8="M",0,IF(DR8="I",2,IF(DR8="B",4,IF(DR8="E",5)))) -> 4 | DT8: B | DU8: =IF(DT8="M",0,IF(DT8="I",2,IF(DT8="B",4,IF(DT8="E",5)))) -> 4 | DV8: M | DW8: =IF(DV8="M",0,IF(DV8="I",2,IF(DV8="B",4,IF(DV8="E",5)))) -> 0 | DX8: M | DY8: =IF(DX8="M",0,IF(DX8="I",2,IF(DX8="B",4,IF(DX8="E",5)))) -> 0 | DZ8: I | EA8: =IF(DZ8="M",0,IF(DZ8="I",2,IF(DZ8="B",4,IF(DZ8="E",5)))) -> 2 | EB8: B | EC8: =IF(EB8="M",0,IF(EB8="I",2,IF(EB8="B",4,IF(EB8="E",5)))) -> 4 | ED8: B | EE8: =IF(ED8="M",0,IF(ED8="I",2,IF(ED8="B",4,IF(ED8="E",5)))) -> 4 | EF8: I | EG8: =IF(EF8="M",0,IF(EF8="I",2,IF(EF8="B",4,IF(EF8="E",5)))) -> 2 | EH8: B | EI8: =IF(EH8="M",0,IF(EH8="I",2,IF(EH8="B",4,IF(EH8="E",5)))) -> 4 | EJ8: I | EK8: =IF(EJ8="M",0,IF(EJ8="I",2,IF(EJ8="B",4,IF(EJ8="E",5)))) -> 2 | EL8: B | EM8: =IF(EL8="M",0,IF(EL8="I",2,IF(EL8="B",4,IF(EL8="E",5)))) -> 4 | EN8: M | EO8: =IF(EN8="M",0,IF(EN8="I",2,IF(EN8="B",4,IF(EN8="E",5)))) -> 0 | EP8: B | EQ8: =IF(EP8="M",0,IF(EP8="I",2,IF(EP8="B",4,IF(EP8="E",5)))) -> 4 | ER8: =+SUM(F8:EQ8) -> 231 | ES8: =+ER8/$EV$1 -> 0.65070423 | ET8: =IF(ES8>60%,"Autonome","Non Autonome") -> Autonome | EU8: =1&"/"&MONTH(D8)&"/"&YEAR(D8) -> 1/6/2018
A9: BABABE | B9: PS Abdalla Diérry | C9: Gaye demba soumare | D9: 43271 | E9: Diou Abdoulaye | F9: B | G9: =IF(F9="M",0,IF(F9="I",2,IF(F9="B",4,IF(F9="E",5)))) -> 4 | H9: I | I9: =IF(H9="M",0,IF(H9="I",2,IF(H9="B",4,IF(H9="E",5)))) -> 2 | J9: B | K9: =IF(J9="M",0,IF(J9="I",2,IF(J9="B",4,IF(J9="E",5)))) -> 4 | L9: B | M9: =IF(L9="M",0,IF(L9="I",2,IF(L9="B",4,IF(L9="E",5)))) -> 4 | N9: B | O9: =IF(N9="M",0,IF(N9="I",2,IF(N9="B",4,IF(N9="E",5)))) -> 4 | P9: M | Q9: =IF(P9="M",0,IF(P9="I",2,IF(P9="B",4,IF(P9="E",5)))) -> 0 | R9: B | S9: =IF(R9="M",0,IF(R9="I",2,IF(R9="B",4,IF(R9="E",5)))) -> 4 | T9: B | U9: =IF(T9="M",0,IF(T9="I",2,IF(T9="B",4,IF(T9="E",5)))) -> 4 | V9: I | W9: =IF(V9="M",0,IF(V9="I",2,IF(V9="B",4,IF(V9="E",5)))) -> 2 | X9: B | Y9: =IF(X9="M",0,IF(X9="I",2,IF(X9="B",4,IF(X9="E",5)))) -> 4 | Z9: I | AA9: =IF(Z9="M",0,IF(Z9="I",2,IF(Z9="B",4,IF(Z9="E",5)))) -> 2 | AB9: I | AC9: =IF(AB9="M",0,IF(AB9="I",2,IF(AB9="B",4,IF(AB9="E",5)))) -> 2 | AD9: B | AE9: =IF(AD9="M",0,IF(AD9="I",2,IF(AD9="B",4,IF(AD9="E",5)))) -> 4 | AF9: B | AG9: =IF(AF9="M",0,IF(AF9="I",2,IF(AF9="B",4,IF(AF9="E",5)))) -> 4 | AH9: I | AI9: =IF(AH9="M",0,IF(AH9="I",2,IF(AH9="B",4,IF(AH9="E",5)))) -> 2 | AJ9: I | AK9: =IF(AJ9="M",0,IF(AJ9="I",2,IF(AJ9="B",4,IF(AJ9="E",5)))) -> 2 | AL9: M | AM9: =IF(AL9="M",0,IF(AL9="I",2,IF(AL9="B",4,IF(AL9="E",5)))) -> 0 | AN9: B | AO9: =IF(AN9="M",0,IF(AN9="I",2,IF(AN9="B",4,IF(AN9="E",5)))) -> 4 | AP9: B | AQ9: =IF(AP9="M",0,IF(AP9="I",2,IF(AP9="B",4,IF(AP9="E",5)))) -> 4 | AR9: B | AS9: =IF(AR9="M",0,IF(AR9="I",2,IF(AR9="B",4,IF(AR9="E",5)))) -> 4 | AT9: B | AU9: =IF(AT9="M",0,IF(AT9="I",2,IF(AT9="B",4,IF(AT9="E",5)))) -> 4 | AV9: B | AW9: =IF(AV9="M",0,IF(AV9="I",2,IF(AV9="B",4,IF(AV9="E",5)))) -> 4 | AX9: B | AY9: =IF(AX9="M",0,IF(AX9="I",2,IF(AX9="B",4,IF(AX9="E",5)))) -> 4 | AZ9: B | BA9: =IF(AZ9="M",0,IF(AZ9="I",2,IF(AZ9="B",4,IF(AZ9="E",5)))) -> 4 | BB9: B | BC9: =IF(BB9="M",0,IF(BB9="I",2,IF(BB9="B",4,IF(BB9="E",5)))) -> 4 | BD9: B | BE9: =IF(BD9="M",0,IF(BD9="I",2,IF(BD9="B",4,IF(BD9="E",5)))) -> 4 | BF9: B | BG9: =IF(BF9="M",0,IF(BF9="I",2,IF(BF9="B",4,IF(BF9="E",5)))) -> 4 | BH9: I | BI9: =IF(BH9="M",0,IF(BH9="I",2,IF(BH9="B",4,IF(BH9="E",5)))) -> 2 | BJ9: B | BK9: =IF(BJ9="M",0,IF(BJ9="I",2,IF(BJ9="B",4,IF(BJ9="E",5)))) -> 4 | BL9: B | BM9: =IF(BL9="M",0,IF(BL9="I",2,IF(BL9="B",4,IF(BL9="E",5)))) -> 4 | BN9: B | BO9: =IF(BN9="M",0,IF(BN9="I",2,IF(BN9="B",4,IF(BN9="E",5)))) -> 4 | BP9: B | BQ9: =IF(BP9="M",0,IF(BP9="I",2,IF(BP9="B",4,IF(BP9="E",5)))) -> 4 | BR9: B | BS9: =IF(BR9="M",0,IF(BR9="I",2,IF(BR9="B",4,IF(BR9="E",5)))) -> 4 | BT9: B | BU9: =IF(BT9="M",0,IF(BT9="I",2,IF(BT9="B",4,IF(BT9="E",5)))) -> 4 | BV9: B | BW9: =IF(BV9="M",0,IF(BV9="I",2,IF(BV9="B",4,IF(BV9="E",5)))) -> 4 | BX9: B | BY9: =IF(BX9="M",0,IF(BX9="I",2,IF(BX9="B",4,IF(BX9="E",5)))) -> 4 | BZ9: B | CA9: =IF(BZ9="M",0,IF(BZ9="I",2,IF(BZ9="B",4,IF(BZ9="E",5)))) -> 4 | CB9: B | CC9: =IF(CB9="M",0,IF(CB9="I",2,IF(CB9="B",4,IF(CB9="E",5)))) -> 4 | CD9: B | CE9: =IF(CD9="M",0,IF(CD9="I",2,IF(CD9="B",4,IF(CD9="E",5)))) -> 4 | CF9: M | CG9: =IF(CF9="M",0,IF(CF9="I",2,IF(CF9="B",4,IF(CF9="E",5)))) -> 0 | CH9: B | CI9: =IF(CH9="M",0,IF(CH9="I",2,IF(CH9="B",4,IF(CH9="E",5)))) -> 4 | CJ9: I | CK9: =IF(CJ9="M",0,IF(CJ9="I",2,IF(CJ9="B",4,IF(CJ9="E",5)))) -> 2 | CL9: B | CM9: =IF(CL9="M",0,IF(CL9="I",2,IF(CL9="B",4,IF(CL9="E",5)))) -> 4 | CN9: B | CO9: =IF(CN9="M",0,IF(CN9="I",2,IF(CN9="B",4,IF(CN9="E",5)))) -> 4 | CP9: B | CQ9: =IF(CP9="M",0,IF(CP9="I",2,IF(CP9="B",4,IF(CP9="E",5)))) -> 4 | CR9: B | CS9: =IF(CR9="M",0,IF(CR9="I",2,IF(CR9="B",4,IF(CR9="E",5)))) -> 4 | CT9: B | CU9: =IF(CT9="M",0,IF(CT9="I",2,IF(CT9="B",4,IF(CT9="E",5)))) -> 4 | CV9: B | CW9: =IF(CV9="M",0,IF(CV9="I",2,IF(CV9="B",4,IF(CV9="E",5)))) -> 4 | CX9: B | CY9: =IF(CX9="M",0,IF(CX9="I",2,IF(CX9="B",4,IF(CX9="E",5)))) -> 4 | CZ9: B | DA9: =IF(CZ9="M",0,IF(CZ9="I",2,IF(CZ9="B",4,IF(CZ9="E",5)))) -> 4 | DB9: B | DC9: =IF(DB9="M",0,IF(DB9="I",2,IF(DB9="B",4,IF(DB9="E",5)))) -> 4 | DD9: I | DE9: =IF(DD9="M",0,IF(DD9="I",2,IF(DD9="B",4,IF(DD9="E",5)))) -> 2 | DF9: B | DG9: =IF(DF9="M",0,IF(DF9="I",2,IF(DF9="B",4,IF(DF9="E",5)))) -> 4 | DH9: B | DI9: =IF(DH9="M",0,IF(DH9="I",2,IF(DH9="B",4,IF(DH9="E",5)))) -> 4 | DJ9: B | DK9: =IF(DJ9="M",0,IF(DJ9="I",2,IF(DJ9="B",4,IF(DJ9="E",5)))) -> 4 | DL9: B | DM9: =IF(DL9="M",0,IF(DL9="I",2,IF(DL9="B",4,IF(DL9="E",5)))) -> 4 | DN9: E | DO9: =IF(DN9="M",0,IF(DN9="I",2,IF(DN9="B",4,IF(DN9="E",5)))) -> 5 | DP9: B | DQ9: =IF(DP9="M",0,IF(DP9="I",2,IF(DP9="B",4,IF(DP9="E",5)))) -> 4 | DR9: B | DS9: =IF(DR9="M",0,IF(DR9="I",2,IF(DR9="B",4,IF(DR9="E",5)))) -> 4 | DT9: I | DU9: =IF(DT9="M",0,IF(DT9="I",2,IF(DT9="B",4,IF(DT9="E",5)))) -> 2 | DV9: M | DW9: =IF(DV9="M",0,IF(DV9="I",2,IF(DV9="B",4,IF(DV9="E",5)))) -> 0 | DX9: M | DY9: =IF(DX9="M",0,IF(DX9="I",2,IF(DX9="B",4,IF(DX9="E",5)))) -> 0 | DZ9: B | EA9: =IF(DZ9="M",0,IF(DZ9="I",2,IF(DZ9="B",4,IF(DZ9="E",5)))) -> 4 | EB9: B | EC9: =IF(EB9="M",0,IF(EB9="I",2,IF(EB9="B",4,IF(EB9="E",5)))) -> 4 | ED9: B | EE9: =IF(ED9="M",0,IF(ED9="I",2,IF(ED9="B",4,IF(ED9="E",5)))) -> 4 | EF9: B | EG9: =IF(EF9="M",0,IF(EF9="I",2,IF(EF9="B",4,IF(EF9="E",5)))) -> 4 | EH9: B | EI9: =IF(EH9="M",0,IF(EH9="I",2,IF(EH9="B",4,IF(EH9="E",5)))) -> 4 | EJ9: B | EK9: =IF(EJ9="M",0,IF(EJ9="I",2,IF(EJ9="B",4,IF(EJ9="E",5)))) -> 4 | EL9: I | EM9: =IF(EL9="M",0,IF(EL9="I",2,IF(EL9="B",4,IF(EL9="E",5)))) -> 2 | EN9: M | EO9: =IF(EN9="M",0,IF(EN9="I",2,IF(EN9="B",4,IF(EN9="E",5)))) -> 0 | EP9: B | EQ9: =IF(EP9="M",0,IF(EP9="I",2,IF(EP9="B",4,IF(EP9="E",5)))) -> 4 | ER9: =+SUM(F9:EQ9) -> 239 | ES9: =+ER9/$EV$1 -> 0.67323944 | ET9: =IF(ES9>60%,"Autonome","Non Autonome") -> Autonome | EU9: =1&"/"&MONTH(D9)&"/"&YEAR(D9) -> 1/6/2018
A10: MBAGNE | B10: Ps Ferrala | C10: Bâ hamet abdaramane | D10: 43271 | E10: Dia Mohamed | F10: B | G10: =IF(F10="M",0,IF(F10="I",2,IF(F10="B",4,IF(F10="E",5)))) -> 4 | H10: I | I10: =IF(H10="M",0,IF(H10="I",2,IF(H10="B",4,IF(H10="E",5)))) -> 2 | J10: I | K10: =IF(J10="M",0,IF(J10="I",2,IF(J10="B",4,IF(J10="E",5)))) -> 2 | L10: B | M10: =IF(L10="M",0,IF(L10="I",2,IF(L10="B",4,IF(L10="E",5)))) -> 4 | N10: B | O10: =IF(N10="M",0,IF(N10="I",2,IF(N10="B",4,IF(N10="E",5)))) -> 4 | P10: M | Q10: =IF(P10="M",0,IF(P10="I",2,IF(P10="B",4,IF(P10="E",5)))) -> 0 | R10: B | S10: =IF(R10="M",0,IF(R10="I",2,IF(R10="B",4,IF(R10="E",5)))) -> 4 | T10: B | U10: =IF(T10="M",0,IF(T10="I",2,IF(T10="B",4,IF(T10="E",5)))) -> 4 | V10: B | W10: =IF(V10="M",0,IF(V10="I",2,IF(V10="B",4,IF(V10="E",5)))) -> 4 | X10: B | Y10: =IF(X10="M",0,IF(X10="I",2,IF(X10="B",4,IF(X10="E",5)))) -> 4 | Z10: B | AA10: =IF(Z10="M",0,IF(Z10="I",2,IF(Z10="B",4,IF(Z10="E",5)))) -> 4 | AB10: I | AC10: =IF(AB10="M",0,IF(AB10="I",2,IF(AB10="B",4,IF(AB10="E",5)))) -> 2 | AD10: B | AE10: =IF(AD10="M",0,IF(AD10="I",2,IF(AD10="B",4,IF(AD10="E",5)))) -> 4 | AF10: I | AG10: =IF(AF10="M",0,IF(AF10="I",2,IF(AF10="B",4,IF(AF10="E",5)))) -> 2 | AH10: B | AI10: =IF(AH10="M",0,IF(AH10="I",2,IF(AH10="B",4,IF(AH10="E",5)))) -> 4 | AJ10: B | AK10: =IF(AJ10="M",0,IF(AJ10="I",2,IF(AJ10="B",4,IF(AJ10="E",5)))) -> 4 | AL10: I | AM10: =IF(AL10="M",0,IF(AL10="I",2,IF(AL10="B",4,IF(AL10="E",5)))) -> 2 | AN10: B | AO10: =IF(AN10="M",0,IF(AN10="I",2,IF(AN10="B",4,IF(AN10="E",5)))) -> 4 | AP10: I | AQ10: =IF(AP10="M",0,IF(AP10="I",2,IF(AP10="B",4,IF(AP10="E",5)))) -> 2 | AR10: I | AS10: =IF(AR10="M",0,IF(AR10="I",2,IF(AR10="B",4,IF(AR10="E",5)))) -> 2 | AT10: I | AU10: =IF(AT10="M",0,IF(AT10="I",2,IF(AT10="B",4,IF(AT10="E",5)))) -> 2 | AV10: I | AW10: =IF(AV10="M",0,IF(AV10="I",2,IF(AV10="B",4,IF(AV10="E",5)))) -> 2 | AX10: I | AY10: =IF(AX10="M",0,IF(AX10="I",2,IF(AX10="B",4,IF(AX10="E",5)))) -> 2 | AZ10: I | BA10: =IF(AZ10="M",0,IF(AZ10="I",2,IF(AZ10="B",4,IF(AZ10="E",5)))) -> 2 | BB10: I | BC10: =IF(BB10="M",0,IF(BB10="I",2,IF(BB10="B",4,IF(BB10="E",5)))) -> 2 | BD10: B | BE10: =IF(BD10="M",0,IF(BD10="I",2,IF(BD10="B",4,IF(BD10="E",5)))) -> 4 | BF10: B | BG10: =IF(BF10="M",0,IF(BF10="I",2,IF(BF10="B",4,IF(BF10="E",5)))) -> 4 | BH10: B | BI10: =IF(BH10="M",0,IF(BH10="I",2,IF(BH10="B",4,IF(BH10="E",5)))) -> 4 | BJ10: B | BK10: =IF(BJ10="M",0,IF(BJ10="I",2,IF(BJ10="B",4,IF(BJ10="E",5)))) -> 4 | BL10: B | BM10: =IF(BL10="M",0,IF(BL10="I",2,IF(BL10="B",4,IF(BL10="E",5)))) -> 4 | BN10: B | BO10: =IF(BN10="M",0,IF(BN10="I",2,IF(BN10="B",4,IF(BN10="E",5)))) -> 4 | BP10: B | BQ10: =IF(BP10="M",0,IF(BP10="I",2,IF(BP10="B",4,IF(BP10="E",5)))) -> 4 | BR10: B | BS10: =IF(BR10="M",0,IF(BR10="I",2,IF(BR10="B",4,IF(BR10="E",5)))) -> 4 | BT10: B | BU10: =IF(BT10="M",0,IF(BT10="I",2,IF(BT10="B",4,IF(BT10="E",5)))) -> 4 | BV10: B | BW10: =IF(BV10="M",0,IF(BV10="I",2,IF(BV10="B",4,IF(BV10="E",5)))) -> 4 | BX10: I | BY10: =IF(BX10="M",0,IF(BX10="I",2,IF(BX10="B",4,IF(BX10="E",5)))) -> 2 | BZ10: I | CA10: =IF(BZ10="M",0,IF(BZ10="I",2,IF(BZ10="B",4,IF(BZ10="E",5)))) -> 2 | CB10: I | CC10: =IF(CB10="M",0,IF(CB10="I",2,IF(CB10="B",4,IF(CB10="E",5)))) -> 2 | CD10: B | CE10: =IF(CD10="M",0,IF(CD10="I",2,IF(CD10="B",4,IF(CD10="E",5)))) -> 4 | CF10: M | CG10: =IF(CF10="M",0,IF(CF10="I",2,IF(CF10="B",4,IF(CF10="E",5)))) -> 0 | CH10: B | CI10: =IF(CH10="M",0,IF(CH10="I",2,IF(CH10="B",4,IF(CH10="E",5)))) -> 4 | CJ10: M | CK10: =IF(CJ10="M",0,IF(CJ10="I",2,IF(CJ10="B",4,IF(CJ10="E",5)))) -> 0 | CL10: B | CM10: =IF(CL10="M",0,IF(CL10="I",2,IF(CL10="B",4,IF(CL10="E",5)))) -> 4 | CN10: B | CO10: =IF(CN10="M",0,IF(CN10="I",2,IF(CN10="B",4,IF(CN10="E",5)))) -> 4 | CP10: B | CQ10: =IF(CP10="M",0,IF(CP10="I",2,IF(CP10="B",4,IF(CP10="E",5)))) -> 4 | CR10: B | CS10: =IF(CR10="M",0,IF(CR10="I",2,IF(CR10="B",4,IF(CR10="E",5)))) -> 4 | CT10: B | CU10: =IF(CT10="M",0,IF(CT10="I",2,IF(CT10="B",4,IF(CT10="E",5)))) -> 4 | CV10: B | CW10: =IF(CV10="M",0,IF(CV10="I",2,IF(CV10="B",4,IF(CV10="E",5)))) -> 4 | CX10: B | CY10: =IF(CX10="M",0,IF(CX10="I",2,IF(CX10="B",4,IF(CX10="E",5)))) -> 4 | CZ10: I | DA10: =IF(CZ10="M",0,IF(CZ10="I",2,IF(CZ10="B",4,IF(CZ10="E",5)))) -> 2 | DB10: B | DC10: =IF(DB10="M",0,IF(DB10="I",2,IF(DB10="B",4,IF(DB10="E",5)))) -> 4 | DD10: B | DE10: =IF(DD10="M",0,IF(DD10="I",2,IF(DD10="B",4,IF(DD10="E",5)))) -> 4 | DF10: B | DG10: =IF(DF10="M",0,IF(DF10="I",2,IF(DF10="B",4,IF(DF10="E",5)))) -> 4 | DH10: B | DI10: =IF(DH10="M",0,IF(DH10="I",2,IF(DH10="B",4,IF(DH10="E",5)))) -> 4 | DJ10: B | DK10: =IF(DJ10="M",0,IF(DJ10="I",2,IF(DJ10="B",4,IF(DJ10="E",5)))) -> 4 | DL10: I | DM10: =IF(DL10="M",0,IF(DL10="I",2,IF(DL10="B",4,IF(DL10="E",5)))) -> 2 | DN10: I | DO10: =IF(DN10="M",0,IF(DN10="I",2,IF(DN10="B",4,IF(DN10="E",5)))) -> 2 | DP10: I | DQ10: =IF(DP10="M",0,IF(DP10="I",2,IF(DP10="B",4,IF(DP10="E",5)))) -> 2 | DR10: B | DS10: =IF(DR10="M",0,IF(DR10="I",2,IF(DR10="B",4,IF(DR10="E",5)))) -> 4 | DT10: B | DU10: =IF(DT10="M",0,IF(DT10="I",2,IF(DT10="B",4,IF(DT10="E",5)))) -> 4 | DV10: M | DW10: =IF(DV10="M",0,IF(DV10="I",2,IF(DV10="B",4,IF(DV10="E",5)))) -> 0 | DX10: B | DY10: =IF(DX10="M",0,IF(DX10="I",2,IF(DX10="B",4,IF(DX10="E",5)))) -> 4 | DZ10: B | EA10: =IF(DZ10="M",0,IF(DZ10="I",2,IF(DZ10="B",4,IF(DZ10="E",5)))) -> 4 | EB10: I | EC10: =IF(EB10="M",0,IF(EB10="I",2,IF(EB10="B",4,IF(EB10="E",5)))) -> 2 | ED10: B | EE10: =IF(ED10="M",0,IF(ED10="I",2,IF(ED10="B",4,IF(ED10="E",5)))) -> 4 | EF10: B | EG10: =IF(EF10="M",0,IF(EF10="I",2,IF(EF10="B",4,IF(EF10="E",5)))) -> 4 | EH10: B | EI10: =IF(EH10="M",0,IF(EH10="I",2,IF(EH10="B",4,IF(EH10="E",5)))) -> 4 | EJ10: B | EK10: =IF(EJ10="M",0,IF(EJ10="I",2,IF(EJ10="B",4,IF(EJ10="E",5)))) -> 4 | EL10: I | EM10: =IF(EL10="M",0,IF(EL10="I",2,IF(EL10="B",4,IF(EL10="E",5)))) -> 2 | EN10: I | EO10: =IF(EN10="M",0,IF(EN10="I",2,IF(EN10="B",4,IF(EN10="E",5)))) -> 2 | EP10: I | EQ10: =IF(EP10="M",0,IF(EP10="I",2,IF(EP10="B",4,IF(EP10="E",5)))) -> 2 | ER10: =+SUM(F10:EQ10) -> 222 | ES10: =+ER10/$EV$1 -> 0.62535211 | ET10: =IF(ES10>60%,"Autonome","Non Autonome") -> Autonome | EU10: =1&"/"&MONTH(D10)&"/"&YEAR(D10) -> 1/6/2018
A11: MBAGNE | B11: PS NIABINA | C11: Bâ hamet | D11: 43271 | E11: Dia Mohamed | F11: B | G11: =IF(F11="M",0,IF(F11="I",2,IF(F11="B",4,IF(F11="E",5)))) -> 4 | H11: B | I11: =IF(H11="M",0,IF(H11="I",2,IF(H11="B",4,IF(H11="E",5)))) -> 4 | J11: I | K11: =IF(J11="M",0,IF(J11="I",2,IF(J11="B",4,IF(J11="E",5)))) -> 2 | L11: B | M11: =IF(L11="M",0,IF(L11="I",2,IF(L11="B",4,IF(L11="E",5)))) -> 4 | N11: B | O11: =IF(N11="M",0,IF(N11="I",2,IF(N11="B",4,IF(N11="E",5)))) -> 4 | P11: B | Q11: =IF(P11="M",0,IF(P11="I",2,IF(P11="B",4,IF(P11="E",5)))) -> 4 | R11: B | S11: =IF(R11="M",0,IF(R11="I",2,IF(R11="B",4,IF(R11="E",5)))) -> 4 | T11: B | U11: =IF(T11="M",0,IF(T11="I",2,IF(T11="B",4,IF(T11="E",5)))) -> 4 | V11: B | W11: =IF(V11="M",0,IF(V11="I",2,IF(V11="B",4,IF(V11="E",5)))) -> 4 | X11: B | Y11: =IF(X11="M",0,IF(X11="I",2,IF(X11="B",4,IF(X11="E",5)))) -> 4 | Z11: B | AA11: =IF(Z11="M",0,IF(Z11="I",2,IF(Z11="B",4,IF(Z11="E",5)))) -> 4 | AB11: M | AC11: =IF(AB11="M",0,IF(AB11="I",2,IF(AB11="B",4,IF(AB11="E",5)))) -> 0 | AD11: B | AE11: =IF(AD11="M",0,IF(AD11="I",2,IF(AD11="B",4,IF(AD11="E",5)))) -> 4 | AF11: B | AG11: =IF(AF11="M",0,IF(AF11="I",2,IF(AF11="B",4,IF(AF11="E",5)))) -> 4 | AH11: B | AI11: =IF(AH11="M",0,IF(AH11="I",2,IF(AH11="B",4,IF(AH11="E",5)))) -> 4 | AJ11: B | AK11: =IF(AJ11="M",0,IF(AJ11="I",2,IF(AJ11="B",4,IF(AJ11="E",5)))) -> 4 | AL11: M | AM11: =IF(AL11="M",0,IF(AL11="I",2,IF(AL11="B",4,IF(AL11="E",5)))) -> 0 | AN11: B | AO11: =IF(AN11="M",0,IF(AN11="I",2,IF(AN11="B",4,IF(AN11="E",5)))) -> 4 | AP11: B | AQ11: =IF(AP11="M",0,IF(AP11="I",2,IF(AP11="B",4,IF(AP11="E",5)))) -> 4 | AR11: B | AS11: =IF(AR11="M",0,IF(AR11="I",2,IF(AR11="B",4,IF(AR11="E",5)))) -> 4 | AT11: B | AU11: =IF(AT11="M",0,IF(AT11="I",2,IF(AT11="B",4,IF(AT11="E",5)))) -> 4 | AV11: B | AW11: =IF(AV11="M",0,IF(AV11="I",2,IF(AV11="B",4,IF(AV11="E",5)))) -> 4 | AX11: I | AY11: =IF(AX11="M",0,IF(AX11="I",2,IF(AX11="B",4,IF(AX11="E",5)))) -> 2 | AZ11: B | BA11: =IF(AZ11="M",0,IF(AZ11="I",2,IF(AZ11="B",4,IF(AZ11="E",5)))) -> 4 | BB11: B | BC11: =IF(BB11="M",0,IF(BB11="I",2,IF(BB11="B",4,IF(BB11="E",5)))) -> 4 | BD11: B | BE11: =IF(BD11="M",0,IF(BD11="I",2,IF(BD11="B",4,IF(BD11="E",5)))) -> 4 | BF11: B | BG11: =IF(BF11="M",0,IF(BF11="I",2,IF(BF11="B",4,IF(BF11="E",5)))) -> 4 | BH11: B | BI11: =IF(BH11="M",0,IF(BH11="I",2,IF(BH11="B",4,IF(BH11="E",5)))) -> 4 | BJ11: B | BK11: =IF(BJ11="M",0,IF(BJ11="I",2,IF(BJ11="B",4,IF(BJ11="E",5)))) -> 4 | BL11: B | BM11: =IF(BL11="M",0,IF(BL11="I",2,IF(BL11="B",4,IF(BL11="E",5)))) -> 4 | BN11: B | BO11: =IF(BN11="M",0,IF(BN11="I",2,IF(BN11="B",4,IF(BN11="E",5)))) -> 4 | BP11: B | BQ11: =IF(BP11="M",0,IF(BP11="I",2,IF(BP11="B",4,IF(BP11="E",5)))) -> 4 | BR11: B | BS11: =IF(BR11="M",0,IF(BR11="I",2,IF(BR11="B",4,IF(BR11="E",5)))) -> 4 | BT11: B | BU11: =IF(BT11="M",0,IF(BT11="I",2,IF(BT11="B",4,IF(BT11="E",5)))) -> 4 | BV11: B | BW11: =IF(BV11="M",0,IF(BV11="I",2,IF(BV11="B",4,IF(BV11="E",5)))) -> 4 | BX11: B | BY11: =IF(BX11="M",0,IF(BX11="I",2,IF(BX11="B",4,IF(BX11="E",5)))) -> 4 | BZ11: I | CA11: =IF(BZ11="M",0,IF(BZ11="I",2,IF(BZ11="B",4,IF(BZ11="E",5)))) -> 2 | CB11: B | CC11: =IF(CB11="M",0,IF(CB11="I",2,IF(CB11="B",4,IF(CB11="E",5)))) -> 4 | CD11: B | CE11: =IF(CD11="M",0,IF(CD11="I",2,IF(CD11="B",4,IF(CD11="E",5)))) -> 4 | CF11: B | CG11: =IF(CF11="M",0,IF(CF11="I",2,IF(CF11="B",4,IF(CF11="E",5)))) -> 4 | CH11: B | CI11: =IF(CH11="M",0,IF(CH11="I",2,IF(CH11="B",4,IF(CH11="E",5)))) -> 4 | CJ11: M | CK11: =IF(CJ11="M",0,IF(CJ11="I",2,IF(CJ11="B",4,IF(CJ11="E",5)))) -> 0 | CL11: B | CM11: =IF(CL11="M",0,IF(CL11="I",2,IF(CL11="B",4,IF(CL11="E",5)))) -> 4 | CN11: B | CO11: =IF(CN11="M",0,IF(CN11="I",2,IF(CN11="B",4,IF(CN11="E",5)))) -> 4 | CP11: B | CQ11: =IF(CP11="M",0,IF(CP11="I",2,IF(CP11="B",4,IF(CP11="E",5)))) -> 4 | CR11: B | CS11: =IF(CR11="M",0,IF(CR11="I",2,IF(CR11="B",4,IF(CR11="E",5)))) -> 4 | CT11: B | CU11: =IF(CT11="M",0,IF(CT11="I",2,IF(CT11="B",4,IF(CT11="E",5)))) -> 4 | CV11: B | CW11: =IF(CV11="M",0,IF(CV11="I",2,IF(CV11="B",4,IF(CV11="E",5)))) -> 4 | CX11: B | CY11: =IF(CX11="M",0,IF(CX11="I",2,IF(CX11="B",4,IF(CX11="E",5)))) -> 4 | CZ11: B | DA11: =IF(CZ11="M",0,IF(CZ11="I",2,IF(CZ11="B",4,IF(CZ11="E",5)))) -> 4 | DB11: B | DC11: =IF(DB11="M",0,IF(DB11="I",2,IF(DB11="B",4,IF(DB11="E",5)))) -> 4 | DD11: B | DE11: =IF(DD11="M",0,IF(DD11="I",2,IF(DD11="B",4,IF(DD11="E",5)))) -> 4 | DF11: B | DG11: =IF(DF11="M",0,IF(DF11="I",2,IF(DF11="B",4,IF(DF11="E",5)))) -> 4 | DH11: I | DI11: =IF(DH11="M",0,IF(DH11="I",2,IF(DH11="B",4,IF(DH11="E",5)))) -> 2 | DJ11: B | DK11: =IF(DJ11="M",0,IF(DJ11="I",2,IF(DJ11="B",4,IF(DJ11="E",5)))) -> 4 | DL11: I | DM11: =IF(DL11="M",0,IF(DL11="I",2,IF(DL11="B",4,IF(DL11="E",5)))) -> 2 | DN11: I | DO11: =IF(DN11="M",0,IF(DN11="I",2,IF(DN11="B",4,IF(DN11="E",5)))) -> 2 | DP11: I | DQ11: =IF(DP11="M",0,IF(DP11="I",2,IF(DP11="B",4,IF(DP11="E",5)))) -> 2 | DR11: B | DS11: =IF(DR11="M",0,IF(DR11="I",2,IF(DR11="B",4,IF(DR11="E",5)))) -> 4 | DT11: B | DU11: =IF(DT11="M",0,IF(DT11="I",2,IF(DT11="B",4,IF(DT11="E",5)))) -> 4 | DV11: M | DW11: =IF(DV11="M",0,IF(DV11="I",2,IF(DV11="B",4,IF(DV11="E",5)))) -> 0 | DX11: B | DY11: =IF(DX11="M",0,IF(DX11="I",2,IF(DX11="B",4,IF(DX11="E",5)))) -> 4 | DZ11: B | EA11: =IF(DZ11="M",0,IF(DZ11="I",2,IF(DZ11="B",4,IF(DZ11="E",5)))) -> 4 | EB11: M | EC11: =IF(EB11="M",0,IF(EB11="I",2,IF(EB11="B",4,IF(EB11="E",5)))) -> 0 | ED11: B | EE11: =IF(ED11="M",0,IF(ED11="I",2,IF(ED11="B",4,IF(ED11="E",5)))) -> 4 | EF11: E | EG11: =IF(EF11="M",0,IF(EF11="I",2,IF(EF11="B",4,IF(EF11="E",5)))) -> 5 | EH11: B | EI11: =IF(EH11="M",0,IF(EH11="I",2,IF(EH11="B",4,IF(EH11="E",5)))) -> 4 | EJ11: B | EK11: =IF(EJ11="M",0,IF(EJ11="I",2,IF(EJ11="B",4,IF(EJ11="E",5)))) -> 4 | EL11: B | EM11: =IF(EL11="M",0,IF(EL11="I",2,IF(EL11="B",4,IF(EL11="E",5)))) -> 4 | EN11: M | EO11: =IF(EN11="M",0,IF(EN11="I",2,IF(EN11="B",4,IF(EN11="E",5)))) -> 0 | EP11: B | EQ11: =IF(EP11="M",0,IF(EP11="I",2,IF(EP11="B",4,IF(EP11="E",5)))) -> 4 | ER11: =+SUM(F11:EQ11) -> 247 | ES11: =+ER11/$EV$1 -> 0.69577465 | ET11: =IF(ES11>60%,"Autonome","Non Autonome") -> Autonome | EU11: =1&"/"&MONTH(D11)&"/"&YEAR(D11) -> 1/6/2018
A12: BOGHE | B12: PS Thidé | C12: Aminata Hamidou Barry | D12: 43271 | E12: Daouda Aboubakri Diop | F12: I | G12: =IF(F12="M",0,IF(F12="I",2,IF(F12="B",4,IF(F12="E",5)))) -> 2 | H12: I | I12: =IF(H12="M",0,IF(H12="I",2,IF(H12="B",4,IF(H12="E",5)))) -> 2 | J12: I | K12: =IF(J12="M",0,IF(J12="I",2,IF(J12="B",4,IF(J12="E",5)))) -> 2 | L12: B | M12: =IF(L12="M",0,IF(L12="I",2,IF(L12="B",4,IF(L12="E",5)))) -> 4 | N12: I | O12: =IF(N12="M",0,IF(N12="I",2,IF(N12="B",4,IF(N12="E",5)))) -> 2 | P12: I | Q12: =IF(P12="M",0,IF(P12="I",2,IF(P12="B",4,IF(P12="E",5)))) -> 2 | R12: I | S12: =IF(R12="M",0,IF(R12="I",2,IF(R12="B",4,IF(R12="E",5)))) -> 2 | T12: B | U12: =IF(T12="M",0,IF(T12="I",2,IF(T12="B",4,IF(T12="E",5)))) -> 4 | V12: B | W12: =IF(V12="M",0,IF(V12="I",2,IF(V12="B",4,IF(V12="E",5)))) -> 4 | X12: I | Y12: =IF(X12="M",0,IF(X12="I",2,IF(X12="B",4,IF(X12="E",5)))) -> 2 | Z12: I | AA12: =IF(Z12="M",0,IF(Z12="I",2,IF(Z12="B",4,IF(Z12="E",5)))) -> 2 | AB12: I | AC12: =IF(AB12="M",0,IF(AB12="I",2,IF(AB12="B",4,IF(AB12="E",5)))) -> 2 | AD12: I | AE12: =IF(AD12="M",0,IF(AD12="I",2,IF(AD12="B",4,IF(AD12="E",5)))) -> 2 | AF12: I | AG12: =IF(AF12="M",0,IF(AF12="I",2,IF(AF12="B",4,IF(AF12="E",5)))) -> 2 | AH12: B | AI12: =IF(AH12="M",0,IF(AH12="I",2,IF(AH12="B",4,IF(AH12="E",5)))) -> 4 | AJ12: M | AK12: =IF(AJ12="M",0,IF(AJ12="I",2,IF(AJ12="B",4,IF(AJ12="E",5)))) -> 0 | AL12: M | AM12: =IF(AL12="M",0,IF(AL12="I",2,IF(AL12="B",4,IF(AL12="E",5)))) -> 0 | AN12: B | AO12: =IF(AN12="M",0,IF(AN12="I",2,IF(AN12="B",4,IF(AN12="E",5)))) -> 4 | AP12: I | AQ12: =IF(AP12="M",0,IF(AP12="I",2,IF(AP12="B",4,IF(AP12="E",5)))) -> 2 | AR12: I | AS12: =IF(AR12="M",0,IF(AR12="I",2,IF(AR12="B",4,IF(AR12="E",5)))) -> 2 | AT12: I | AU12: =IF(AT12="M",0,IF(AT12="I",2,IF(AT12="B",4,IF(AT12="E",5)))) -> 2 | AV12: B | AW12: =IF(AV12="M",0,IF(AV12="I",2,IF(AV12="B",4,IF(AV12="E",5)))) -> 4 | AX12: I | AY12: =IF(AX12="M",0,IF(AX12="I",2,IF(AX12="B",4,IF(AX12="E",5)))) -> 2 | AZ12: I | BA12: =IF(AZ12="M",0,IF(AZ12="I",2,IF(AZ12="B",4,IF(AZ12="E",5)))) -> 2 | BB12: B | BC12: =IF(BB12="M",0,IF(BB12="I",2,IF(BB12="B",4,IF(BB12="E",5)))) -> 4 | BD12: B | BE12: =IF(BD12="M",0,IF(BD12="I",2,IF(BD12="B",4,IF(BD12="E",5)))) -> 4 | BF12: B | BG12: =IF(BF12="M",0,IF(BF12="I",2,IF(BF12="B",4,IF(BF12="E",5)))) -> 4 | BH12: B | BI12: =IF(BH12="M",0,IF(BH12="I",2,IF(BH12="B",4,IF(BH12="E",5)))) -> 4 | BJ12: B | BK12: =IF(BJ12="M",0,IF(BJ12="I",2,IF(BJ12="B",4,IF(BJ12="E",5)))) -> 4 | BL12: B | BM12: =IF(BL12="M",0,IF(BL12="I",2,IF(BL12="B",4,IF(BL12="E",5)))) -> 4 | BN12: B | BO12: =IF(BN12="M",0,IF(BN12="I",2,IF(BN12="B",4,IF(BN12="E",5)))) -> 4 | BP12: I | BQ12: =IF(BP12="M",0,IF(BP12="I",2,IF(BP12="B",4,IF(BP12="E",5)))) -> 2 | BR12: I | BS12: =IF(BR12="M",0,IF(BR12="I",2,IF(BR12="B",4,IF(BR12="E",5)))) -> 2 | BT12: I | BU12: =IF(BT12="M",0,IF(BT12="I",2,IF(BT12="B",4,IF(BT12="E",5)))) -> 2 | BV12: B | BW12: =IF(BV12="M",0,IF(BV12="I",2,IF(BV12="B",4,IF(BV12="E",5)))) -> 4 | BX12: B | BY12: =IF(BX12="M",0,IF(BX12="I",2,IF(BX12="B",4,IF(BX12="E",5)))) -> 4 | BZ12: I | CA12: =IF(BZ12="M",0,IF(BZ12="I",2,IF(BZ12="B",4,IF(BZ12="E",5)))) -> 2 | CB12: I | CC12: =IF(CB12="M",0,IF(CB12="I",2,IF(CB12="B",4,IF(CB12="E",5)))) -> 2 | CD12: B | CE12: =IF(CD12="M",0,IF(CD12="I",2,IF(CD12="B",4,IF(CD12="E",5)))) -> 4 | CF12: M | CG12: =IF(CF12="M",0,IF(CF12="I",2,IF(CF12="B",4,IF(CF12="E",5)))) -> 0 | CH12: I | CI12: =IF(CH12="M",0,IF(CH12="I",2,IF(CH12="B",4,IF(CH12="E",5)))) -> 2 | CJ12: I | CK12: =IF(CJ12="M",0,IF(CJ12="I",2,IF(CJ12="B",4,IF(CJ12="E",5)))) -> 2 | CL12: I | CM12: =IF(CL12="M",0,IF(CL12="I",2,IF(CL12="B",4,IF(CL12="E",5)))) -> 2 | CN12: I | CO12: =IF(CN12="M",0,IF(CN12="I",2,IF(CN12="B",4,IF(CN12="E",5)))) -> 2 | CP12: I | CQ12: =IF(CP12="M",0,IF(CP12="I",2,IF(CP12="B",4,IF(CP12="E",5)))) -> 2 | CR12: I | CS12: =IF(CR12="M",0,IF(CR12="I",2,IF(CR12="B",4,IF(CR12="E",5)))) -> 2 | CT12: I | CU12: =IF(CT12="M",0,IF(CT12="I",2,IF(CT12="B",4,IF(CT12="E",5)))) -> 2 | CV12: I | CW12: =IF(CV12="M",0,IF(CV12="I",2,IF(CV12="B",4,IF(CV12="E",5)))) -> 2 | CX12: I | CY12: =IF(CX12="M",0,IF(CX12="I",2,IF(CX12="B",4,IF(CX12="E",5)))) -> 2 | CZ12: I | DA12: =IF(CZ12="M",0,IF(CZ12="I",2,IF(CZ12="B",4,IF(CZ12="E",5)))) -> 2 | DB12: B | DC12: =IF(DB12="M",0,IF(DB12="I",2,IF(DB12="B",4,IF(DB12="E",5)))) -> 4 | DD12: M | DE12: =IF(DD12="M",0,IF(DD12="I",2,IF(DD12="B",4,IF(DD12="E",5)))) -> 0 | DF12: M | DG12: =IF(DF12="M",0,IF(DF12="I",2,IF(DF12="B",4,IF(DF12="E",5)))) -> 0 | DH12: M | DI12: =IF(DH12="M",0,IF(DH12="I",2,IF(DH12="B",4,IF(DH12="E",5)))) -> 0 | DJ12: M | DK12: =IF(DJ12="M",0,IF(DJ12="I",2,IF(DJ12="B",4,IF(DJ12="E",5)))) -> 0 | DL12: M | DM12: =IF(DL12="M",0,IF(DL12="I",2,IF(DL12="B",4,IF(DL12="E",5)))) -> 0 | DN12: M | DO12: =IF(DN12="M",0,IF(DN12="I",2,IF(DN12="B",4,IF(DN12="E",5)))) -> 0 | DP12: I | DQ12: =IF(DP12="M",0,IF(DP12="I",2,IF(DP12="B",4,IF(DP12="E",5)))) -> 2 | DR12: B | DS12: =IF(DR12="M",0,IF(DR12="I",2,IF(DR12="B",4,IF(DR12="E",5)))) -> 4 | DT12: B | DU12: =IF(DT12="M",0,IF(DT12="I",2,IF(DT12="B",4,IF(DT12="E",5)))) -> 4 | DV12: M | DW12: =IF(DV12="M",0,IF(DV12="I",2,IF(DV12="B",4,IF(DV12="E",5)))) -> 0 | DX12: M | DY12: =IF(DX12="M",0,IF(DX12="I",2,IF(DX12="B",4,IF(DX12="E",5)))) -> 0 | DZ12: B | EA12: =IF(DZ12="M",0,IF(DZ12="I",2,IF(DZ12="B",4,IF(DZ12="E",5)))) -> 4 | EB12: M | EC12: =IF(EB12="M",0,IF(EB12="I",2,IF(EB12="B",4,IF(EB12="E",5)))) -> 0 | ED12: B | EE12: =IF(ED12="M",0,IF(ED12="I",2,IF(ED12="B",4,IF(ED12="E",5)))) -> 4 | EF12: B | EG12: =IF(EF12="M",0,IF(EF12="I",2,IF(EF12="B",4,IF(EF12="E",5)))) -> 4 | EH12: B | EI12: =IF(EH12="M",0,IF(EH12="I",2,IF(EH12="B",4,IF(EH12="E",5)))) -> 4 | EJ12: I | EK12: =IF(EJ12="M",0,IF(EJ12="I",2,IF(EJ12="B",4,IF(EJ12="E",5)))) -> 2 | EL12: M | EM12: =IF(EL12="M",0,IF(EL12="I",2,IF(EL12="B",4,IF(EL12="E",5)))) -> 0 | EN12: I | EO12: =IF(EN12="M",0,IF(EN12="I",2,IF(EN12="B",4,IF(EN12="E",5)))) -> 2 | EP12: I | EQ12: =IF(EP12="M",0,IF(EP12="I",2,IF(EP12="B",4,IF(EP12="E",5)))) -> 2 | ER12: =+SUM(F12:EQ12) -> 162 | ES12: =+ER12/$EV$1 -> 0.45633803 | ET12: =IF(ES12>60%,"Autonome","Non Autonome") -> Non Autonome | EU12: =1&"/"&MONTH(D12)&"/"&YEAR(D12) -> 1/6/2018
A13: BOGHE | B13: PS Waboundé | C13: Aminata Hamidou Barry | D13: 43271 | E13: Daouda Aboubakri Diop | F13: B | G13: =IF(F13="M",0,IF(F13="I",2,IF(F13="B",4,IF(F13="E",5)))) -> 4 | H13: M | I13: =IF(H13="M",0,IF(H13="I",2,IF(H13="B",4,IF(H13="E",5)))) -> 0 | J13: I | K13: =IF(J13="M",0,IF(J13="I",2,IF(J13="B",4,IF(J13="E",5)))) -> 2 | L13: B | M13: =IF(L13="M",0,IF(L13="I",2,IF(L13="B",4,IF(L13="E",5)))) -> 4 | N13: B | O13: =IF(N13="M",0,IF(N13="I",2,IF(N13="B",4,IF(N13="E",5)))) -> 4 | P13: I | Q13: =IF(P13="M",0,IF(P13="I",2,IF(P13="B",4,IF(P13="E",5)))) -> 2 | R13: B | S13: =IF(R13="M",0,IF(R13="I",2,IF(R13="B",4,IF(R13="E",5)))) -> 4 | T13: B | U13: =IF(T13="M",0,IF(T13="I",2,IF(T13="B",4,IF(T13="E",5)))) -> 4 | V13: I | W13: =IF(V13="M",0,IF(V13="I",2,IF(V13="B",4,IF(V13="E",5)))) -> 2 | X13: B | Y13: =IF(X13="M",0,IF(X13="I",2,IF(X13="B",4,IF(X13="E",5)))) -> 4 | Z13: I | AA13: =IF(Z13="M",0,IF(Z13="I",2,IF(Z13="B",4,IF(Z13="E",5)))) -> 2 | AB13: I | AC13: =IF(AB13="M",0,IF(AB13="I",2,IF(AB13="B",4,IF(AB13="E",5)))) -> 2 | AD13: B | AE13: =IF(AD13="M",0,IF(AD13="I",2,IF(AD13="B",4,IF(AD13="E",5)))) -> 4 | AF13: I | AG13: =IF(AF13="M",0,IF(AF13="I",2,IF(AF13="B",4,IF(AF13="E",5)))) -> 2 | AH13: B | AI13: =IF(AH13="M",0,IF(AH13="I",2,IF(AH13="B",4,IF(AH13="E",5)))) -> 4 | AJ13: B | AK13: =IF(AJ13="M",0,IF(AJ13="I",2,IF(AJ13="B",4,IF(AJ13="E",5)))) -> 4 | AL13: B | AM13: =IF(AL13="M",0,IF(AL13="I",2,IF(AL13="B",4,IF(AL13="E",5)))) -> 4 | AN13: B | AO13: =IF(AN13="M",0,IF(AN13="I",2,IF(AN13="B",4,IF(AN13="E",5)))) -> 4 | AP13: I | AQ13: =IF(AP13="M",0,IF(AP13="I",2,IF(AP13="B",4,IF(AP13="E",5)))) -> 2 | AR13: B | AS13: =IF(AR13="M",0,IF(AR13="I",2,IF(AR13="B",4,IF(AR13="E",5)))) -> 4 | AT13: B | AU13: =IF(AT13="M",0,IF(AT13="I",2,IF(AT13="B",4,IF(AT13="E",5)))) -> 4 | AV13: B | AW13: =IF(AV13="M",0,IF(AV13="I",2,IF(AV13="B",4,IF(AV13="E",5)))) -> 4 | AX13: I | AY13: =IF(AX13="M",0,IF(AX13="I",2,IF(AX13="B",4,IF(AX13="E",5)))) -> 2 | AZ13: B | BA13: =IF(AZ13="M",0,IF(AZ13="I",2,IF(AZ13="B",4,IF(AZ13="E",5)))) -> 4 | BB13: B | BC13: =IF(BB13="M",0,IF(BB13="I",2,IF(BB13="B",4,IF(BB13="E",5)))) -> 4 | BD13: B | BE13: =IF(BD13="M",0,IF(BD13="I",2,IF(BD13="B",4,IF(BD13="E",5)))) -> 4 | BF13: B | BG13: =IF(BF13="M",0,IF(BF13="I",2,IF(BF13="B",4,IF(BF13="E",5)))) -> 4 | BH13: I | BI13: =IF(BH13="M",0,IF(BH13="I",2,IF(BH13="B",4,IF(BH13="E",5)))) -> 2 | BJ13: B | BK13: =IF(BJ13="M",0,IF(BJ13="I",2,IF(BJ13="B",4,IF(BJ13="E",5)))) -> 4 | BL13: I | BM13: =IF(BL13="M",0,IF(BL13="I",2,IF(BL13="B",4,IF(BL13="E",5)))) -> 2 | BN13: B | BO13: =IF(BN13="M",0,IF(BN13="I",2,IF(BN13="B",4,IF(BN13="E",5)))) -> 4 | BP13: I | BQ13: =IF(BP13="M",0,IF(BP13="I",2,IF(BP13="B",4,IF(BP13="E",5)))) -> 2 | BR13: I | BS13: =IF(BR13="M",0,IF(BR13="I",2,IF(BR13="B",4,IF(BR13="E",5)))) -> 2 | BT13: B | BU13: =IF(BT13="M",0,IF(BT13="I",2,IF(BT13="B",4,IF(BT13="E",5)))) -> 4 | BV13: B | BW13: =IF(BV13="M",0,IF(BV13="I",2,IF(BV13="B",4,IF(BV13="E",5)))) -> 4 | BX13: B | BY13: =IF(BX13="M",0,IF(BX13="I",2,IF(BX13="B",4,IF(BX13="E",5)))) -> 4 | BZ13: B | CA13: =IF(BZ13="M",0,IF(BZ13="I",2,IF(BZ13="B",4,IF(BZ13="E",5)))) -> 4 | CB13: B | CC13: =IF(CB13="M",0,IF(CB13="I",2,IF(CB13="B",4,IF(CB13="E",5)))) -> 4 | CD13: B | CE13: =IF(CD13="M",0,IF(CD13="I",2,IF(CD13="B",4,IF(CD13="E",5)))) -> 4 | CF13: B | CG13: =IF(CF13="M",0,IF(CF13="I",2,IF(CF13="B",4,IF(CF13="E",5)))) -> 4 | CH13: B | CI13: =IF(CH13="M",0,IF(CH13="I",2,IF(CH13="B",4,IF(CH13="E",5)))) -> 4 | CJ13: I | CK13: =IF(CJ13="M",0,IF(CJ13="I",2,IF(CJ13="B",4,IF(CJ13="E",5)))) -> 2 | CL13: B | CM13: =IF(CL13="M",0,IF(CL13="I",2,IF(CL13="B",4,IF(CL13="E",5)))) -> 4 | CN13: B | CO13: =IF(CN13="M",0,IF(CN13="I",2,IF(CN13="B",4,IF(CN13="E",5)))) -> 4 | CP13: B | CQ13: =IF(CP13="M",0,IF(CP13="I",2,IF(CP13="B",4,IF(CP13="E",5)))) -> 4 | CR13: B | CS13: =IF(CR13="M",0,IF(CR13="I",2,IF(CR13="B",4,IF(CR13="E",5)))) -> 4 | CT13: B | CU13: =IF(CT13="M",0,IF(CT13="I",2,IF(CT13="B",4,IF(CT13="E",5)))) -> 4 | CV13: B | CW13: =IF(CV13="M",0,IF(CV13="I",2,IF(CV13="B",4,IF(CV13="E",5)))) -> 4 | CX13: B | CY13: =IF(CX13="M",0,IF(CX13="I",2,IF(CX13="B",4,IF(CX13="E",5)))) -> 4 | CZ13: B | DA13: =IF(CZ13="M",0,IF(CZ13="I",2,IF(CZ13="B",4,IF(CZ13="E",5)))) -> 4 | DB13: B | DC13: =IF(DB13="M",0,IF(DB13="I",2,IF(DB13="B",4,IF(DB13="E",5)))) -> 4 | DD13: I | DE13: =IF(DD13="M",0,IF(DD13="I",2,IF(DD13="B",4,IF(DD13="E",5)))) -> 2 | DF13: B | DG13: =IF(DF13="M",0,IF(DF13="I",2,IF(DF13="B",4,IF(DF13="E",5)))) -> 4 | DH13: B | DI13: =IF(DH13="M",0,IF(DH13="I",2,IF(DH13="B",4,IF(DH13="E",5)))) -> 4 | DJ13: B | DK13: =IF(DJ13="M",0,IF(DJ13="I",2,IF(DJ13="B",4,IF(DJ13="E",5)))) -> 4 | DL13: B | DM13: =IF(DL13="M",0,IF(DL13="I",2,IF(DL13="B",4,IF(DL13="E",5)))) -> 4 | DN13: B | DO13: =IF(DN13="M",0,IF(DN13="I",2,IF(DN13="B",4,IF(DN13="E",5)))) -> 4 | DP13: I | DQ13: =IF(DP13="M",0,IF(DP13="I",2,IF(DP13="B",4,IF(DP13="E",5)))) -> 2 | DR13: B | DS13: =IF(DR13="M",0,IF(DR13="I",2,IF(DR13="B",4,IF(DR13="E",5)))) -> 4 | DT13: B | DU13: =IF(DT13="M",0,IF(DT13="I",2,IF(DT13="B",4,IF(DT13="E",5)))) -> 4 | DV13: I | DW13: =IF(DV13="M",0,IF(DV13="I",2,IF(DV13="B",4,IF(DV13="E",5)))) -> 2 | DX13: B | DY13: =IF(DX13="M",0,IF(DX13="I",2,IF(DX13="B",4,IF(DX13="E",5)))) -> 4 | DZ13: I | EA13: =IF(DZ13="M",0,IF(DZ13="I",2,IF(DZ13="B",4,IF(DZ13="E",5)))) -> 2 | EB13: M | EC13: =IF(EB13="M",0,IF(EB13="I",2,IF(EB13="B",4,IF(EB13="E",5)))) -> 0 | ED13: B | EE13: =IF(ED13="M",0,IF(ED13="I",2,IF(ED13="B",4,IF(ED13="E",5)))) -> 4 | EF13: B | EG13: =IF(EF13="M",0,IF(EF13="I",2,IF(EF13="B",4,IF(EF13="E",5)))) -> 4 | EH13: B | EI13: =IF(EH13="M",0,IF(EH13="I",2,IF(EH13="B",4,IF(EH13="E",5)))) -> 4 | EJ13: I | EK13: =IF(EJ13="M",0,IF(EJ13="I",2,IF(EJ13="B",4,IF(EJ13="E",5)))) -> 2 | EL13: M | EM13: =IF(EL13="M",0,IF(EL13="I",2,IF(EL13="B",4,IF(EL13="E",5)))) -> 0 | EN13: B | EO13: =IF(EN13="M",0,IF(EN13="I",2,IF(EN13="B",4,IF(EN13="E",5)))) -> 4 | EP13: B | EQ13: =IF(EP13="M",0,IF(EP13="I",2,IF(EP13="B",4,IF(EP13="E",5)))) -> 4 | ER13: =+SUM(F13:EQ13) -> 236 | ES13: =+ER13/$EV$1 -> 0.66478873 | ET13: =IF(ES13>60%,"Autonome","Non Autonome") -> Autonome | EU13: =1&"/"&MONTH(D13)&"/"&YEAR(D13) -> 1/6/2018
A14: ALEG | B14: PS Tayba | C14: Sidi Med Mouhamdy | D14: 43271 | E14: Mohamed Youga | F14: B | G14: =IF(F14="M",0,IF(F14="I",2,IF(F14="B",4,IF(F14="E",5)))) -> 4 | H14: B | I14: =IF(H14="M",0,IF(H14="I",2,IF(H14="B",4,IF(H14="E",5)))) -> 4 | J14: B | K14: =IF(J14="M",0,IF(J14="I",2,IF(J14="B",4,IF(J14="E",5)))) -> 4 | L14: B | M14: =IF(L14="M",0,IF(L14="I",2,IF(L14="B",4,IF(L14="E",5)))) -> 4 | N14: B | O14: =IF(N14="M",0,IF(N14="I",2,IF(N14="B",4,IF(N14="E",5)))) -> 4 | P14: B | Q14: =IF(P14="M",0,IF(P14="I",2,IF(P14="B",4,IF(P14="E",5)))) -> 4 | R14: B | S14: =IF(R14="M",0,IF(R14="I",2,IF(R14="B",4,IF(R14="E",5)))) -> 4 | T14: B | U14: =IF(T14="M",0,IF(T14="I",2,IF(T14="B",4,IF(T14="E",5)))) -> 4 | V14: B | W14: =IF(V14="M",0,IF(V14="I",2,IF(V14="B",4,IF(V14="E",5)))) -> 4 | X14: B | Y14: =IF(X14="M",0,IF(X14="I",2,IF(X14="B",4,IF(X14="E",5)))) -> 4 | Z14: B | AA14: =IF(Z14="M",0,IF(Z14="I",2,IF(Z14="B",4,IF(Z14="E",5)))) -> 4 | AB14: I | AC14: =IF(AB14="M",0,IF(AB14="I",2,IF(AB14="B",4,IF(AB14="E",5)))) -> 2 | AD14: I | AE14: =IF(AD14="M",0,IF(AD14="I",2,IF(AD14="B",4,IF(AD14="E",5)))) -> 2 | AF14: B | AG14: =IF(AF14="M",0,IF(AF14="I",2,IF(AF14="B",4,IF(AF14="E",5)))) -> 4 | AH14: B | AI14: =IF(AH14="M",0,IF(AH14="I",2,IF(AH14="B",4,IF(AH14="E",5)))) -> 4 | AJ14: B | AK14: =IF(AJ14="M",0,IF(AJ14="I",2,IF(AJ14="B",4,IF(AJ14="E",5)))) -> 4 | AL14: M | AM14: =IF(AL14="M",0,IF(AL14="I",2,IF(AL14="B",4,IF(AL14="E",5)))) -> 0 | AN14: B | AO14: =IF(AN14="M",0,IF(AN14="I",2,IF(AN14="B",4,IF(AN14="E",5)))) -> 4 | AP14: B | AQ14: =IF(AP14="M",0,IF(AP14="I",2,IF(AP14="B",4,IF(AP14="E",5)))) -> 4 | AR14: B | AS14: =IF(AR14="M",0,IF(AR14="I",2,IF(AR14="B",4,IF(AR14="E",5)))) -> 4 | AT14: B | AU14: =IF(AT14="M",0,IF(AT14="I",2,IF(AT14="B",4,IF(AT14="E",5)))) -> 4 | AV14: B | AW14: =IF(AV14="M",0,IF(AV14="I",2,IF(AV14="B",4,IF(AV14="E",5)))) -> 4 | AX14: B | AY14: =IF(AX14="M",0,IF(AX14="I",2,IF(AX14="B",4,IF(AX14="E",5)))) -> 4 | AZ14: B | BA14: =IF(AZ14="M",0,IF(AZ14="I",2,IF(AZ14="B",4,IF(AZ14="E",5)))) -> 4 | BB14: B | BC14: =IF(BB14="M",0,IF(BB14="I",2,IF(BB14="B",4,IF(BB14="E",5)))) -> 4 | BD14: B | BE14: =IF(BD14="M",0,IF(BD14="I",2,IF(BD14="B",4,IF(BD14="E",5)))) -> 4 | BF14: B | BG14: =IF(BF14="M",0,IF(BF14="I",2,IF(BF14="B",4,IF(BF14="E",5)))) -> 4 | BH14: B | BI14: =IF(BH14="M",0,IF(BH14="I",2,IF(BH14="B",4,IF(BH14="E",5)))) -> 4 | BJ14: B | BK14: =IF(BJ14="M",0,IF(BJ14="I",2,IF(BJ14="B",4,IF(BJ14="E",5)))) -> 4 | BL14: B | BM14: =IF(BL14="M",0,IF(BL14="I",2,IF(BL14="B",4,IF(BL14="E",5)))) -> 4 | BN14: B | BO14: =IF(BN14="M",0,IF(BN14="I",2,IF(BN14="B",4,IF(BN14="E",5)))) -> 4 | BP14: I | BQ14: =IF(BP14="M",0,IF(BP14="I",2,IF(BP14="B",4,IF(BP14="E",5)))) -> 2 | BR14: B | BS14: =IF(BR14="M",0,IF(BR14="I",2,IF(BR14="B",4,IF(BR14="E",5)))) -> 4 | BT14: B | BU14: =IF(BT14="M",0,IF(BT14="I",2,IF(BT14="B",4,IF(BT14="E",5)))) -> 4 | BV14: B | BW14: =IF(BV14="M",0,IF(BV14="I",2,IF(BV14="B",4,IF(BV14="E",5)))) -> 4 | BX14: B | BY14: =IF(BX14="M",0,IF(BX14="I",2,IF(BX14="B",4,IF(BX14="E",5)))) -> 4 | BZ14: B | CA14: =IF(BZ14="M",0,IF(BZ14="I",2,IF(BZ14="B",4,IF(BZ14="E",5)))) -> 4 | CB14: B | CC14: =IF(CB14="M",0,IF(CB14="I",2,IF(CB14="B",4,IF(CB14="E",5)))) -> 4 | CD14: B | CE14: =IF(CD14="M",0,IF(CD14="I",2,IF(CD14="B",4,IF(CD14="E",5)))) -> 4 | CF14: B | CG14: =IF(CF14="M",0,IF(CF14="I",2,IF(CF14="B",4,IF(CF14="E",5)))) -> 4 | CH14: I | CI14: =IF(CH14="M",0,IF(CH14="I",2,IF(CH14="B",4,IF(CH14="E",5)))) -> 2 | CJ14: B | CK14: =IF(CJ14="M",0,IF(CJ14="I",2,IF(CJ14="B",4,IF(CJ14="E",5)))) -> 4 | CL14: B | CM14: =IF(CL14="M",0,IF(CL14="I",2,IF(CL14="B",4,IF(CL14="E",5)))) -> 4 | CN14: B | CO14: =IF(CN14="M",0,IF(CN14="I",2,IF(CN14="B",4,IF(CN14="E",5)))) -> 4 | CP14: B | CQ14: =IF(CP14="M",0,IF(CP14="I",2,IF(CP14="B",4,IF(CP14="E",5)))) -> 4 | CR14: I | CS14: =IF(CR14="M",0,IF(CR14="I",2,IF(CR14="B",4,IF(CR14="E",5)))) -> 2 | CT14: B | CU14: =IF(CT14="M",0,IF(CT14="I",2,IF(CT14="B",4,IF(CT14="E",5)))) -> 4 | CV14: B | CW14: =IF(CV14="M",0,IF(CV14="I",2,IF(CV14="B",4,IF(CV14="E",5)))) -> 4 | CX14: I | CY14: =IF(CX14="M",0,IF(CX14="I",2,IF(CX14="B",4,IF(CX14="E",5)))) -> 2 | CZ14: B | DA14: =IF(CZ14="M",0,IF(CZ14="I",2,IF(CZ14="B",4,IF(CZ14="E",5)))) -> 4 | DB14: B | DC14: =IF(DB14="M",0,IF(DB14="I",2,IF(DB14="B",4,IF(DB14="E",5)))) -> 4 | DD14: B | DE14: =IF(DD14="M",0,IF(DD14="I",2,IF(DD14="B",4,IF(DD14="E",5)))) -> 4 | DF14: B | DG14: =IF(DF14="M",0,IF(DF14="I",2,IF(DF14="B",4,IF(DF14="E",5)))) -> 4 | DH14: B | DI14: =IF(DH14="M",0,IF(DH14="I",2,IF(DH14="B",4,IF(DH14="E",5)))) -> 4 | DJ14: B | DK14: =IF(DJ14="M",0,IF(DJ14="I",2,IF(DJ14="B",4,IF(DJ14="E",5)))) -> 4 | DL14: B | DM14: =IF(DL14="M",0,IF(DL14="I",2,IF(DL14="B",4,IF(DL14="E",5)))) -> 4 | DN14: B | DO14: =IF(DN14="M",0,IF(DN14="I",2,IF(DN14="B",4,IF(DN14="E",5)))) -> 4 | DP14: B | DQ14: =IF(DP14="M",0,IF(DP14="I",2,IF(DP14="B",4,IF(DP14="E",5)))) -> 4 | DR14: I | DS14: =IF(DR14="M",0,IF(DR14="I",2,IF(DR14="B",4,IF(DR14="E",5)))) -> 2 | DT14: M | DU14: =IF(DT14="M",0,IF(DT14="I",2,IF(DT14="B",4,IF(DT14="E",5)))) -> 0 | DV14: B | DW14: =IF(DV14="M",0,IF(DV14="I",2,IF(DV14="B",4,IF(DV14="E",5)))) -> 4 | DX14: B | DY14: =IF(DX14="M",0,IF(DX14="I",2,IF(DX14="B",4,IF(DX14="E",5)))) -> 4 | DZ14: B | EA14: =IF(DZ14="M",0,IF(DZ14="I",2,IF(DZ14="B",4,IF(DZ14="E",5)))) -> 4 | EB14: B | EC14: =IF(EB14="M",0,IF(EB14="I",2,IF(EB14="B",4,IF(EB14="E",5)))) -> 4 | ED14: B | EE14: =IF(ED14="M",0,IF(ED14="I",2,IF(ED14="B",4,IF(ED14="E",5)))) -> 4 | EF14: B | EG14: =IF(EF14="M",0,IF(EF14="I",2,IF(EF14="B",4,IF(EF14="E",5)))) -> 4 | EH14: I | EI14: =IF(EH14="M",0,IF(EH14="I",2,IF(EH14="B",4,IF(EH14="E",5)))) -> 2 | EJ14: I | EK14: =IF(EJ14="M",0,IF(EJ14="I",2,IF(EJ14="B",4,IF(EJ14="E",5)))) -> 2 | EL14: I | EM14: =IF(EL14="M",0,IF(EL14="I",2,IF(EL14="B",4,IF(EL14="E",5)))) -> 2 | EN14: I | EO14: =IF(EN14="M",0,IF(EN14="I",2,IF(EN14="B",4,IF(EN14="E",5)))) -> 2 | EP14: I | EQ14: =IF(EP14="M",0,IF(EP14="I",2,IF(EP14="B",4,IF(EP14="E",5)))) -> 2 | ER14: =+SUM(F14:EQ14) -> 252 | ES14: =+ER14/$EV$1 -> 0.70985915 | ET14: =IF(ES14>60%,"Autonome","Non Autonome") -> Autonome | EU14: =1&"/"&MONTH(D14)&"/"&YEAR(D14) -> 1/6/2018
A15: BOGHE | B15: PS Thialgou | C15: Aminata Hamidou Barry | D15: 43271 | E15: Daouda Aboubakri Diop | F15: B | G15: =IF(F15="M",0,IF(F15="I",2,IF(F15="B",4,IF(F15="E",5)))) -> 4 | H15: B | I15: =IF(H15="M",0,IF(H15="I",2,IF(H15="B",4,IF(H15="E",5)))) -> 4 | J15: B | K15: =IF(J15="M",0,IF(J15="I",2,IF(J15="B",4,IF(J15="E",5)))) -> 4 | L15: M | M15: =IF(L15="M",0,IF(L15="I",2,IF(L15="B",4,IF(L15="E",5)))) -> 0 | N15: I | O15: =IF(N15="M",0,IF(N15="I",2,IF(N15="B",4,IF(N15="E",5)))) -> 2 | P15: I | Q15: =IF(P15="M",0,IF(P15="I",2,IF(P15="B",4,IF(P15="E",5)))) -> 2 | R15: I | S15: =IF(R15="M",0,IF(R15="I",2,IF(R15="B",4,IF(R15="E",5)))) -> 2 | T15: I | U15: =IF(T15="M",0,IF(T15="I",2,IF(T15="B",4,IF(T15="E",5)))) -> 2 | V15: I | W15: =IF(V15="M",0,IF(V15="I",2,IF(V15="B",4,IF(V15="E",5)))) -> 2 | X15: I | Y15: =IF(X15="M",0,IF(X15="I",2,IF(X15="B",4,IF(X15="E",5)))) -> 2 | Z15: I | AA15: =IF(Z15="M",0,IF(Z15="I",2,IF(Z15="B",4,IF(Z15="E",5)))) -> 2 | AB15: I | AC15: =IF(AB15="M",0,IF(AB15="I",2,IF(AB15="B",4,IF(AB15="E",5)))) -> 2 | AD15: I | AE15: =IF(AD15="M",0,IF(AD15="I",2,IF(AD15="B",4,IF(AD15="E",5)))) -> 2 | AF15: I | AG15: =IF(AF15="M",0,IF(AF15="I",2,IF(AF15="B",4,IF(AF15="E",5)))) -> 2 | AH15: B | AI15: =IF(AH15="M",0,IF(AH15="I",2,IF(AH15="B",4,IF(AH15="E",5)))) -> 4 | AJ15: M | AK15: =IF(AJ15="M",0,IF(AJ15="I",2,IF(AJ15="B",4,IF(AJ15="E",5)))) -> 0 | AL15: M | AM15: =IF(AL15="M",0,IF(AL15="I",2,IF(AL15="B",4,IF(AL15="E",5)))) -> 0 | AN15: B | AO15: =IF(AN15="M",0,IF(AN15="I",2,IF(AN15="B",4,IF(AN15="E",5)))) -> 4 | AP15: I | AQ15: =IF(AP15="M",0,IF(AP15="I",2,IF(AP15="B",4,IF(AP15="E",5)))) -> 2 | AR15: I | AS15: =IF(AR15="M",0,IF(AR15="I",2,IF(AR15="B",4,IF(AR15="E",5)))) -> 2 | AT15: B | AU15: =IF(AT15="M",0,IF(AT15="I",2,IF(AT15="B",4,IF(AT15="E",5)))) -> 4 | AV15: B | AW15: =IF(AV15="M",0,IF(AV15="I",2,IF(AV15="B",4,IF(AV15="E",5)))) -> 4 | AX15: B | AY15: =IF(AX15="M",0,IF(AX15="I",2,IF(AX15="B",4,IF(AX15="E",5)))) -> 4 | AZ15: B | BA15: =IF(AZ15="M",0,IF(AZ15="I",2,IF(AZ15="B",4,IF(AZ15="E",5)))) -> 4 | BB15: B | BC15: =IF(BB15="M",0,IF(BB15="I",2,IF(BB15="B",4,IF(BB15="E",5)))) -> 4 | BD15: B | BE15: =IF(BD15="M",0,IF(BD15="I",2,IF(BD15="B",4,IF(BD15="E",5)))) -> 4 | BF15: B | BG15: =IF(BF15="M",0,IF(BF15="I",2,IF(BF15="B",4,IF(BF15="E",5)))) -> 4 | BH15: B | BI15: =IF(BH15="M",0,IF(BH15="I",2,IF(BH15="B",4,IF(BH15="E",5)))) -> 4 | BJ15: B | BK15: =IF(BJ15="M",0,IF(BJ15="I",2,IF(BJ15="B",4,IF(BJ15="E",5)))) -> 4 | BL15: I | BM15: =IF(BL15="M",0,IF(BL15="I",2,IF(BL15="B",4,IF(BL15="E",5)))) -> 2 | BN15: B | BO15: =IF(BN15="M",0,IF(BN15="I",2,IF(BN15="B",4,IF(BN15="E",5)))) -> 4 | BP15: I | BQ15: =IF(BP15="M",0,IF(BP15="I",2,IF(BP15="B",4,IF(BP15="E",5)))) -> 2 | BR15: B | BS15: =IF(BR15="M",0,IF(BR15="I",2,IF(BR15="B",4,IF(BR15="E",5)))) -> 4 | BT15: I | BU15: =IF(BT15="M",0,IF(BT15="I",2,IF(BT15="B",4,IF(BT15="E",5)))) -> 2 | BV15: I | BW15: =IF(BV15="M",0,IF(BV15="I",2,IF(BV15="B",4,IF(BV15="E",5)))) -> 2 | BX15: B | BY15: =IF(BX15="M",0,IF(BX15="I",2,IF(BX15="B",4,IF(BX15="E",5)))) -> 4 | BZ15: B | CA15: =IF(BZ15="M",0,IF(BZ15="I",2,IF(BZ15="B",4,IF(BZ15="E",5)))) -> 4 | CB15: B | CC15: =IF(CB15="M",0,IF(CB15="I",2,IF(CB15="B",4,IF(CB15="E",5)))) -> 4 | CD15: B | CE15: =IF(CD15="M",0,IF(CD15="I",2,IF(CD15="B",4,IF(CD15="E",5)))) -> 4 | CF15: M | CG15: =IF(CF15="M",0,IF(CF15="I",2,IF(CF15="B",4,IF(CF15="E",5)))) -> 0 | CH15: I | CI15: =IF(CH15="M",0,IF(CH15="I",2,IF(CH15="B",4,IF(CH15="E",5)))) -> 2 | CJ15: I | CK15: =IF(CJ15="M",0,IF(CJ15="I",2,IF(CJ15="B",4,IF(CJ15="E",5)))) -> 2 | CL15: I | CM15: =IF(CL15="M",0,IF(CL15="I",2,IF(CL15="B",4,IF(CL15="E",5)))) -> 2 | CN15: B | CO15: =IF(CN15="M",0,IF(CN15="I",2,IF(CN15="B",4,IF(CN15="E",5)))) -> 4 | CP15: B | CQ15: =IF(CP15="M",0,IF(CP15="I",2,IF(CP15="B",4,IF(CP15="E",5)))) -> 4 | CR15: I | CS15: =IF(CR15="M",0,IF(CR15="I",2,IF(CR15="B",4,IF(CR15="E",5)))) -> 2 | CT15: I | CU15: =IF(CT15="M",0,IF(CT15="I",2,IF(CT15="B",4,IF(CT15="E",5)))) -> 2 | CV15: I | CW15: =IF(CV15="M",0,IF(CV15="I",2,IF(CV15="B",4,IF(CV15="E",5)))) -> 2 | CX15: M | CY15: =IF(CX15="M",0,IF(CX15="I",2,IF(CX15="B",4,IF(CX15="E",5)))) -> 0 | CZ15: B | DA15: =IF(CZ15="M",0,IF(CZ15="I",2,IF(CZ15="B",4,IF(CZ15="E",5)))) -> 4 | DB15: I | DC15: =IF(DB15="M",0,IF(DB15="I",2,IF(DB15="B",4,IF(DB15="E",5)))) -> 2 | DD15: I | DE15: =IF(DD15="M",0,IF(DD15="I",2,IF(DD15="B",4,IF(DD15="E",5)))) -> 2 | DF15: I | DG15: =IF(DF15="M",0,IF(DF15="I",2,IF(DF15="B",4,IF(DF15="E",5)))) -> 2 | DH15: I | DI15: =IF(DH15="M",0,IF(DH15="I",2,IF(DH15="B",4,IF(DH15="E",5)))) -> 2 | DJ15: B | DK15: =IF(DJ15="M",0,IF(DJ15="I",2,IF(DJ15="B",4,IF(DJ15="E",5)))) -> 4 | DL15: I | DM15: =IF(DL15="M",0,IF(DL15="I",2,IF(DL15="B",4,IF(DL15="E",5)))) -> 2 | DN15: B | DO15: =IF(DN15="M",0,IF(DN15="I",2,IF(DN15="B",4,IF(DN15="E",5)))) -> 4 | DP15: I | DQ15: =IF(DP15="M",0,IF(DP15="I",2,IF(DP15="B",4,IF(DP15="E",5)))) -> 2 | DR15: B | DS15: =IF(DR15="M",0,IF(DR15="I",2,IF(DR15="B",4,IF(DR15="E",5)))) -> 4 | DT15: B | DU15: =IF(DT15="M",0,IF(DT15="I",2,IF(DT15="B",4,IF(DT15="E",5)))) -> 4 | DV15: M | DW15: =IF(DV15="M",0,IF(DV15="I",2,IF(DV15="B",4,IF(DV15="E",5)))) -> 0 | DX15: M | DY15: =IF(DX15="M",0,IF(DX15="I",2,IF(DX15="B",4,IF(DX15="E",5)))) -> 0 | DZ15: B | EA15: =IF(DZ15="M",0,IF(DZ15="I",2,IF(DZ15="B",4,IF(DZ15="E",5)))) -> 4 | EB15: M | EC15: =IF(EB15="M",0,IF(EB15="I",2,IF(EB15="B",4,IF(EB15="E",5)))) -> 0 | ED15: B | EE15: =IF(ED15="M",0,IF(ED15="I",2,IF(ED15="B",4,IF(ED15="E",5)))) -> 4 | EF15: B | EG15: =IF(EF15="M",0,IF(EF15="I",2,IF(EF15="B",4,IF(EF15="E",5)))) -> 4 | EH15: I | EI15: =IF(EH15="M",0,IF(EH15="I",2,IF(EH15="B",4,IF(EH15="E",5)))) -> 2 | EJ15: M | EK15: =IF(EJ15="M",0,IF(EJ15="I",2,IF(EJ15="B",4,IF(EJ15="E",5)))) -> 0 | EL15: M | EM15: =IF(EL15="M",0,IF(EL15="I",2,IF(EL15="B",4,IF(EL15="E",5)))) -> 0 | EN15: I | EO15: =IF(EN15="M",0,IF(EN15="I",2,IF(EN15="B",4,IF(EN15="E",5)))) -> 2 | EP15: I | EQ15: =IF(EP15="M",0,IF(EP15="I",2,IF(EP15="B",4,IF(EP15="E",5)))) -> 2 | ER15: =+SUM(F15:EQ15) -> 182 | ES15: =+ER15/$EV$1 -> 0.51267606 | ET15: =IF(ES15>60%,"Autonome","Non Autonome") -> Non Autonome | EU15: =1&"/"&MONTH(D15)&"/"&YEAR(D15) -> 1/6/2018
A16: MAGHTALAHJAR | B16: PS Bouvkeirine | C16: Aichetou/ Med | D16: 43271 | E16: Abou Abdoulaye Sow | F16: B | G16: =IF(F16="M",0,IF(F16="I",2,IF(F16="B",4,IF(F16="E",5)))) -> 4 | H16: I | I16: =IF(H16="M",0,IF(H16="I",2,IF(H16="B",4,IF(H16="E",5)))) -> 2 | J16: I | K16: =IF(J16="M",0,IF(J16="I",2,IF(J16="B",4,IF(J16="E",5)))) -> 2 | L16: B | M16: =IF(L16="M",0,IF(L16="I",2,IF(L16="B",4,IF(L16="E",5)))) -> 4 | N16: B | O16: =IF(N16="M",0,IF(N16="I",2,IF(N16="B",4,IF(N16="E",5)))) -> 4 | P16: B | Q16: =IF(P16="M",0,IF(P16="I",2,IF(P16="B",4,IF(P16="E",5)))) -> 4 | R16: B | S16: =IF(R16="M",0,IF(R16="I",2,IF(R16="B",4,IF(R16="E",5)))) -> 4 | T16: B | U16: =IF(T16="M",0,IF(T16="I",2,IF(T16="B",4,IF(T16="E",5)))) -> 4 | V16: B | W16: =IF(V16="M",0,IF(V16="I",2,IF(V16="B",4,IF(V16="E",5)))) -> 4 | X16: B | Y16: =IF(X16="M",0,IF(X16="I",2,IF(X16="B",4,IF(X16="E",5)))) -> 4 | Z16: I | AA16: =IF(Z16="M",0,IF(Z16="I",2,IF(Z16="B",4,IF(Z16="E",5)))) -> 2 | AB16: M | AC16: =IF(AB16="M",0,IF(AB16="I",2,IF(AB16="B",4,IF(AB16="E",5)))) -> 0 | AD16: B | AE16: =IF(AD16="M",0,IF(AD16="I",2,IF(AD16="B",4,IF(AD16="E",5)))) -> 4 | AF16: B | AG16: =IF(AF16="M",0,IF(AF16="I",2,IF(AF16="B",4,IF(AF16="E",5)))) -> 4 | AH16: B | AI16: =IF(AH16="M",0,IF(AH16="I",2,IF(AH16="B",4,IF(AH16="E",5)))) -> 4 | AJ16: B | AK16: =IF(AJ16="M",0,IF(AJ16="I",2,IF(AJ16="B",4,IF(AJ16="E",5)))) -> 4 | AL16: I | AM16: =IF(AL16="M",0,IF(AL16="I",2,IF(AL16="B",4,IF(AL16="E",5)))) -> 2 | AN16: B | AO16: =IF(AN16="M",0,IF(AN16="I",2,IF(AN16="B",4,IF(AN16="E",5)))) -> 4 | AP16: B | AQ16: =IF(AP16="M",0,IF(AP16="I",2,IF(AP16="B",4,IF(AP16="E",5)))) -> 4 | AR16: I | AS16: =IF(AR16="M",0,IF(AR16="I",2,IF(AR16="B",4,IF(AR16="E",5)))) -> 2 | AT16: I | AU16: =IF(AT16="M",0,IF(AT16="I",2,IF(AT16="B",4,IF(AT16="E",5)))) -> 2 | AV16: B | AW16: =IF(AV16="M",0,IF(AV16="I",2,IF(AV16="B",4,IF(AV16="E",5)))) -> 4 | AX16: I | AY16: =IF(AX16="M",0,IF(AX16="I",2,IF(AX16="B",4,IF(AX16="E",5)))) -> 2 | AZ16: I | BA16: =IF(AZ16="M",0,IF(AZ16="I",2,IF(AZ16="B",4,IF(AZ16="E",5)))) -> 2 | BB16: B | BC16: =IF(BB16="M",0,IF(BB16="I",2,IF(BB16="B",4,IF(BB16="E",5)))) -> 4 | BD16: B | BE16: =IF(BD16="M",0,IF(BD16="I",2,IF(BD16="B",4,IF(BD16="E",5)))) -> 4 | BF16: B | BG16: =IF(BF16="M",0,IF(BF16="I",2,IF(BF16="B",4,IF(BF16="E",5)))) -> 4 | BH16: B | BI16: =IF(BH16="M",0,IF(BH16="I",2,IF(BH16="B",4,IF(BH16="E",5)))) -> 4 | BJ16: B | BK16: =IF(BJ16="M",0,IF(BJ16="I",2,IF(BJ16="B",4,IF(BJ16="E",5)))) -> 4 | BL16: B | BM16: =IF(BL16="M",0,IF(BL16="I",2,IF(BL16="B",4,IF(BL16="E",5)))) -> 4 | BN16: B | BO16: =IF(BN16="M",0,IF(BN16="I",2,IF(BN16="B",4,IF(BN16="E",5)))) -> 4 | BP16: I | BQ16: =IF(BP16="M",0,IF(BP16="I",2,IF(BP16="B",4,IF(BP16="E",5)))) -> 2 | BR16: I | BS16: =IF(BR16="M",0,IF(BR16="I",2,IF(BR16="B",4,IF(BR16="E",5)))) -> 2 | BT16: I | BU16: =IF(BT16="M",0,IF(BT16="I",2,IF(BT16="B",4,IF(BT16="E",5)))) -> 2 | BV16: B | BW16: =IF(BV16="M",0,IF(BV16="I",2,IF(BV16="B",4,IF(BV16="E",5)))) -> 4 | BX16: B | BY16: =IF(BX16="M",0,IF(BX16="I",2,IF(BX16="B",4,IF(BX16="E",5)))) -> 4 | BZ16: I | CA16: =IF(BZ16="M",0,IF(BZ16="I",2,IF(BZ16="B",4,IF(BZ16="E",5)))) -> 2 | CB16: I | CC16: =IF(CB16="M",0,IF(CB16="I",2,IF(CB16="B",4,IF(CB16="E",5)))) -> 2 | CD16: B | CE16: =IF(CD16="M",0,IF(CD16="I",2,IF(CD16="B",4,IF(CD16="E",5)))) -> 4 | CF16: I | CG16: =IF(CF16="M",0,IF(CF16="I",2,IF(CF16="B",4,IF(CF16="E",5)))) -> 2 | CH16: I | CI16: =IF(CH16="M",0,IF(CH16="I",2,IF(CH16="B",4,IF(CH16="E",5)))) -> 2 | CJ16: M | CK16: =IF(CJ16="M",0,IF(CJ16="I",2,IF(CJ16="B",4,IF(CJ16="E",5)))) -> 0 | CL16: B | CM16: =IF(CL16="M",0,IF(CL16="I",2,IF(CL16="B",4,IF(CL16="E",5)))) -> 4 | CN16: B | CO16: =IF(CN16="M",0,IF(CN16="I",2,IF(CN16="B",4,IF(CN16="E",5)))) -> 4 | CP16: B | CQ16: =IF(CP16="M",0,IF(CP16="I",2,IF(CP16="B",4,IF(CP16="E",5)))) -> 4 | CR16: B | CS16: =IF(CR16="M",0,IF(CR16="I",2,IF(CR16="B",4,IF(CR16="E",5)))) -> 4 | CT16: I | CU16: =IF(CT16="M",0,IF(CT16="I",2,IF(CT16="B",4,IF(CT16="E",5)))) -> 2 | CV16: I | CW16: =IF(CV16="M",0,IF(CV16="I",2,IF(CV16="B",4,IF(CV16="E",5)))) -> 2 | CX16: I | CY16: =IF(CX16="M",0,IF(CX16="I",2,IF(CX16="B",4,IF(CX16="E",5)))) -> 2 | CZ16: I | DA16: =IF(CZ16="M",0,IF(CZ16="I",2,IF(CZ16="B",4,IF(CZ16="E",5)))) -> 2 | DB16: M | DC16: =IF(DB16="M",0,IF(DB16="I",2,IF(DB16="B",4,IF(DB16="E",5)))) -> 0 | DD16: M | DE16: =IF(DD16="M",0,IF(DD16="I",2,IF(DD16="B",4,IF(DD16="E",5)))) -> 0 | DF16: I | DG16: =IF(DF16="M",0,IF(DF16="I",2,IF(DF16="B",4,IF(DF16="E",5)))) -> 2 | DH16: B | DI16: =IF(DH16="M",0,IF(DH16="I",2,IF(DH16="B",4,IF(DH16="E",5)))) -> 4 | DJ16: I | DK16: =IF(DJ16="M",0,IF(DJ16="I",2,IF(DJ16="B",4,IF(DJ16="E",5)))) -> 2 | DL16: I | DM16: =IF(DL16="M",0,IF(DL16="I",2,IF(DL16="B",4,IF(DL16="E",5)))) -> 2 | DN16: B | DO16: =IF(DN16="M",0,IF(DN16="I",2,IF(DN16="B",4,IF(DN16="E",5)))) -> 4 | DP16: M | DQ16: =IF(DP16="M",0,IF(DP16="I",2,IF(DP16="B",4,IF(DP16="E",5)))) -> 0 | DR16: I | DS16: =IF(DR16="M",0,IF(DR16="I",2,IF(DR16="B",4,IF(DR16="E",5)))) -> 2 | DT16: B | DU16: =IF(DT16="M",0,IF(DT16="I",2,IF(DT16="B",4,IF(DT16="E",5)))) -> 4 | DV16: B | DW16: =IF(DV16="M",0,IF(DV16="I",2,IF(DV16="B",4,IF(DV16="E",5)))) -> 4 | DX16: B | DY16: =IF(DX16="M",0,IF(DX16="I",2,IF(DX16="B",4,IF(DX16="E",5)))) -> 4 | DZ16: B | EA16: =IF(DZ16="M",0,IF(DZ16="I",2,IF(DZ16="B",4,IF(DZ16="E",5)))) -> 4 | EB16: M | EC16: =IF(EB16="M",0,IF(EB16="I",2,IF(EB16="B",4,IF(EB16="E",5)))) -> 0 | ED16: B | EE16: =IF(ED16="M",0,IF(ED16="I",2,IF(ED16="B",4,IF(ED16="E",5)))) -> 4 | EF16: B | EG16: =IF(EF16="M",0,IF(EF16="I",2,IF(EF16="B",4,IF(EF16="E",5)))) -> 4 | EH16: I | EI16: =IF(EH16="M",0,IF(EH16="I",2,IF(EH16="B",4,IF(EH16="E",5)))) -> 2 | EJ16: I | EK16: =IF(EJ16="M",0,IF(EJ16="I",2,IF(EJ16="B",4,IF(EJ16="E",5)))) -> 2 | EL16: B | EM16: =IF(EL16="M",0,IF(EL16="I",2,IF(EL16="B",4,IF(EL16="E",5)))) -> 4 | EN16: M | EO16: =IF(EN16="M",0,IF(EN16="I",2,IF(EN16="B",4,IF(EN16="E",5)))) -> 0 | EP16: M | EQ16: =IF(EP16="M",0,IF(EP16="I",2,IF(EP16="B",4,IF(EP16="E",5)))) -> 0 | ER16: =+SUM(F16:EQ16) -> 202 | ES16: =+ER16/$EV$1 -> 0.56901408 | ET16: =IF(ES16>60%,"Autonome","Non Autonome") -> Non Autonome | EU16: =1&"/"&MONTH(D16)&"/"&YEAR(D16) -> 1/6/2018
... A78: MAGHTALAHJAR | B78: PS Menhar | C78: Aichetou/ Med | D78: 43278 | E78: Abou Abdoulaye Sow | F78: B | G78: =IF(F78="M",0,IF(F78="I",2,IF(F78="B",4,IF(F78="E",5)))) -> 4 | H78: B | I78: =IF(H78="M",0,IF(H78="I",2,IF(H78="B",4,IF(H78="E",5)))) -> 4 | J78: B | K78: =IF(J78="M",0,IF(J78="I",2,IF(J78="B",4,IF(J78="E",5)))) -> 4 | L78: B | M78: =IF(L78="M",0,IF(L78="I",2,IF(L78="B",4,IF(L78="E",5)))) -> 4 | N78: B | O78: =IF(N78="M",0,IF(N78="I",2,IF(N78="B",4,IF(N78="E",5)))) -> 4 | P78: B | Q78: =IF(P78="M",0,IF(P78="I",2,IF(P78="B",4,IF(P78="E",5)))) -> 4 | R78: B | S78: =IF(R78="M",0,IF(R78="I",2,IF(R78="B",4,IF(R78="E",5)))) -> 4 | T78: B | U78: =IF(T78="M",0,IF(T78="I",2,IF(T78="B",4,IF(T78="E",5)))) -> 4 | V78: B | W78: =IF(V78="M",0,IF(V78="I",2,IF(V78="B",4,IF(V78="E",5)))) -> 4 | X78: B | Y78: =IF(X78="M",0,IF(X78="I",2,IF(X78="B",4,IF(X78="E",5)))) -> 4 | Z78: B | AA78: =IF(Z78="M",0,IF(Z78="I",2,IF(Z78="B",4,IF(Z78="E",5)))) -> 4 | AB78: I | AC78: =IF(AB78="M",0,IF(AB78="I",2,IF(AB78="B",4,IF(AB78="E",5)))) -> 2 | AD78: B | AE78: =IF(AD78="M",0,IF(AD78="I",2,IF(AD78="B",4,IF(AD78="E",5)))) -> 4 | AF78: B | AG78: =IF(AF78="M",0,IF(AF78="I",2,IF(AF78="B",4,IF(AF78="E",5)))) -> 4 | AH78: B | AI78: =IF(AH78="M",0,IF(AH78="I",2,IF(AH78="B",4,IF(AH78="E",5)))) -> 4 | AJ78: B | AK78: =IF(AJ78="M",0,IF(AJ78="I",2,IF(AJ78="B",4,IF(AJ78="E",5)))) -> 4 | AL78: B | AM78: =IF(AL78="M",0,IF(AL78="I",2,IF(AL78="B",4,IF(AL78="E",5)))) -> 4 | AN78: B | AO78: =IF(AN78="M",0,IF(AN78="I",2,IF(AN78="B",4,IF(AN78="E",5)))) -> 4 | AP78: B | AQ78: =IF(AP78="M",0,IF(AP78="I",2,IF(AP78="B",4,IF(AP78="E",5)))) -> 4 | AR78: B | AS78: =IF(AR78="M",0,IF(AR78="I",2,IF(AR78="B",4,IF(AR78="E",5)))) -> 4 | AT78: B | AU78: =IF(AT78="M",0,IF(AT78="I",2,IF(AT78="B",4,IF(AT78="E",5)))) -> 4 | AV78: B | AW78: =IF(AV78="M",0,IF(AV78="I",2,IF(AV78="B",4,IF(AV78="E",5)))) -> 4 | AX78: B | AY78: =IF(AX78="M",0,IF(AX78="I",2,IF(AX78="B",4,IF(AX78="E",5)))) -> 4 | AZ78: B | BA78: =IF(AZ78="M",0,IF(AZ78="I",2,IF(AZ78="B",4,IF(AZ78="E",5)))) -> 4 | BB78: B | BC78: =IF(BB78="M",0,IF(BB78="I",2,IF(BB78="B",4,IF(BB78="E",5)))) -> 4 | BD78: B | BE78: =IF(BD78="M",0,IF(BD78="I",2,IF(BD78="B",4,IF(BD78="E",5)))) -> 4 | BF78: B | BG78: =IF(BF78="M",0,IF(BF78="I",2,IF(BF78="B",4,IF(BF78="E",5)))) -> 4 | BH78: B | BI78: =IF(BH78="M",0,IF(BH78="I",2,IF(BH78="B",4,IF(BH78="E",5)))) -> 4 | BJ78: B | BK78: =IF(BJ78="M",0,IF(BJ78="I",2,IF(BJ78="B",4,IF(BJ78="E",5)))) -> 4 | BL78: B | BM78: =IF(BL78="M",0,IF(BL78="I",2,IF(BL78="B",4,IF(BL78="E",5)))) -> 4 | BN78: B | BO78: =IF(BN78="M",0,IF(BN78="I",2,IF(BN78="B",4,IF(BN78="E",5)))) -> 4 | BP78: M | BQ78: =IF(BP78="M",0,IF(BP78="I",2,IF(BP78="B",4,IF(BP78="E",5)))) -> 0 | BR78: B | BS78: =IF(BR78="M",0,IF(BR78="I",2,IF(BR78="B",4,IF(BR78="E",5)))) -> 4 | BT78: B | BU78: =IF(BT78="M",0,IF(BT78="I",2,IF(BT78="B",4,IF(BT78="E",5)))) -> 4 | BV78: B | BW78: =IF(BV78="M",0,IF(BV78="I",2,IF(BV78="B",4,IF(BV78="E",5)))) -> 4 | BX78: B | BY78: =IF(BX78="M",0,IF(BX78="I",2,IF(BX78="B",4,IF(BX78="E",5)))) -> 4 | BZ78: B | CA78: =IF(BZ78="M",0,IF(BZ78="I",2,IF(BZ78="B",4,IF(BZ78="E",5)))) -> 4 | CB78: B | CC78: =IF(CB78="M",0,IF(CB78="I",2,IF(CB78="B",4,IF(CB78="E",5)))) -> 4 | CD78: B | CE78: =IF(CD78="M",0,IF(CD78="I",2,IF(CD78="B",4,IF(CD78="E",5)))) -> 4 | CF78: B | CG78: =IF(CF78="M",0,IF(CF78="I",2,IF(CF78="B",4,IF(CF78="E",5)))) -> 4 | CH78: B | CI78: =IF(CH78="M",0,IF(CH78="I",2,IF(CH78="B",4,IF(CH78="E",5)))) -> 4 | CJ78: M | CK78: =IF(CJ78="M",0,IF(CJ78="I",2,IF(CJ78="B",4,IF(CJ78="E",5)))) -> 0 | CL78: B | CM78: =IF(CL78="M",0,IF(CL78="I",2,IF(CL78="B",4,IF(CL78="E",5)))) -> 4 | CN78: B | CO78: =IF(CN78="M",0,IF(CN78="I",2,IF(CN78="B",4,IF(CN78="E",5)))) -> 4 | CP78: B | CQ78: =IF(CP78="M",0,IF(CP78="I",2,IF(CP78="B",4,IF(CP78="E",5)))) -> 4 | CR78: B | CS78: =IF(CR78="M",0,IF(CR78="I",2,IF(CR78="B",4,IF(CR78="E",5)))) -> 4 | CT78: B | CU78: =IF(CT78="M",0,IF(CT78="I",2,IF(CT78="B",4,IF(CT78="E",5)))) -> 4 | CV78: B | CW78: =IF(CV78="M",0,IF(CV78="I",2,IF(CV78="B",4,IF(CV78="E",5)))) -> 4 | CX78: B | CY78: =IF(CX78="M",0,IF(CX78="I",2,IF(CX78="B",4,IF(CX78="E",5)))) -> 4 | CZ78: B | DA78: =IF(CZ78="M",0,IF(CZ78="I",2,IF(CZ78="B",4,IF(CZ78="E",5)))) -> 4 | DB78: B | DC78: =IF(DB78="M",0,IF(DB78="I",2,IF(DB78="B",4,IF(DB78="E",5)))) -> 4 | DD78: E | DE78: =IF(DD78="M",0,IF(DD78="I",2,IF(DD78="B",4,IF(DD78="E",5)))) -> 5 | DF78: B | DG78: =IF(DF78="M",0,IF(DF78="I",2,IF(DF78="B",4,IF(DF78="E",5)))) -> 4 | DH78: B | DI78: =IF(DH78="M",0,IF(DH78="I",2,IF(DH78="B",4,IF(DH78="E",5)))) -> 4 | DJ78: B | DK78: =IF(DJ78="M",0,IF(DJ78="I",2,IF(DJ78="B",4,IF(DJ78="E",5)))) -> 4 | DL78: B | DM78: =IF(DL78="M",0,IF(DL78="I",2,IF(DL78="B",4,IF(DL78="E",5)))) -> 4 | DN78: B | DO78: =IF(DN78="M",0,IF(DN78="I",2,IF(DN78="B",4,IF(DN78="E",5)))) -> 4 | DP78: M | DQ78: =IF(DP78="M",0,IF(DP78="I",2,IF(DP78="B",4,IF(DP78="E",5)))) -> 0 | DR78: B | DS78: =IF(DR78="M",0,IF(DR78="I",2,IF(DR78="B",4,IF(DR78="E",5)))) -> 4 | DT78: B | DU78: =IF(DT78="M",0,IF(DT78="I",2,IF(DT78="B",4,IF(DT78="E",5)))) -> 4 | DV78: M | DW78: =IF(DV78="M",0,IF(DV78="I",2,IF(DV78="B",4,IF(DV78="E",5)))) -> 0 | DX78: B | DY78: =IF(DX78="M",0,IF(DX78="I",2,IF(DX78="B",4,IF(DX78="E",5)))) -> 4 | DZ78: B | EA78: =IF(DZ78="M",0,IF(DZ78="I",2,IF(DZ78="B",4,IF(DZ78="E",5)))) -> 4 | EB78: M | EC78: =IF(EB78="M",0,IF(EB78="I",2,IF(EB78="B",4,IF(EB78="E",5)))) -> 0 | ED78: I | EE78: =IF(ED78="M",0,IF(ED78="I",2,IF(ED78="B",4,IF(ED78="E",5)))) -> 2 | EF78: B | EG78: =IF(EF78="M",0,IF(EF78="I",2,IF(EF78="B",4,IF(EF78="E",5)))) -> 4 | EH78: B | EI78: =IF(EH78="M",0,IF(EH78="I",2,IF(EH78="B",4,IF(EH78="E",5)))) -> 4 | EJ78: M | EK78: =IF(EJ78="M",0,IF(EJ78="I",2,IF(EJ78="B",4,IF(EJ78="E",5)))) -> 0 | EL78: M | EM78: =IF(EL78="M",0,IF(EL78="I",2,IF(EL78="B",4,IF(EL78="E",5)))) -> 0 | EN78: M | EO78: =IF(EN78="M",0,IF(EN78="I",2,IF(EN78="B",4,IF(EN78="E",5)))) -> 0 | EP78: I | EQ78: =IF(EP78="M",0,IF(EP78="I",2,IF(EP78="B",4,IF(EP78="E",5)))) -> 2 | ER78: =+SUM(F78:EQ78) -> 247 | ES78: =+ER78/$EV$1 -> 0.69577465 | ET78: =IF(ES78>60%,"Autonome","Non Autonome") -> Autonome | EU78: =1&"/"&MONTH(D78)&"/"&YEAR(D78) -> 1/6/2018
A79: BOGHE | B79: PS Waboundé | C79: Aminata Hamidou Barry | D79: 43311 | E79: Daouda Aboubakri Diop | F79: E | G79: =IF(F79="M",0,IF(F79="I",2,IF(F79="B",4,IF(F79="E",5)))) -> 5 | H79: I | I79: =IF(H79="M",0,IF(H79="I",2,IF(H79="B",4,IF(H79="E",5)))) -> 2 | J79: I | K79: =IF(J79="M",0,IF(J79="I",2,IF(J79="B",4,IF(J79="E",5)))) -> 2 | L79: B | M79: =IF(L79="M",0,IF(L79="I",2,IF(L79="B",4,IF(L79="E",5)))) -> 4 | N79: B | O79: =IF(N79="M",0,IF(N79="I",2,IF(N79="B",4,IF(N79="E",5)))) -> 4 | P79: I | Q79: =IF(P79="M",0,IF(P79="I",2,IF(P79="B",4,IF(P79="E",5)))) -> 2 | R79: I | S79: =IF(R79="M",0,IF(R79="I",2,IF(R79="B",4,IF(R79="E",5)))) -> 2 | T79: M | U79: =IF(T79="M",0,IF(T79="I",2,IF(T79="B",4,IF(T79="E",5)))) -> 0 | V79: B | W79: =IF(V79="M",0,IF(V79="I",2,IF(V79="B",4,IF(V79="E",5)))) -> 4 | X79: I | Y79: =IF(X79="M",0,IF(X79="I",2,IF(X79="B",4,IF(X79="E",5)))) -> 2 | Z79: I | AA79: =IF(Z79="M",0,IF(Z79="I",2,IF(Z79="B",4,IF(Z79="E",5)))) -> 2 | AB79: I | AC79: =IF(AB79="M",0,IF(AB79="I",2,IF(AB79="B",4,IF(AB79="E",5)))) -> 2 | AD79: B | AE79: =IF(AD79="M",0,IF(AD79="I",2,IF(AD79="B",4,IF(AD79="E",5)))) -> 4 | AF79: I | AG79: =IF(AF79="M",0,IF(AF79="I",2,IF(AF79="B",4,IF(AF79="E",5)))) -> 2 | AH79: B | AI79: =IF(AH79="M",0,IF(AH79="I",2,IF(AH79="B",4,IF(AH79="E",5)))) -> 4 | AJ79: B | AK79: =IF(AJ79="M",0,IF(AJ79="I",2,IF(AJ79="B",4,IF(AJ79="E",5)))) -> 4 | AL79: I | AM79: =IF(AL79="M",0,IF(AL79="I",2,IF(AL79="B",4,IF(AL79="E",5)))) -> 2 | AN79: B | AO79: =IF(AN79="M",0,IF(AN79="I",2,IF(AN79="B",4,IF(AN79="E",5)))) -> 4 | AP79: B | AQ79: =IF(AP79="M",0,IF(AP79="I",2,IF(AP79="B",4,IF(AP79="E",5)))) -> 4 | AR79: I | AS79: =IF(AR79="M",0,IF(AR79="I",2,IF(AR79="B",4,IF(AR79="E",5)))) -> 2 | AT79: I | AU79: =IF(AT79="M",0,IF(AT79="I",2,IF(AT79="B",4,IF(AT79="E",5)))) -> 2 | AV79: B | AW79: =IF(AV79="M",0,IF(AV79="I",2,IF(AV79="B",4,IF(AV79="E",5)))) -> 4 | AX79: I | AY79: =IF(AX79="M",0,IF(AX79="I",2,IF(AX79="B",4,IF(AX79="E",5)))) -> 2 | AZ79: B | BA79: =IF(AZ79="M",0,IF(AZ79="I",2,IF(AZ79="B",4,IF(AZ79="E",5)))) -> 4 | BB79: B | BC79: =IF(BB79="M",0,IF(BB79="I",2,IF(BB79="B",4,IF(BB79="E",5)))) -> 4 | BD79: B | BE79: =IF(BD79="M",0,IF(BD79="I",2,IF(BD79="B",4,IF(BD79="E",5)))) -> 4 | BF79: B | BG79: =IF(BF79="M",0,IF(BF79="I",2,IF(BF79="B",4,IF(BF79="E",5)))) -> 4 | BH79: I | BI79: =IF(BH79="M",0,IF(BH79="I",2,IF(BH79="B",4,IF(BH79="E",5)))) -> 2 | BJ79: B | BK79: =IF(BJ79="M",0,IF(BJ79="I",2,IF(BJ79="B",4,IF(BJ79="E",5)))) -> 4 | BL79: B | BM79: =IF(BL79="M",0,IF(BL79="I",2,IF(BL79="B",4,IF(BL79="E",5)))) -> 4 | BN79: B | BO79: =IF(BN79="M",0,IF(BN79="I",2,IF(BN79="B",4,IF(BN79="E",5)))) -> 4 | BP79: B | BQ79: =IF(BP79="M",0,IF(BP79="I",2,IF(BP79="B",4,IF(BP79="E",5)))) -> 4 | BR79: B | BS79: =IF(BR79="M",0,IF(BR79="I",2,IF(BR79="B",4,IF(BR79="E",5)))) -> 4 | BT79: I | BU79: =IF(BT79="M",0,IF(BT79="I",2,IF(BT79="B",4,IF(BT79="E",5)))) -> 2 | BV79: B | BW79: =IF(BV79="M",0,IF(BV79="I",2,IF(BV79="B",4,IF(BV79="E",5)))) -> 4 | BX79: B | BY79: =IF(BX79="M",0,IF(BX79="I",2,IF(BX79="B",4,IF(BX79="E",5)))) -> 4 | BZ79: B | CA79: =IF(BZ79="M",0,IF(BZ79="I",2,IF(BZ79="B",4,IF(BZ79="E",5)))) -> 4 | CB79: I | CC79: =IF(CB79="M",0,IF(CB79="I",2,IF(CB79="B",4,IF(CB79="E",5)))) -> 2 | CD79: B | CE79: =IF(CD79="M",0,IF(CD79="I",2,IF(CD79="B",4,IF(CD79="E",5)))) -> 4 | CF79: B | CG79: =IF(CF79="M",0,IF(CF79="I",2,IF(CF79="B",4,IF(CF79="E",5)))) -> 4 | CH79: B | CI79: =IF(CH79="M",0,IF(CH79="I",2,IF(CH79="B",4,IF(CH79="E",5)))) -> 4 | CJ79: I | CK79: =IF(CJ79="M",0,IF(CJ79="I",2,IF(CJ79="B",4,IF(CJ79="E",5)))) -> 2 | CL79: I | CM79: =IF(CL79="M",0,IF(CL79="I",2,IF(CL79="B",4,IF(CL79="E",5)))) -> 2 | CN79: B | CO79: =IF(CN79="M",0,IF(CN79="I",2,IF(CN79="B",4,IF(CN79="E",5)))) -> 4 | CP79: B | CQ79: =IF(CP79="M",0,IF(CP79="I",2,IF(CP79="B",4,IF(CP79="E",5)))) -> 4 | CR79: B | CS79: =IF(CR79="M",0,IF(CR79="I",2,IF(CR79="B",4,IF(CR79="E",5)))) -> 4 | CT79: B | CU79: =IF(CT79="M",0,IF(CT79="I",2,IF(CT79="B",4,IF(CT79="E",5)))) -> 4 | CV79: B | CW79: =IF(CV79="M",0,IF(CV79="I",2,IF(CV79="B",4,IF(CV79="E",5)))) -> 4 | CX79: B | CY79: =IF(CX79="M",0,IF(CX79="I",2,IF(CX79="B",4,IF(CX79="E",5)))) -> 4 | CZ79: B | DA79: =IF(CZ79="M",0,IF(CZ79="I",2,IF(CZ79="B",4,IF(CZ79="E",5)))) -> 4 | DB79: B | DC79: =IF(DB79="M",0,IF(DB79="I",2,IF(DB79="B",4,IF(DB79="E",5)))) -> 4 | DD79: I | DE79: =IF(DD79="M",0,IF(DD79="I",2,IF(DD79="B",4,IF(DD79="E",5)))) -> 2 | DF79: B | DG79: =IF(DF79="M",0,IF(DF79="I",2,IF(DF79="B",4,IF(DF79="E",5)))) -> 4 | DH79: B | DI79: =IF(DH79="M",0,IF(DH79="I",2,IF(DH79="B",4,IF(DH79="E",5)))) -> 4 | DJ79: I | DK79: =IF(DJ79="M",0,IF(DJ79="I",2,IF(DJ79="B",4,IF(DJ79="E",5)))) -> 2 | DL79: I | DM79: =IF(DL79="M",0,IF(DL79="I",2,IF(DL79="B",4,IF(DL79="E",5)))) -> 2 | DN79: B | DO79: =IF(DN79="M",0,IF(DN79="I",2,IF(DN79="B",4,IF(DN79="E",5)))) -> 4 | DP79: B | DQ79: =IF(DP79="M",0,IF(DP79="I",2,IF(DP79="B",4,IF(DP79="E",5)))) -> 4 | DR79: B | DS79: =IF(DR79="M",0,IF(DR79="I",2,IF(DR79="B",4,IF(DR79="E",5)))) -> 4 | DT79: I | DU79: =IF(DT79="M",0,IF(DT79="I",2,IF(DT79="B",4,IF(DT79="E",5)))) -> 2 | DV79: M | DW79: =IF(DV79="M",0,IF(DV79="I",2,IF(DV79="B",4,IF(DV79="E",5)))) -> 0 | DX79: B | DY79: =IF(DX79="M",0,IF(DX79="I",2,IF(DX79="B",4,IF(DX79="E",5)))) -> 4 | DZ79: B | EA79: =IF(DZ79="M",0,IF(DZ79="I",2,IF(DZ79="B",4,IF(DZ79="E",5)))) -> 4 | EB79: M | EC79: =IF(EB79="M",0,IF(EB79="I",2,IF(EB79="B",4,IF(EB79="E",5)))) -> 0 | ED79: B | EE79: =IF(ED79="M",0,IF(ED79="I",2,IF(ED79="B",4,IF(ED79="E",5)))) -> 4 | EF79: B | EG79: =IF(EF79="M",0,IF(EF79="I",2,IF(EF79="B",4,IF(EF79="E",5)))) -> 4 | EH79: B | EI79: =IF(EH79="M",0,IF(EH79="I",2,IF(EH79="B",4,IF(EH79="E",5)))) -> 4 | EJ79: B | EK79: =IF(EJ79="M",0,IF(EJ79="I",2,IF(EJ79="B",4,IF(EJ79="E",5)))) -> 4 | EL79: M | EM79: =IF(EL79="M",0,IF(EL79="I",2,IF(EL79="B",4,IF(EL79="E",5)))) -> 0 | EN79: B | EO79: =IF(EN79="M",0,IF(EN79="I",2,IF(EN79="B",4,IF(EN79="E",5)))) -> 4 | EP79: B | EQ79: =IF(EP79="M",0,IF(EP79="I",2,IF(EP79="B",4,IF(EP79="E",5)))) -> 4 | ER79: =+SUM(F79:EQ79) -> 227 | ES79: =+ER79/$EV$1 -> 0.63943662 | ET79: =IF(ES79>60%,"Autonome","Non Autonome") -> Autonome
A80: BABABE | B80: CS Bababe | C80: Gaye demba soumare | D80: 43312 | E80: Diou Abdoulaye | F80: E | G80: =IF(F80="M",0,IF(F80="I",2,IF(F80="B",4,IF(F80="E",5)))) -> 5 | H80: B | I80: =IF(H80="M",0,IF(H80="I",2,IF(H80="B",4,IF(H80="E",5)))) -> 4 | J80: B | K80: =IF(J80="M",0,IF(J80="I",2,IF(J80="B",4,IF(J80="E",5)))) -> 4 | L80: E | M80: =IF(L80="M",0,IF(L80="I",2,IF(L80="B",4,IF(L80="E",5)))) -> 5 | N80: E | O80: =IF(N80="M",0,IF(N80="I",2,IF(N80="B",4,IF(N80="E",5)))) -> 5 | P80: E | Q80: =IF(P80="M",0,IF(P80="I",2,IF(P80="B",4,IF(P80="E",5)))) -> 5 | R80: E | S80: =IF(R80="M",0,IF(R80="I",2,IF(R80="B",4,IF(R80="E",5)))) -> 5 | T80: E | U80: =IF(T80="M",0,IF(T80="I",2,IF(T80="B",4,IF(T80="E",5)))) -> 5 | V80: I | W80: =IF(V80="M",0,IF(V80="I",2,IF(V80="B",4,IF(V80="E",5)))) -> 2 | X80: I | Y80: =IF(X80="M",0,IF(X80="I",2,IF(X80="B",4,IF(X80="E",5)))) -> 2 | Z80: B | AA80: =IF(Z80="M",0,IF(Z80="I",2,IF(Z80="B",4,IF(Z80="E",5)))) -> 4 | AB80: M | AC80: =IF(AB80="M",0,IF(AB80="I",2,IF(AB80="B",4,IF(AB80="E",5)))) -> 0 | AD80: M | AE80: =IF(AD80="M",0,IF(AD80="I",2,IF(AD80="B",4,IF(AD80="E",5)))) -> 0 | AF80: B | AG80: =IF(AF80="M",0,IF(AF80="I",2,IF(AF80="B",4,IF(AF80="E",5)))) -> 4 | AH80: B | AI80: =IF(AH80="M",0,IF(AH80="I",2,IF(AH80="B",4,IF(AH80="E",5)))) -> 4 | AJ80: I | AK80: =IF(AJ80="M",0,IF(AJ80="I",2,IF(AJ80="B",4,IF(AJ80="E",5)))) -> 2 | AL80: B | AM80: =IF(AL80="M",0,IF(AL80="I",2,IF(AL80="B",4,IF(AL80="E",5)))) -> 4 | AN80: I | AO80: =IF(AN80="M",0,IF(AN80="I",2,IF(AN80="B",4,IF(AN80="E",5)))) -> 2 | AP80: E | AQ80: =IF(AP80="M",0,IF(AP80="I",2,IF(AP80="B",4,IF(AP80="E",5)))) -> 5 | AR80: E | AS80: =IF(AR80="M",0,IF(AR80="I",2,IF(AR80="B",4,IF(AR80="E",5)))) -> 5 | AT80: E | AU80: =IF(AT80="M",0,IF(AT80="I",2,IF(AT80="B",4,IF(AT80="E",5)))) -> 5 | AV80: B | AW80: =IF(AV80="M",0,IF(AV80="I",2,IF(AV80="B",4,IF(AV80="E",5)))) -> 4 | AX80: B | AY80: =IF(AX80="M",0,IF(AX80="I",2,IF(AX80="B",4,IF(AX80="E",5)))) -> 4 | AZ80: B | BA80: =IF(AZ80="M",0,IF(AZ80="I",2,IF(AZ80="B",4,IF(AZ80="E",5)))) -> 4 | BB80: B | BC80: =IF(BB80="M",0,IF(BB80="I",2,IF(BB80="B",4,IF(BB80="E",5)))) -> 4 | BD80: E | BE80: =IF(BD80="M",0,IF(BD80="I",2,IF(BD80="B",4,IF(BD80="E",5)))) -> 5 | BF80: B | BG80: =IF(BF80="M",0,IF(BF80="I",2,IF(BF80="B",4,IF(BF80="E",5)))) -> 4 | BH80: I | BI80: =IF(BH80="M",0,IF(BH80="I",2,IF(BH80="B",4,IF(BH80="E",5)))) -> 2 | BJ80: B | BK80: =IF(BJ80="M",0,IF(BJ80="I",2,IF(BJ80="B",4,IF(BJ80="E",5)))) -> 4 | BL80: B | BM80: =IF(BL80="M",0,IF(BL80="I",2,IF(BL80="B",4,IF(BL80="E",5)))) -> 4 | BN80: B | BO80: =IF(BN80="M",0,IF(BN80="I",2,IF(BN80="B",4,IF(BN80="E",5)))) -> 4 | BP80: B | BQ80: =IF(BP80="M",0,IF(BP80="I",2,IF(BP80="B",4,IF(BP80="E",5)))) -> 4 | BR80: B | BS80: =IF(BR80="M",0,IF(BR80="I",2,IF(BR80="B",4,IF(BR80="E",5)))) -> 4 | BT80: B | BU80: =IF(BT80="M",0,IF(BT80="I",2,IF(BT80="B",4,IF(BT80="E",5)))) -> 4 | BV80: B | BW80: =IF(BV80="M",0,IF(BV80="I",2,IF(BV80="B",4,IF(BV80="E",5)))) -> 4 | BX80: B | BY80: =IF(BX80="M",0,IF(BX80="I",2,IF(BX80="B",4,IF(BX80="E",5)))) -> 4 | BZ80: B | CA80: =IF(BZ80="M",0,IF(BZ80="I",2,IF(BZ80="B",4,IF(BZ80="E",5)))) -> 4 | CB80: E | CC80: =IF(CB80="M",0,IF(CB80="I",2,IF(CB80="B",4,IF(CB80="E",5)))) -> 5 | CD80: E | CE80: =IF(CD80="M",0,IF(CD80="I",2,IF(CD80="B",4,IF(CD80="E",5)))) -> 5 | CF80: B | CG80: =IF(CF80="M",0,IF(CF80="I",2,IF(CF80="B",4,IF(CF80="E",5)))) -> 4 | CH80: I | CI80: =IF(CH80="M",0,IF(CH80="I",2,IF(CH80="B",4,IF(CH80="E",5)))) -> 2 | CJ80: I | CK80: =IF(CJ80="M",0,IF(CJ80="I",2,IF(CJ80="B",4,IF(CJ80="E",5)))) -> 2 | CL80: B | CM80: =IF(CL80="M",0,IF(CL80="I",2,IF(CL80="B",4,IF(CL80="E",5)))) -> 4 | CN80: B | CO80: =IF(CN80="M",0,IF(CN80="I",2,IF(CN80="B",4,IF(CN80="E",5)))) -> 4 | CP80: E | CQ80: =IF(CP80="M",0,IF(CP80="I",2,IF(CP80="B",4,IF(CP80="E",5)))) -> 5 | CR80: B | CS80: =IF(CR80="M",0,IF(CR80="I",2,IF(CR80="B",4,IF(CR80="E",5)))) -> 4 | CT80: E | CU80: =IF(CT80="M",0,IF(CT80="I",2,IF(CT80="B",4,IF(CT80="E",5)))) -> 5 | CV80: B | CW80: =IF(CV80="M",0,IF(CV80="I",2,IF(CV80="B",4,IF(CV80="E",5)))) -> 4 | CX80: E | CY80: =IF(CX80="M",0,IF(CX80="I",2,IF(CX80="B",4,IF(CX80="E",5)))) -> 5 | CZ80: E | DA80: =IF(CZ80="M",0,IF(CZ80="I",2,IF(CZ80="B",4,IF(CZ80="E",5)))) -> 5 | DB80: B | DC80: =IF(DB80="M",0,IF(DB80="I",2,IF(DB80="B",4,IF(DB80="E",5)))) -> 4 | DD80: I | DE80: =IF(DD80="M",0,IF(DD80="I",2,IF(DD80="B",4,IF(DD80="E",5)))) -> 2 | DF80: E | DG80: =IF(DF80="M",0,IF(DF80="I",2,IF(DF80="B",4,IF(DF80="E",5)))) -> 5 | DH80: B | DI80: =IF(DH80="M",0,IF(DH80="I",2,IF(DH80="B",4,IF(DH80="E",5)))) -> 4 | DJ80: B | DK80: =IF(DJ80="M",0,IF(DJ80="I",2,IF(DJ80="B",4,IF(DJ80="E",5)))) -> 4 | DL80: E | DM80: =IF(DL80="M",0,IF(DL80="I",2,IF(DL80="B",4,IF(DL80="E",5)))) -> 5 | DN80: E | DO80: =IF(DN80="M",0,IF(DN80="I",2,IF(DN80="B",4,IF(DN80="E",5)))) -> 5 | DP80: B | DQ80: =IF(DP80="M",0,IF(DP80="I",2,IF(DP80="B",4,IF(DP80="E",5)))) -> 4 | DR80: B | DS80: =IF(DR80="M",0,IF(DR80="I",2,IF(DR80="B",4,IF(DR80="E",5)))) -> 4 | DT80: E | DU80: =IF(DT80="M",0,IF(DT80="I",2,IF(DT80="B",4,IF(DT80="E",5)))) -> 5 | DV80: M | DW80: =IF(DV80="M",0,IF(DV80="I",2,IF(DV80="B",4,IF(DV80="E",5)))) -> 0 | DX80: M | DY80: =IF(DX80="M",0,IF(DX80="I",2,IF(DX80="B",4,IF(DX80="E",5)))) -> 0 | DZ80: I | EA80: =IF(DZ80="M",0,IF(DZ80="I",2,IF(DZ80="B",4,IF(DZ80="E",5)))) -> 2 | EB80: B | EC80: =IF(EB80="M",0,IF(EB80="I",2,IF(EB80="B",4,IF(EB80="E",5)))) -> 4 | ED80: B | EE80: =IF(ED80="M",0,IF(ED80="I",2,IF(ED80="B",4,IF(ED80="E",5)))) -> 4 | EF80: M | EG80: =IF(EF80="M",0,IF(EF80="I",2,IF(EF80="B",4,IF(EF80="E",5)))) -> 0 | EH80: E | EI80: =IF(EH80="M",0,IF(EH80="I",2,IF(EH80="B",4,IF(EH80="E",5)))) -> 5 | EJ80: M | EK80: =IF(EJ80="M",0,IF(EJ80="I",2,IF(EJ80="B",4,IF(EJ80="E",5)))) -> 0 | EL80: M | EM80: =IF(EL80="M",0,IF(EL80="I",2,IF(EL80="B",4,IF(EL80="E",5)))) -> 0 | EN80: M | EO80: =IF(EN80="M",0,IF(EN80="I",2,IF(EN80="B",4,IF(EN80="E",5)))) -> 0 | EP80: E | EQ80: =IF(EP80="M",0,IF(EP80="I",2,IF(EP80="B",4,IF(EP80="E",5)))) -> 5 | ER80: =+SUM(F80:EQ80) -> 256 | ES80: =+ER80/$EV$1 -> 0.72112676 | ET80: =IF(ES80>60%,"Autonome","Non Autonome") -> Autonome
A81: BABABE | B81: PS Fondé | C81: Gaye demba soumare | D81: 43312 | E81: Diou Abdoulaye | F81: E | G81: =IF(F81="M",0,IF(F81="I",2,IF(F81="B",4,IF(F81="E",5)))) -> 5 | H81: E | I81: =IF(H81="M",0,IF(H81="I",2,IF(H81="B",4,IF(H81="E",5)))) -> 5 | J81: B | K81: =IF(J81="M",0,IF(J81="I",2,IF(J81="B",4,IF(J81="E",5)))) -> 4 | L81: E | M81: =IF(L81="M",0,IF(L81="I",2,IF(L81="B",4,IF(L81="E",5)))) -> 5 | N81: E | O81: =IF(N81="M",0,IF(N81="I",2,IF(N81="B",4,IF(N81="E",5)))) -> 5 | P81: I | Q81: =IF(P81="M",0,IF(P81="I",2,IF(P81="B",4,IF(P81="E",5)))) -> 2 | R81: E | S81: =IF(R81="M",0,IF(R81="I",2,IF(R81="B",4,IF(R81="E",5)))) -> 5 | T81: M | U81: =IF(T81="M",0,IF(T81="I",2,IF(T81="B",4,IF(T81="E",5)))) -> 0 | V81: I | W81: =IF(V81="M",0,IF(V81="I",2,IF(V81="B",4,IF(V81="E",5)))) -> 2 | X81: B | Y81: =IF(X81="M",0,IF(X81="I",2,IF(X81="B",4,IF(X81="E",5)))) -> 4 | Z81: I | AA81: =IF(Z81="M",0,IF(Z81="I",2,IF(Z81="B",4,IF(Z81="E",5)))) -> 2 | AB81: B | AC81: =IF(AB81="M",0,IF(AB81="I",2,IF(AB81="B",4,IF(AB81="E",5)))) -> 4 | AD81: E | AE81: =IF(AD81="M",0,IF(AD81="I",2,IF(AD81="B",4,IF(AD81="E",5)))) -> 5 | AF81: E | AG81: =IF(AF81="M",0,IF(AF81="I",2,IF(AF81="B",4,IF(AF81="E",5)))) -> 5 | AH81: I | AI81: =IF(AH81="M",0,IF(AH81="I",2,IF(AH81="B",4,IF(AH81="E",5)))) -> 2 | AJ81: I | AK81: =IF(AJ81="M",0,IF(AJ81="I",2,IF(AJ81="B",4,IF(AJ81="E",5)))) -> 2 | AL81: B | AM81: =IF(AL81="M",0,IF(AL81="I",2,IF(AL81="B",4,IF(AL81="E",5)))) -> 4 | AN81: B | AO81: =IF(AN81="M",0,IF(AN81="I",2,IF(AN81="B",4,IF(AN81="E",5)))) -> 4 | AP81: E | AQ81: =IF(AP81="M",0,IF(AP81="I",2,IF(AP81="B",4,IF(AP81="E",5)))) -> 5 | AR81: E | AS81: =IF(AR81="M",0,IF(AR81="I",2,IF(AR81="B",4,IF(AR81="E",5)))) -> 5 | AT81: E | AU81: =IF(AT81="M",0,IF(AT81="I",2,IF(AT81="B",4,IF(AT81="E",5)))) -> 5 | AV81: E | AW81: =IF(AV81="M",0,IF(AV81="I",2,IF(AV81="B",4,IF(AV81="E",5)))) -> 5 | AX81: B | AY81: =IF(AX81="M",0,IF(AX81="I",2,IF(AX81="B",4,IF(AX81="E",5)))) -> 4 | AZ81: B | BA81: =IF(AZ81="M",0,IF(AZ81="I",2,IF(AZ81="B",4,IF(AZ81="E",5)))) -> 4 | BB81: B | BC81: =IF(BB81="M",0,IF(BB81="I",2,IF(BB81="B",4,IF(BB81="E",5)))) -> 4 | BD81: I | BE81: =IF(BD81="M",0,IF(BD81="I",2,IF(BD81="B",4,IF(BD81="E",5)))) -> 2 | BF81: M | BG81: =IF(BF81="M",0,IF(BF81="I",2,IF(BF81="B",4,IF(BF81="E",5)))) -> 0 | BH81: M | BI81: =IF(BH81="M",0,IF(BH81="I",2,IF(BH81="B",4,IF(BH81="E",5)))) -> 0 | BJ81: B | BK81: =IF(BJ81="M",0,IF(BJ81="I",2,IF(BJ81="B",4,IF(BJ81="E",5)))) -> 4 | BL81: B | BM81: =IF(BL81="M",0,IF(BL81="I",2,IF(BL81="B",4,IF(BL81="E",5)))) -> 4 | BN81: B | BO81: =IF(BN81="M",0,IF(BN81="I",2,IF(BN81="B",4,IF(BN81="E",5)))) -> 4 | BP81: E | BQ81: =IF(BP81="M",0,IF(BP81="I",2,IF(BP81="B",4,IF(BP81="E",5)))) -> 5 | BR81: E | BS81: =IF(BR81="M",0,IF(BR81="I",2,IF(BR81="B",4,IF(BR81="E",5)))) -> 5 | BT81: E | BU81: =IF(BT81="M",0,IF(BT81="I",2,IF(BT81="B",4,IF(BT81="E",5)))) -> 5 | BV81: B | BW81: =IF(BV81="M",0,IF(BV81="I",2,IF(BV81="B",4,IF(BV81="E",5)))) -> 4 | BX81: B | BY81: =IF(BX81="M",0,IF(BX81="I",2,IF(BX81="B",4,IF(BX81="E",5)))) -> 4 | BZ81: B | CA81: =IF(BZ81="M",0,IF(BZ81="I",2,IF(BZ81="B",4,IF(BZ81="E",5)))) -> 4 | CB81: B | CC81: =IF(CB81="M",0,IF(CB81="I",2,IF(CB81="B",4,IF(CB81="E",5)))) -> 4 | CD81: E | CE81: =IF(CD81="M",0,IF(CD81="I",2,IF(CD81="B",4,IF(CD81="E",5)))) -> 5 | CF81: M | CG81: =IF(CF81="M",0,IF(CF81="I",2,IF(CF81="B",4,IF(CF81="E",5)))) -> 0 | CH81: M | CI81: =IF(CH81="M",0,IF(CH81="I",2,IF(CH81="B",4,IF(CH81="E",5)))) -> 0 | CJ81: I | CK81: =IF(CJ81="M",0,IF(CJ81="I",2,IF(CJ81="B",4,IF(CJ81="E",5)))) -> 2 | CL81: B | CM81: =IF(CL81="M",0,IF(CL81="I",2,IF(CL81="B",4,IF(CL81="E",5)))) -> 4 | CN81: I | CO81: =IF(CN81="M",0,IF(CN81="I",2,IF(CN81="B",4,IF(CN81="E",5)))) -> 2 | CP81: I | CQ81: =IF(CP81="M",0,IF(CP81="I",2,IF(CP81="B",4,IF(CP81="E",5)))) -> 2 | CR81: B | CS81: =IF(CR81="M",0,IF(CR81="I",2,IF(CR81="B",4,IF(CR81="E",5)))) -> 4 | CT81: E | CU81: =IF(CT81="M",0,IF(CT81="I",2,IF(CT81="B",4,IF(CT81="E",5)))) -> 5 | CV81: B | CW81: =IF(CV81="M",0,IF(CV81="I",2,IF(CV81="B",4,IF(CV81="E",5)))) -> 4 | CX81: B | CY81: =IF(CX81="M",0,IF(CX81="I",2,IF(CX81="B",4,IF(CX81="E",5)))) -> 4 | CZ81: E | DA81: =IF(CZ81="M",0,IF(CZ81="I",2,IF(CZ81="B",4,IF(CZ81="E",5)))) -> 5 | DB81: B | DC81: =IF(DB81="M",0,IF(DB81="I",2,IF(DB81="B",4,IF(DB81="E",5)))) -> 4 | DD81: I | DE81: =IF(DD81="M",0,IF(DD81="I",2,IF(DD81="B",4,IF(DD81="E",5)))) -> 2 | DF81: B | DG81: =IF(DF81="M",0,IF(DF81="I",2,IF(DF81="B",4,IF(DF81="E",5)))) -> 4 | DH81: B | DI81: =IF(DH81="M",0,IF(DH81="I",2,IF(DH81="B",4,IF(DH81="E",5)))) -> 4 | DJ81: E | DK81: =IF(DJ81="M",0,IF(DJ81="I",2,IF(DJ81="B",4,IF(DJ81="E",5)))) -> 5 | DL81: E | DM81: =IF(DL81="M",0,IF(DL81="I",2,IF(DL81="B",4,IF(DL81="E",5)))) -> 5 | DN81: B | DO81: =IF(DN81="M",0,IF(DN81="I",2,IF(DN81="B",4,IF(DN81="E",5)))) -> 4 | DP81: B | DQ81: =IF(DP81="M",0,IF(DP81="I",2,IF(DP81="B",4,IF(DP81="E",5)))) -> 4 | DR81: M | DS81: =IF(DR81="M",0,IF(DR81="I",2,IF(DR81="B",4,IF(DR81="E",5)))) -> 0 | DT81: I | DU81: =IF(DT81="M",0,IF(DT81="I",2,IF(DT81="B",4,IF(DT81="E",5)))) -> 2 | DV81: M | DW81: =IF(DV81="M",0,IF(DV81="I",2,IF(DV81="B",4,IF(DV81="E",5)))) -> 0 | DX81: I | DY81: =IF(DX81="M",0,IF(DX81="I",2,IF(DX81="B",4,IF(DX81="E",5)))) -> 2 | DZ81: B | EA81: =IF(DZ81="M",0,IF(DZ81="I",2,IF(DZ81="B",4,IF(DZ81="E",5)))) -> 4 | EB81: M | EC81: =IF(EB81="M",0,IF(EB81="I",2,IF(EB81="B",4,IF(EB81="E",5)))) -> 0 | ED81: E | EE81: =IF(ED81="M",0,IF(ED81="I",2,IF(ED81="B",4,IF(ED81="E",5)))) -> 5 | EF81: E | EG81: =IF(EF81="M",0,IF(EF81="I",2,IF(EF81="B",4,IF(EF81="E",5)))) -> 5 | EH81: E | EI81: =IF(EH81="M",0,IF(EH81="I",2,IF(EH81="B",4,IF(EH81="E",5)))) -> 5 | EJ81: M | EK81: =IF(EJ81="M",0,IF(EJ81="I",2,IF(EJ81="B",4,IF(EJ81="E",5)))) -> 0 | EL81: E | EM81: =IF(EL81="M",0,IF(EL81="I",2,IF(EL81="B",4,IF(EL81="E",5)))) -> 5 | EN81: B | EO81: =IF(EN81="M",0,IF(EN81="I",2,IF(EN81="B",4,IF(EN81="E",5)))) -> 4 | EP81: B | EQ81: =IF(EP81="M",0,IF(EP81="I",2,IF(EP81="B",4,IF(EP81="E",5)))) -> 4 | ER81: =+SUM(F81:EQ81) -> 247 | ES81: =+ER81/$EV$1 -> 0.69577465 | ET81: =IF(ES81>60%,"Autonome","Non Autonome") -> Autonome
A82: BABABE | B82: PS Abdalla Diérry | C82: Gaye demba soumare | D82: 43312 | E82: Diou abdoulaye | F82: E | G82: =IF(F82="M",0,IF(F82="I",2,IF(F82="B",4,IF(F82="E",5)))) -> 5 | H82: B | I82: =IF(H82="M",0,IF(H82="I",2,IF(H82="B",4,IF(H82="E",5)))) -> 4 | J82: E | K82: =IF(J82="M",0,IF(J82="I",2,IF(J82="B",4,IF(J82="E",5)))) -> 5 | L82: E | M82: =IF(L82="M",0,IF(L82="I",2,IF(L82="B",4,IF(L82="E",5)))) -> 5 | N82: E | O82: =IF(N82="M",0,IF(N82="I",2,IF(N82="B",4,IF(N82="E",5)))) -> 5 | P82: B | Q82: =IF(P82="M",0,IF(P82="I",2,IF(P82="B",4,IF(P82="E",5)))) -> 4 | R82: E | S82: =IF(R82="M",0,IF(R82="I",2,IF(R82="B",4,IF(R82="E",5)))) -> 5 | T82: E | U82: =IF(T82="M",0,IF(T82="I",2,IF(T82="B",4,IF(T82="E",5)))) -> 5 | V82: I | W82: =IF(V82="M",0,IF(V82="I",2,IF(V82="B",4,IF(V82="E",5)))) -> 2 | X82: B | Y82: =IF(X82="M",0,IF(X82="I",2,IF(X82="B",4,IF(X82="E",5)))) -> 4 | Z82: B | AA82: =IF(Z82="M",0,IF(Z82="I",2,IF(Z82="B",4,IF(Z82="E",5)))) -> 4 | AB82: I | AC82: =IF(AB82="M",0,IF(AB82="I",2,IF(AB82="B",4,IF(AB82="E",5)))) -> 2 | AD82: B | AE82: =IF(AD82="M",0,IF(AD82="I",2,IF(AD82="B",4,IF(AD82="E",5)))) -> 4 | AF82: B | AG82: =IF(AF82="M",0,IF(AF82="I",2,IF(AF82="B",4,IF(AF82="E",5)))) -> 4 | AH82: I | AI82: =IF(AH82="M",0,IF(AH82="I",2,IF(AH82="B",4,IF(AH82="E",5)))) -> 2 | AJ82: I | AK82: =IF(AJ82="M",0,IF(AJ82="I",2,IF(AJ82="B",4,IF(AJ82="E",5)))) -> 2 | AL82: I | AM82: =IF(AL82="M",0,IF(AL82="I",2,IF(AL82="B",4,IF(AL82="E",5)))) -> 2 | AN82: B | AO82: =IF(AN82="M",0,IF(AN82="I",2,IF(AN82="B",4,IF(AN82="E",5)))) -> 4 | AP82: B | AQ82: =IF(AP82="M",0,IF(AP82="I",2,IF(AP82="B",4,IF(AP82="E",5)))) -> 4 | AR82: E | AS82: =IF(AR82="M",0,IF(AR82="I",2,IF(AR82="B",4,IF(AR82="E",5)))) -> 5 | AT82: B | AU82: =IF(AT82="M",0,IF(AT82="I",2,IF(AT82="B",4,IF(AT82="E",5)))) -> 4 | AV82: B | AW82: =IF(AV82="M",0,IF(AV82="I",2,IF(AV82="B",4,IF(AV82="E",5)))) -> 4 | AX82: B | AY82: =IF(AX82="M",0,IF(AX82="I",2,IF(AX82="B",4,IF(AX82="E",5)))) -> 4 | AZ82: E | BA82: =IF(AZ82="M",0,IF(AZ82="I",2,IF(AZ82="B",4,IF(AZ82="E",5)))) -> 5 | BB82: B | BC82: =IF(BB82="M",0,IF(BB82="I",2,IF(BB82="B",4,IF(BB82="E",5)))) -> 4 | BD82: E | BE82: =IF(BD82="M",0,IF(BD82="I",2,IF(BD82="B",4,IF(BD82="E",5)))) -> 5 | BF82: B | BG82: =IF(BF82="M",0,IF(BF82="I",2,IF(BF82="B",4,IF(BF82="E",5)))) -> 4 | BH82: I | BI82: =IF(BH82="M",0,IF(BH82="I",2,IF(BH82="B",4,IF(BH82="E",5)))) -> 2 | BJ82: B | BK82: =IF(BJ82="M",0,IF(BJ82="I",2,IF(BJ82="B",4,IF(BJ82="E",5)))) -> 4 | BL82: B | BM82: =IF(BL82="M",0,IF(BL82="I",2,IF(BL82="B",4,IF(BL82="E",5)))) -> 4 | BN82: B | BO82: =IF(BN82="M",0,IF(BN82="I",2,IF(BN82="B",4,IF(BN82="E",5)))) -> 4 | BP82: B | BQ82: =IF(BP82="M",0,IF(BP82="I",2,IF(BP82="B",4,IF(BP82="E",5)))) -> 4 | BR82: B | BS82: =IF(BR82="M",0,IF(BR82="I",2,IF(BR82="B",4,IF(BR82="E",5)))) -> 4 | BT82: B | BU82: =IF(BT82="M",0,IF(BT82="I",2,IF(BT82="B",4,IF(BT82="E",5)))) -> 4 | BV82: B | BW82: =IF(BV82="M",0,IF(BV82="I",2,IF(BV82="B",4,IF(BV82="E",5)))) -> 4 | BX82: B | BY82: =IF(BX82="M",0,IF(BX82="I",2,IF(BX82="B",4,IF(BX82="E",5)))) -> 4 | BZ82: B | CA82: =IF(BZ82="M",0,IF(BZ82="I",2,IF(BZ82="B",4,IF(BZ82="E",5)))) -> 4 | CB82: E | CC82: =IF(CB82="M",0,IF(CB82="I",2,IF(CB82="B",4,IF(CB82="E",5)))) -> 5 | CD82: E | CE82: =IF(CD82="M",0,IF(CD82="I",2,IF(CD82="B",4,IF(CD82="E",5)))) -> 5 | CF82: M | CG82: =IF(CF82="M",0,IF(CF82="I",2,IF(CF82="B",4,IF(CF82="E",5)))) -> 0 | CH82: B | CI82: =IF(CH82="M",0,IF(CH82="I",2,IF(CH82="B",4,IF(CH82="E",5)))) -> 4 | CJ82: I | CK82: =IF(CJ82="M",0,IF(CJ82="I",2,IF(CJ82="B",4,IF(CJ82="E",5)))) -> 2 | CL82: B | CM82: =IF(CL82="M",0,IF(CL82="I",2,IF(CL82="B",4,IF(CL82="E",5)))) -> 4 | CN82: B | CO82: =IF(CN82="M",0,IF(CN82="I",2,IF(CN82="B",4,IF(CN82="E",5)))) -> 4 | CP82: B | CQ82: =IF(CP82="M",0,IF(CP82="I",2,IF(CP82="B",4,IF(CP82="E",5)))) -> 4 | CR82: E | CS82: =IF(CR82="M",0,IF(CR82="I",2,IF(CR82="B",4,IF(CR82="E",5)))) -> 5 | CT82: B | CU82: =IF(CT82="M",0,IF(CT82="I",2,IF(CT82="B",4,IF(CT82="E",5)))) -> 4 | CV82: B | CW82: =IF(CV82="M",0,IF(CV82="I",2,IF(CV82="B",4,IF(CV82="E",5)))) -> 4 | CX82: B | CY82: =IF(CX82="M",0,IF(CX82="I",2,IF(CX82="B",4,IF(CX82="E",5)))) -> 4 | CZ82: E | DA82: =IF(CZ82="M",0,IF(CZ82="I",2,IF(CZ82="B",4,IF(CZ82="E",5)))) -> 5 | DB82: B | DC82: =IF(DB82="M",0,IF(DB82="I",2,IF(DB82="B",4,IF(DB82="E",5)))) -> 4 | DD82: I | DE82: =IF(DD82="M",0,IF(DD82="I",2,IF(DD82="B",4,IF(DD82="E",5)))) -> 2 | DF82: B | DG82: =IF(DF82="M",0,IF(DF82="I",2,IF(DF82="B",4,IF(DF82="E",5)))) -> 4 | DH82: I | DI82: =IF(DH82="M",0,IF(DH82="I",2,IF(DH82="B",4,IF(DH82="E",5)))) -> 2 | DJ82: E | DK82: =IF(DJ82="M",0,IF(DJ82="I",2,IF(DJ82="B",4,IF(DJ82="E",5)))) -> 5 | DL82: B | DM82: =IF(DL82="M",0,IF(DL82="I",2,IF(DL82="B",4,IF(DL82="E",5)))) -> 4 | DN82: B | DO82: =IF(DN82="M",0,IF(DN82="I",2,IF(DN82="B",4,IF(DN82="E",5)))) -> 4 | DP82: I | DQ82: =IF(DP82="M",0,IF(DP82="I",2,IF(DP82="B",4,IF(DP82="E",5)))) -> 2 | DR82: E | DS82: =IF(DR82="M",0,IF(DR82="I",2,IF(DR82="B",4,IF(DR82="E",5)))) -> 5 | DT82: B | DU82: =IF(DT82="M",0,IF(DT82="I",2,IF(DT82="B",4,IF(DT82="E",5)))) -> 4 | DV82: M | DW82: =IF(DV82="M",0,IF(DV82="I",2,IF(DV82="B",4,IF(DV82="E",5)))) -> 0 | DX82: B | DY82: =IF(DX82="M",0,IF(DX82="I",2,IF(DX82="B",4,IF(DX82="E",5)))) -> 4 | DZ82: M | EA82: =IF(DZ82="M",0,IF(DZ82="I",2,IF(DZ82="B",4,IF(DZ82="E",5)))) -> 0 | EB82: M | EC82: =IF(EB82="M",0,IF(EB82="I",2,IF(EB82="B",4,IF(EB82="E",5)))) -> 0 | ED82: B | EE82: =IF(ED82="M",0,IF(ED82="I",2,IF(ED82="B",4,IF(ED82="E",5)))) -> 4 | EF82: B | EG82: =IF(EF82="M",0,IF(EF82="I",2,IF(EF82="B",4,IF(EF82="E",5)))) -> 4 | EH82: B | EI82: =IF(EH82="M",0,IF(EH82="I",2,IF(EH82="B",4,IF(EH82="E",5)))) -> 4 | EJ82: B | EK82: =IF(EJ82="M",0,IF(EJ82="I",2,IF(EJ82="B",4,IF(EJ82="E",5)))) -> 4 | EL82: B | EM82: =IF(EL82="M",0,IF(EL82="I",2,IF(EL82="B",4,IF(EL82="E",5)))) -> 4 | EN82: I | EO82: =IF(EN82="M",0,IF(EN82="I",2,IF(EN82="B",4,IF(EN82="E",5)))) -> 2 | EP82: B | EQ82: =IF(EP82="M",0,IF(EP82="I",2,IF(EP82="B",4,IF(EP82="E",5)))) -> 4 | ER82: =+SUM(F82:EQ82) -> 261 | ES82: =+ER82/$EV$1 -> 0.73521127 | ET82: =IF(ES82>60%,"Autonome","Non Autonome") -> Autonome
A83: BABABE | B83: PS Aere gollere | C83: Gaye demba soumare | D83: 43312 | E83: Diou abdoulaye | F83: E | G83: =IF(F83="M",0,IF(F83="I",2,IF(F83="B",4,IF(F83="E",5)))) -> 5 | H83: E | I83: =IF(H83="M",0,IF(H83="I",2,IF(H83="B",4,IF(H83="E",5)))) -> 5 | J83: E | K83: =IF(J83="M",0,IF(J83="I",2,IF(J83="B",4,IF(J83="E",5)))) -> 5 | L83: E | M83: =IF(L83="M",0,IF(L83="I",2,IF(L83="B",4,IF(L83="E",5)))) -> 5 | N83: E | O83: =IF(N83="M",0,IF(N83="I",2,IF(N83="B",4,IF(N83="E",5)))) -> 5 | P83: B | Q83: =IF(P83="M",0,IF(P83="I",2,IF(P83="B",4,IF(P83="E",5)))) -> 4 | R83: E | S83: =IF(R83="M",0,IF(R83="I",2,IF(R83="B",4,IF(R83="E",5)))) -> 5 | T83: E | U83: =IF(T83="M",0,IF(T83="I",2,IF(T83="B",4,IF(T83="E",5)))) -> 5 | V83: I | W83: =IF(V83="M",0,IF(V83="I",2,IF(V83="B",4,IF(V83="E",5)))) -> 2 | X83: B | Y83: =IF(X83="M",0,IF(X83="I",2,IF(X83="B",4,IF(X83="E",5)))) -> 4 | Z83: B | AA83: =IF(Z83="M",0,IF(Z83="I",2,IF(Z83="B",4,IF(Z83="E",5)))) -> 4 | AB83: I | AC83: =IF(AB83="M",0,IF(AB83="I",2,IF(AB83="B",4,IF(AB83="E",5)))) -> 2 | AD83: B | AE83: =IF(AD83="M",0,IF(AD83="I",2,IF(AD83="B",4,IF(AD83="E",5)))) -> 4 | AF83: B | AG83: =IF(AF83="M",0,IF(AF83="I",2,IF(AF83="B",4,IF(AF83="E",5)))) -> 4 | AH83: B | AI83: =IF(AH83="M",0,IF(AH83="I",2,IF(AH83="B",4,IF(AH83="E",5)))) -> 4 | AJ83: B | AK83: =IF(AJ83="M",0,IF(AJ83="I",2,IF(AJ83="B",4,IF(AJ83="E",5)))) -> 4 | AL83: B | AM83: =IF(AL83="M",0,IF(AL83="I",2,IF(AL83="B",4,IF(AL83="E",5)))) -> 4 | AN83: B | AO83: =IF(AN83="M",0,IF(AN83="I",2,IF(AN83="B",4,IF(AN83="E",5)))) -> 4 | AP83: E | AQ83: =IF(AP83="M",0,IF(AP83="I",2,IF(AP83="B",4,IF(AP83="E",5)))) -> 5 | AR83: E | AS83: =IF(AR83="M",0,IF(AR83="I",2,IF(AR83="B",4,IF(AR83="E",5)))) -> 5 | AT83: E | AU83: =IF(AT83="M",0,IF(AT83="I",2,IF(AT83="B",4,IF(AT83="E",5)))) -> 5 | AV83: E | AW83: =IF(AV83="M",0,IF(AV83="I",2,IF(AV83="B",4,IF(AV83="E",5)))) -> 5 | AX83: E | AY83: =IF(AX83="M",0,IF(AX83="I",2,IF(AX83="B",4,IF(AX83="E",5)))) -> 5 | AZ83: E | BA83: =IF(AZ83="M",0,IF(AZ83="I",2,IF(AZ83="B",4,IF(AZ83="E",5)))) -> 5 | BB83: B | BC83: =IF(BB83="M",0,IF(BB83="I",2,IF(BB83="B",4,IF(BB83="E",5)))) -> 4 | BD83: E | BE83: =IF(BD83="M",0,IF(BD83="I",2,IF(BD83="B",4,IF(BD83="E",5)))) -> 5 | BF83: E | BG83: =IF(BF83="M",0,IF(BF83="I",2,IF(BF83="B",4,IF(BF83="E",5)))) -> 5 | BH83: I | BI83: =IF(BH83="M",0,IF(BH83="I",2,IF(BH83="B",4,IF(BH83="E",5)))) -> 2 | BJ83: B | BK83: =IF(BJ83="M",0,IF(BJ83="I",2,IF(BJ83="B",4,IF(BJ83="E",5)))) -> 4 | BL83: B | BM83: =IF(BL83="M",0,IF(BL83="I",2,IF(BL83="B",4,IF(BL83="E",5)))) -> 4 | BN83: B | BO83: =IF(BN83="M",0,IF(BN83="I",2,IF(BN83="B",4,IF(BN83="E",5)))) -> 4 | BP83: B | BQ83: =IF(BP83="M",0,IF(BP83="I",2,IF(BP83="B",4,IF(BP83="E",5)))) -> 4 | BR83: B | BS83: =IF(BR83="M",0,IF(BR83="I",2,IF(BR83="B",4,IF(BR83="E",5)))) -> 4 | BT83: B | BU83: =IF(BT83="M",0,IF(BT83="I",2,IF(BT83="B",4,IF(BT83="E",5)))) -> 4 | BV83: E | BW83: =IF(BV83="M",0,IF(BV83="I",2,IF(BV83="B",4,IF(BV83="E",5)))) -> 5 | BX83: B | BY83: =IF(BX83="M",0,IF(BX83="I",2,IF(BX83="B",4,IF(BX83="E",5)))) -> 4 | BZ83: B | CA83: =IF(BZ83="M",0,IF(BZ83="I",2,IF(BZ83="B",4,IF(BZ83="E",5)))) -> 4 | CB83: E | CC83: =IF(CB83="M",0,IF(CB83="I",2,IF(CB83="B",4,IF(CB83="E",5)))) -> 5 | CD83: B | CE83: =IF(CD83="M",0,IF(CD83="I",2,IF(CD83="B",4,IF(CD83="E",5)))) -> 4 | CF83: B | CG83: =IF(CF83="M",0,IF(CF83="I",2,IF(CF83="B",4,IF(CF83="E",5)))) -> 4 | CH83: B | CI83: =IF(CH83="M",0,IF(CH83="I",2,IF(CH83="B",4,IF(CH83="E",5)))) -> 4 | CJ83: I | CK83: =IF(CJ83="M",0,IF(CJ83="I",2,IF(CJ83="B",4,IF(CJ83="E",5)))) -> 2 | CL83: B | CM83: =IF(CL83="M",0,IF(CL83="I",2,IF(CL83="B",4,IF(CL83="E",5)))) -> 4 | CN83: B | CO83: =IF(CN83="M",0,IF(CN83="I",2,IF(CN83="B",4,IF(CN83="E",5)))) -> 4 | CP83: B | CQ83: =IF(CP83="M",0,IF(CP83="I",2,IF(CP83="B",4,IF(CP83="E",5)))) -> 4 | CR83: B | CS83: =IF(CR83="M",0,IF(CR83="I",2,IF(CR83="B",4,IF(CR83="E",5)))) -> 4 | CT83: E | CU83: =IF(CT83="M",0,IF(CT83="I",2,IF(CT83="B",4,IF(CT83="E",5)))) -> 5 | CV83: E | CW83: =IF(CV83="M",0,IF(CV83="I",2,IF(CV83="B",4,IF(CV83="E",5)))) -> 5 | CX83: B | CY83: =IF(CX83="M",0,IF(CX83="I",2,IF(CX83="B",4,IF(CX83="E",5)))) -> 4 | CZ83: E | DA83: =IF(CZ83="M",0,IF(CZ83="I",2,IF(CZ83="B",4,IF(CZ83="E",5)))) -> 5 | DB83: B | DC83: =IF(DB83="M",0,IF(DB83="I",2,IF(DB83="B",4,IF(DB83="E",5)))) -> 4 | DD83: I | DE83: =IF(DD83="M",0,IF(DD83="I",2,IF(DD83="B",4,IF(DD83="E",5)))) -> 2 | DF83: B | DG83: =IF(DF83="M",0,IF(DF83="I",2,IF(DF83="B",4,IF(DF83="E",5)))) -> 4 | DH83: B | DI83: =IF(DH83="M",0,IF(DH83="I",2,IF(DH83="B",4,IF(DH83="E",5)))) -> 4 | DJ83: E | DK83: =IF(DJ83="M",0,IF(DJ83="I",2,IF(DJ83="B",4,IF(DJ83="E",5)))) -> 5 | DL83: B | DM83: =IF(DL83="M",0,IF(DL83="I",2,IF(DL83="B",4,IF(DL83="E",5)))) -> 4 | DN83: B | DO83: =IF(DN83="M",0,IF(DN83="I",2,IF(DN83="B",4,IF(DN83="E",5)))) -> 4 | DP83: B | DQ83: =IF(DP83="M",0,IF(DP83="I",2,IF(DP83="B",4,IF(DP83="E",5)))) -> 4 | DR83: B | DS83: =IF(DR83="M",0,IF(DR83="I",2,IF(DR83="B",4,IF(DR83="E",5)))) -> 4 | DT83: B | DU83: =IF(DT83="M",0,IF(DT83="I",2,IF(DT83="B",4,IF(DT83="E",5)))) -> 4 | DV83: I | DW83: =IF(DV83="M",0,IF(DV83="I",2,IF(DV83="B",4,IF(DV83="E",5)))) -> 2 | DX83: B | DY83: =IF(DX83="M",0,IF(DX83="I",2,IF(DX83="B",4,IF(DX83="E",5)))) -> 4 | DZ83: B | EA83: =IF(DZ83="M",0,IF(DZ83="I",2,IF(DZ83="B",4,IF(DZ83="E",5)))) -> 4 | EB83: B | EC83: =IF(EB83="M",0,IF(EB83="I",2,IF(EB83="B",4,IF(EB83="E",5)))) -> 4 | ED83: B | EE83: =IF(ED83="M",0,IF(ED83="I",2,IF(ED83="B",4,IF(ED83="E",5)))) -> 4 | EF83: B | EG83: =IF(EF83="M",0,IF(EF83="I",2,IF(EF83="B",4,IF(EF83="E",5)))) -> 4 | EH83: B | EI83: =IF(EH83="M",0,IF(EH83="I",2,IF(EH83="B",4,IF(EH83="E",5)))) -> 4 | EJ83: M | EK83: =IF(EJ83="M",0,IF(EJ83="I",2,IF(EJ83="B",4,IF(EJ83="E",5)))) -> 0 | EL83: B | EM83: =IF(EL83="M",0,IF(EL83="I",2,IF(EL83="B",4,IF(EL83="E",5)))) -> 4 | EN83: M | EO83: =IF(EN83="M",0,IF(EN83="I",2,IF(EN83="B",4,IF(EN83="E",5)))) -> 0 | EP83: B | EQ83: =IF(EP83="M",0,IF(EP83="I",2,IF(EP83="B",4,IF(EP83="E",5)))) -> 4 | ER83: =+SUM(F83:EQ83) -> 285 | ES83: =+ER83/$EV$1 -> 0.8028169 | ET83: =IF(ES83>60%,"Autonome","Non Autonome") -> Autonome
A84: BABABE | B84: PS Seno Boussobe | C84: Gaye demba soumare | D84: 43312 | E84: Diou abdoulaye | F84: E | G84: =IF(F84="M",0,IF(F84="I",2,IF(F84="B",4,IF(F84="E",5)))) -> 5 | H84: B | I84: =IF(H84="M",0,IF(H84="I",2,IF(H84="B",4,IF(H84="E",5)))) -> 4 | J84: B | K84: =IF(J84="M",0,IF(J84="I",2,IF(J84="B",4,IF(J84="E",5)))) -> 4 | L84: B | M84: =IF(L84="M",0,IF(L84="I",2,IF(L84="B",4,IF(L84="E",5)))) -> 4 | N84: B | O84: =IF(N84="M",0,IF(N84="I",2,IF(N84="B",4,IF(N84="E",5)))) -> 4 | P84: B | Q84: =IF(P84="M",0,IF(P84="I",2,IF(P84="B",4,IF(P84="E",5)))) -> 4 | R84: B | S84: =IF(R84="M",0,IF(R84="I",2,IF(R84="B",4,IF(R84="E",5)))) -> 4 | T84: E | U84: =IF(T84="M",0,IF(T84="I",2,IF(T84="B",4,IF(T84="E",5)))) -> 5 | V84: I | W84: =IF(V84="M",0,IF(V84="I",2,IF(V84="B",4,IF(V84="E",5)))) -> 2 | X84: B | Y84: =IF(X84="M",0,IF(X84="I",2,IF(X84="B",4,IF(X84="E",5)))) -> 4 | Z84: B | AA84: =IF(Z84="M",0,IF(Z84="I",2,IF(Z84="B",4,IF(Z84="E",5)))) -> 4 | AB84: M | AC84: =IF(AB84="M",0,IF(AB84="I",2,IF(AB84="B",4,IF(AB84="E",5)))) -> 0 | AD84: I | AE84: =IF(AD84="M",0,IF(AD84="I",2,IF(AD84="B",4,IF(AD84="E",5)))) -> 2 | AF84: B | AG84: =IF(AF84="M",0,IF(AF84="I",2,IF(AF84="B",4,IF(AF84="E",5)))) -> 4 | AH84: B | AI84: =IF(AH84="M",0,IF(AH84="I",2,IF(AH84="B",4,IF(AH84="E",5)))) -> 4 | AJ84: I | AK84: =IF(AJ84="M",0,IF(AJ84="I",2,IF(AJ84="B",4,IF(AJ84="E",5)))) -> 2 | AL84: I | AM84: =IF(AL84="M",0,IF(AL84="I",2,IF(AL84="B",4,IF(AL84="E",5)))) -> 2 | AN84: I | AO84: =IF(AN84="M",0,IF(AN84="I",2,IF(AN84="B",4,IF(AN84="E",5)))) -> 2 | AP84: B | AQ84: =IF(AP84="M",0,IF(AP84="I",2,IF(AP84="B",4,IF(AP84="E",5)))) -> 4 | AR84: B | AS84: =IF(AR84="M",0,IF(AR84="I",2,IF(AR84="B",4,IF(AR84="E",5)))) -> 4 | AT84: B | AU84: =IF(AT84="M",0,IF(AT84="I",2,IF(AT84="B",4,IF(AT84="E",5)))) -> 4 | AV84: B | AW84: =IF(AV84="M",0,IF(AV84="I",2,IF(AV84="B",4,IF(AV84="E",5)))) -> 4 | AX84: B | AY84: =IF(AX84="M",0,IF(AX84="I",2,IF(AX84="B",4,IF(AX84="E",5)))) -> 4 | AZ84: B | BA84: =IF(AZ84="M",0,IF(AZ84="I",2,IF(AZ84="B",4,IF(AZ84="E",5)))) -> 4 | BB84: B | BC84: =IF(BB84="M",0,IF(BB84="I",2,IF(BB84="B",4,IF(BB84="E",5)))) -> 4 | BD84: B | BE84: =IF(BD84="M",0,IF(BD84="I",2,IF(BD84="B",4,IF(BD84="E",5)))) -> 4 | BF84: M | BG84: =IF(BF84="M",0,IF(BF84="I",2,IF(BF84="B",4,IF(BF84="E",5)))) -> 0 | BH84: I | BI84: =IF(BH84="M",0,IF(BH84="I",2,IF(BH84="B",4,IF(BH84="E",5)))) -> 2 | BJ84: B | BK84: =IF(BJ84="M",0,IF(BJ84="I",2,IF(BJ84="B",4,IF(BJ84="E",5)))) -> 4 | BL84: B | BM84: =IF(BL84="M",0,IF(BL84="I",2,IF(BL84="B",4,IF(BL84="E",5)))) -> 4 | BN84: B | BO84: =IF(BN84="M",0,IF(BN84="I",2,IF(BN84="B",4,IF(BN84="E",5)))) -> 4 | BP84: B | BQ84: =IF(BP84="M",0,IF(BP84="I",2,IF(BP84="B",4,IF(BP84="E",5)))) -> 4 | BR84: B | BS84: =IF(BR84="M",0,IF(BR84="I",2,IF(BR84="B",4,IF(BR84="E",5)))) -> 4 | BT84: B | BU84: =IF(BT84="M",0,IF(BT84="I",2,IF(BT84="B",4,IF(BT84="E",5)))) -> 4 | BV84: B | BW84: =IF(BV84="M",0,IF(BV84="I",2,IF(BV84="B",4,IF(BV84="E",5)))) -> 4 | BX84: B | BY84: =IF(BX84="M",0,IF(BX84="I",2,IF(BX84="B",4,IF(BX84="E",5)))) -> 4 | BZ84: B | CA84: =IF(BZ84="M",0,IF(BZ84="I",2,IF(BZ84="B",4,IF(BZ84="E",5)))) -> 4 | CB84: B | CC84: =IF(CB84="M",0,IF(CB84="I",2,IF(CB84="B",4,IF(CB84="E",5)))) -> 4 | CD84: B | CE84: =IF(CD84="M",0,IF(CD84="I",2,IF(CD84="B",4,IF(CD84="E",5)))) -> 4 | CF84: M | CG84: =IF(CF84="M",0,IF(CF84="I",2,IF(CF84="B",4,IF(CF84="E",5)))) -> 0 | CH84: I | CI84: =IF(CH84="M",0,IF(CH84="I",2,IF(CH84="B",4,IF(CH84="E",5)))) -> 2 | CJ84: I | CK84: =IF(CJ84="M",0,IF(CJ84="I",2,IF(CJ84="B",4,IF(CJ84="E",5)))) -> 2 | CL84: B | CM84: =IF(CL84="M",0,IF(CL84="I",2,IF(CL84="B",4,IF(CL84="E",5)))) -> 4 | CN84: B | CO84: =IF(CN84="M",0,IF(CN84="I",2,IF(CN84="B",4,IF(CN84="E",5)))) -> 4 | CP84: I | CQ84: =IF(CP84="M",0,IF(CP84="I",2,IF(CP84="B",4,IF(CP84="E",5)))) -> 2 | CR84: B | CS84: =IF(CR84="M",0,IF(CR84="I",2,IF(CR84="B",4,IF(CR84="E",5)))) -> 4 | CT84: B | CU84: =IF(CT84="M",0,IF(CT84="I",2,IF(CT84="B",4,IF(CT84="E",5)))) -> 4 | CV84: B | CW84: =IF(CV84="M",0,IF(CV84="I",2,IF(CV84="B",4,IF(CV84="E",5)))) -> 4 | CX84: B | CY84: =IF(CX84="M",0,IF(CX84="I",2,IF(CX84="B",4,IF(CX84="E",5)))) -> 4 | CZ84: B | DA84: =IF(CZ84="M",0,IF(CZ84="I",2,IF(CZ84="B",4,IF(CZ84="E",5)))) -> 4 | DB84: B | DC84: =IF(DB84="M",0,IF(DB84="I",2,IF(DB84="B",4,IF(DB84="E",5)))) -> 4 | DD84: I | DE84: =IF(DD84="M",0,IF(DD84="I",2,IF(DD84="B",4,IF(DD84="E",5)))) -> 2 | DF84: B | DG84: =IF(DF84="M",0,IF(DF84="I",2,IF(DF84="B",4,IF(DF84="E",5)))) -> 4 | DH84: B | DI84: =IF(DH84="M",0,IF(DH84="I",2,IF(DH84="B",4,IF(DH84="E",5)))) -> 4 | DJ84: B | DK84: =IF(DJ84="M",0,IF(DJ84="I",2,IF(DJ84="B",4,IF(DJ84="E",5)))) -> 4 | DL84: B | DM84: =IF(DL84="M",0,IF(DL84="I",2,IF(DL84="B",4,IF(DL84="E",5)))) -> 4 | DN84: B | DO84: =IF(DN84="M",0,IF(DN84="I",2,IF(DN84="B",4,IF(DN84="E",5)))) -> 4 | DP84: I | DQ84: =IF(DP84="M",0,IF(DP84="I",2,IF(DP84="B",4,IF(DP84="E",5)))) -> 2 | DR84: M | DS84: =IF(DR84="M",0,IF(DR84="I",2,IF(DR84="B",4,IF(DR84="E",5)))) -> 0 | DT84: B | DU84: =IF(DT84="M",0,IF(DT84="I",2,IF(DT84="B",4,IF(DT84="E",5)))) -> 4 | DV84: M | DW84: =IF(DV84="M",0,IF(DV84="I",2,IF(DV84="B",4,IF(DV84="E",5)))) -> 0 | DX84: I | DY84: =IF(DX84="M",0,IF(DX84="I",2,IF(DX84="B",4,IF(DX84="E",5)))) -> 2 | DZ84: I | EA84: =IF(DZ84="M",0,IF(DZ84="I",2,IF(DZ84="B",4,IF(DZ84="E",5)))) -> 2 | EB84: M | EC84: =IF(EB84="M",0,IF(EB84="I",2,IF(EB84="B",4,IF(EB84="E",5)))) -> 0 | ED84: B | EE84: =IF(ED84="M",0,IF(ED84="I",2,IF(ED84="B",4,IF(ED84="E",5)))) -> 4 | EF84: B | EG84: =IF(EF84="M",0,IF(EF84="I",2,IF(EF84="B",4,IF(EF84="E",5)))) -> 4 | EH84: B | EI84: =IF(EH84="M",0,IF(EH84="I",2,IF(EH84="B",4,IF(EH84="E",5)))) -> 4 | EJ84: B | EK84: =IF(EJ84="M",0,IF(EJ84="I",2,IF(EJ84="B",4,IF(EJ84="E",5)))) -> 4 | EL84: B | EM84: =IF(EL84="M",0,IF(EL84="I",2,IF(EL84="B",4,IF(EL84="E",5)))) -> 4 | EN84: I | EO84: =IF(EN84="M",0,IF(EN84="I",2,IF(EN84="B",4,IF(EN84="E",5)))) -> 2 | EP84: B | EQ84: =IF(EP84="M",0,IF(EP84="I",2,IF(EP84="B",4,IF(EP84="E",5)))) -> 4 | ER84: =+SUM(F84:EQ84) -> 234 | ES84: =+ER84/$EV$1 -> 0.65915493 | ET84: =IF(ES84>60%,"Autonome","Non Autonome") -> Autonome
A85: BABABE | B85: PS Nouara | C85: Gaye demba soumare | D85: 43312 | E85: Diou Abdoulaye | F85: E | G85: =IF(F85="M",0,IF(F85="I",2,IF(F85="B",4,IF(F85="E",5)))) -> 5 | H85: E | I85: =IF(H85="M",0,IF(H85="I",2,IF(H85="B",4,IF(H85="E",5)))) -> 5 | J85: B | K85: =IF(J85="M",0,IF(J85="I",2,IF(J85="B",4,IF(J85="E",5)))) -> 4 | L85: B | M85: =IF(L85="M",0,IF(L85="I",2,IF(L85="B",4,IF(L85="E",5)))) -> 4 | N85: E | O85: =IF(N85="M",0,IF(N85="I",2,IF(N85="B",4,IF(N85="E",5)))) -> 5 | P85: B | Q85: =IF(P85="M",0,IF(P85="I",2,IF(P85="B",4,IF(P85="E",5)))) -> 4 | R85: B | S85: =IF(R85="M",0,IF(R85="I",2,IF(R85="B",4,IF(R85="E",5)))) -> 4 | T85: E | U85: =IF(T85="M",0,IF(T85="I",2,IF(T85="B",4,IF(T85="E",5)))) -> 5 | V85: B | W85: =IF(V85="M",0,IF(V85="I",2,IF(V85="B",4,IF(V85="E",5)))) -> 4 | X85: B | Y85: =IF(X85="M",0,IF(X85="I",2,IF(X85="B",4,IF(X85="E",5)))) -> 4 | Z85: B | AA85: =IF(Z85="M",0,IF(Z85="I",2,IF(Z85="B",4,IF(Z85="E",5)))) -> 4 | AB85: I | AC85: =IF(AB85="M",0,IF(AB85="I",2,IF(AB85="B",4,IF(AB85="E",5)))) -> 2 | AD85: I | AE85: =IF(AD85="M",0,IF(AD85="I",2,IF(AD85="B",4,IF(AD85="E",5)))) -> 2 | AF85: B | AG85: =IF(AF85="M",0,IF(AF85="I",2,IF(AF85="B",4,IF(AF85="E",5)))) -> 4 | AH85: B | AI85: =IF(AH85="M",0,IF(AH85="I",2,IF(AH85="B",4,IF(AH85="E",5)))) -> 4 | AJ85: I | AK85: =IF(AJ85="M",0,IF(AJ85="I",2,IF(AJ85="B",4,IF(AJ85="E",5)))) -> 2 | AL85: B | AM85: =IF(AL85="M",0,IF(AL85="I",2,IF(AL85="B",4,IF(AL85="E",5)))) -> 4 | AN85: B | AO85: =IF(AN85="M",0,IF(AN85="I",2,IF(AN85="B",4,IF(AN85="E",5)))) -> 4 | AP85: B | AQ85: =IF(AP85="M",0,IF(AP85="I",2,IF(AP85="B",4,IF(AP85="E",5)))) -> 4 | AR85: B | AS85: =IF(AR85="M",0,IF(AR85="I",2,IF(AR85="B",4,IF(AR85="E",5)))) -> 4 | AT85: B | AU85: =IF(AT85="M",0,IF(AT85="I",2,IF(AT85="B",4,IF(AT85="E",5)))) -> 4 | AV85: B | AW85: =IF(AV85="M",0,IF(AV85="I",2,IF(AV85="B",4,IF(AV85="E",5)))) -> 4 | AX85: B | AY85: =IF(AX85="M",0,IF(AX85="I",2,IF(AX85="B",4,IF(AX85="E",5)))) -> 4 | AZ85: B | BA85: =IF(AZ85="M",0,IF(AZ85="I",2,IF(AZ85="B",4,IF(AZ85="E",5)))) -> 4 | BB85: B | BC85: =IF(BB85="M",0,IF(BB85="I",2,IF(BB85="B",4,IF(BB85="E",5)))) -> 4 | BD85: B | BE85: =IF(BD85="M",0,IF(BD85="I",2,IF(BD85="B",4,IF(BD85="E",5)))) -> 4 | BF85: E | BG85: =IF(BF85="M",0,IF(BF85="I",2,IF(BF85="B",4,IF(BF85="E",5)))) -> 5 | BH85: B | BI85: =IF(BH85="M",0,IF(BH85="I",2,IF(BH85="B",4,IF(BH85="E",5)))) -> 4 | BJ85: B | BK85: =IF(BJ85="M",0,IF(BJ85="I",2,IF(BJ85="B",4,IF(BJ85="E",5)))) -> 4 | BL85: B | BM85: =IF(BL85="M",0,IF(BL85="I",2,IF(BL85="B",4,IF(BL85="E",5)))) -> 4 | BN85: B | BO85: =IF(BN85="M",0,IF(BN85="I",2,IF(BN85="B",4,IF(BN85="E",5)))) -> 4 | BP85: B | BQ85: =IF(BP85="M",0,IF(BP85="I",2,IF(BP85="B",4,IF(BP85="E",5)))) -> 4 | BR85: B | BS85: =IF(BR85="M",0,IF(BR85="I",2,IF(BR85="B",4,IF(BR85="E",5)))) -> 4 | BT85: B | BU85: =IF(BT85="M",0,IF(BT85="I",2,IF(BT85="B",4,IF(BT85="E",5)))) -> 4 | BV85: B | BW85: =IF(BV85="M",0,IF(BV85="I",2,IF(BV85="B",4,IF(BV85="E",5)))) -> 4 | BX85: B | BY85: =IF(BX85="M",0,IF(BX85="I",2,IF(BX85="B",4,IF(BX85="E",5)))) -> 4 | BZ85: B | CA85: =IF(BZ85="M",0,IF(BZ85="I",2,IF(BZ85="B",4,IF(BZ85="E",5)))) -> 4 | CB85: B | CC85: =IF(CB85="M",0,IF(CB85="I",2,IF(CB85="B",4,IF(CB85="E",5)))) -> 4 | CD85: B | CE85: =IF(CD85="M",0,IF(CD85="I",2,IF(CD85="B",4,IF(CD85="E",5)))) -> 4 | CF85: E | CG85: =IF(CF85="M",0,IF(CF85="I",2,IF(CF85="B",4,IF(CF85="E",5)))) -> 5 | CH85: B | CI85: =IF(CH85="M",0,IF(CH85="I",2,IF(CH85="B",4,IF(CH85="E",5)))) -> 4 | CJ85: I | CK85: =IF(CJ85="M",0,IF(CJ85="I",2,IF(CJ85="B",4,IF(CJ85="E",5)))) -> 2 | CL85: B | CM85: =IF(CL85="M",0,IF(CL85="I",2,IF(CL85="B",4,IF(CL85="E",5)))) -> 4 | CN85: B | CO85: =IF(CN85="M",0,IF(CN85="I",2,IF(CN85="B",4,IF(CN85="E",5)))) -> 4 | CP85: B | CQ85: =IF(CP85="M",0,IF(CP85="I",2,IF(CP85="B",4,IF(CP85="E",5)))) -> 4 | CR85: B | CS85: =IF(CR85="M",0,IF(CR85="I",2,IF(CR85="B",4,IF(CR85="E",5)))) -> 4 | CT85: B | CU85: =IF(CT85="M",0,IF(CT85="I",2,IF(CT85="B",4,IF(CT85="E",5)))) -> 4 | CV85: B | CW85: =IF(CV85="M",0,IF(CV85="I",2,IF(CV85="B",4,IF(CV85="E",5)))) -> 4 | CX85: B | CY85: =IF(CX85="M",0,IF(CX85="I",2,IF(CX85="B",4,IF(CX85="E",5)))) -> 4 | CZ85: E | DA85: =IF(CZ85="M",0,IF(CZ85="I",2,IF(CZ85="B",4,IF(CZ85="E",5)))) -> 5 | DB85: B | DC85: =IF(DB85="M",0,IF(DB85="I",2,IF(DB85="B",4,IF(DB85="E",5)))) -> 4 | DD85: I | DE85: =IF(DD85="M",0,IF(DD85="I",2,IF(DD85="B",4,IF(DD85="E",5)))) -> 2 | DF85: B | DG85: =IF(DF85="M",0,IF(DF85="I",2,IF(DF85="B",4,IF(DF85="E",5)))) -> 4 | DH85: E | DI85: =IF(DH85="M",0,IF(DH85="I",2,IF(DH85="B",4,IF(DH85="E",5)))) -> 5 | DJ85: B | DK85: =IF(DJ85="M",0,IF(DJ85="I",2,IF(DJ85="B",4,IF(DJ85="E",5)))) -> 4 | DL85: B | DM85: =IF(DL85="M",0,IF(DL85="I",2,IF(DL85="B",4,IF(DL85="E",5)))) -> 4 | DN85: B | DO85: =IF(DN85="M",0,IF(DN85="I",2,IF(DN85="B",4,IF(DN85="E",5)))) -> 4 | DP85: I | DQ85: =IF(DP85="M",0,IF(DP85="I",2,IF(DP85="B",4,IF(DP85="E",5)))) -> 2 | DR85: B | DS85: =IF(DR85="M",0,IF(DR85="I",2,IF(DR85="B",4,IF(DR85="E",5)))) -> 4 | DT85: B | DU85: =IF(DT85="M",0,IF(DT85="I",2,IF(DT85="B",4,IF(DT85="E",5)))) -> 4 | DV85: M | DW85: =IF(DV85="M",0,IF(DV85="I",2,IF(DV85="B",4,IF(DV85="E",5)))) -> 0 | DX85: B | DY85: =IF(DX85="M",0,IF(DX85="I",2,IF(DX85="B",4,IF(DX85="E",5)))) -> 4 | DZ85: B | EA85: =IF(DZ85="M",0,IF(DZ85="I",2,IF(DZ85="B",4,IF(DZ85="E",5)))) -> 4 | EB85: M | EC85: =IF(EB85="M",0,IF(EB85="I",2,IF(EB85="B",4,IF(EB85="E",5)))) -> 0 | ED85: B | EE85: =IF(ED85="M",0,IF(ED85="I",2,IF(ED85="B",4,IF(ED85="E",5)))) -> 4 | EF85: B | EG85: =IF(EF85="M",0,IF(EF85="I",2,IF(EF85="B",4,IF(EF85="E",5)))) -> 4 | EH85: B | EI85: =IF(EH85="M",0,IF(EH85="I",2,IF(EH85="B",4,IF(EH85="E",5)))) -> 4 | EJ85: M | EK85: =IF(EJ85="M",0,IF(EJ85="I",2,IF(EJ85="B",4,IF(EJ85="E",5)))) -> 0 | EL85: B | EM85: =IF(EL85="M",0,IF(EL85="I",2,IF(EL85="B",4,IF(EL85="E",5)))) -> 4 | EN85: M | EO85: =IF(EN85="M",0,IF(EN85="I",2,IF(EN85="B",4,IF(EN85="E",5)))) -> 0 | EP85: E | EQ85: =IF(EP85="M",0,IF(EP85="I",2,IF(EP85="B",4,IF(EP85="E",5)))) -> 5 | ER85: =+SUM(F85:EQ85) -> 265 | ES85: =+ER85/$EV$1 -> 0.74647887 | ET85: =IF(ES85>60%,"Autonome","Non Autonome") -> Autonome
A86: BABABE | B86: PS Wethy | C86: Gaye demba soumare | D86: 43312 | E86: Diou Abdoulaye | F86: E | G86: =IF(F86="M",0,IF(F86="I",2,IF(F86="B",4,IF(F86="E",5)))) -> 5 | H86: B | I86: =IF(H86="M",0,IF(H86="I",2,IF(H86="B",4,IF(H86="E",5)))) -> 4 | J86: B | K86: =IF(J86="M",0,IF(J86="I",2,IF(J86="B",4,IF(J86="E",5)))) -> 4 | L86: E | M86: =IF(L86="M",0,IF(L86="I",2,IF(L86="B",4,IF(L86="E",5)))) -> 5 | N86: E | O86: =IF(N86="M",0,IF(N86="I",2,IF(N86="B",4,IF(N86="E",5)))) -> 5 | P86: E | Q86: =IF(P86="M",0,IF(P86="I",2,IF(P86="B",4,IF(P86="E",5)))) -> 5 | R86: E | S86: =IF(R86="M",0,IF(R86="I",2,IF(R86="B",4,IF(R86="E",5)))) -> 5 | T86: E | U86: =IF(T86="M",0,IF(T86="I",2,IF(T86="B",4,IF(T86="E",5)))) -> 5 | V86: B | W86: =IF(V86="M",0,IF(V86="I",2,IF(V86="B",4,IF(V86="E",5)))) -> 4 | X86: B | Y86: =IF(X86="M",0,IF(X86="I",2,IF(X86="B",4,IF(X86="E",5)))) -> 4 | Z86: B | AA86: =IF(Z86="M",0,IF(Z86="I",2,IF(Z86="B",4,IF(Z86="E",5)))) -> 4 | AB86: I | AC86: =IF(AB86="M",0,IF(AB86="I",2,IF(AB86="B",4,IF(AB86="E",5)))) -> 2 | AD86: B | AE86: =IF(AD86="M",0,IF(AD86="I",2,IF(AD86="B",4,IF(AD86="E",5)))) -> 4 | AF86: B | AG86: =IF(AF86="M",0,IF(AF86="I",2,IF(AF86="B",4,IF(AF86="E",5)))) -> 4 | AH86: B | AI86: =IF(AH86="M",0,IF(AH86="I",2,IF(AH86="B",4,IF(AH86="E",5)))) -> 4 | AJ86: I | AK86: =IF(AJ86="M",0,IF(AJ86="I",2,IF(AJ86="B",4,IF(AJ86="E",5)))) -> 2 | AL86: B | AM86: =IF(AL86="M",0,IF(AL86="I",2,IF(AL86="B",4,IF(AL86="E",5)))) -> 4 | AN86: B | AO86: =IF(AN86="M",0,IF(AN86="I",2,IF(AN86="B",4,IF(AN86="E",5)))) -> 4 | AP86: B | AQ86: =IF(AP86="M",0,IF(AP86="I",2,IF(AP86="B",4,IF(AP86="E",5)))) -> 4 | AR86: E | AS86: =IF(AR86="M",0,IF(AR86="I",2,IF(AR86="B",4,IF(AR86="E",5)))) -> 5 | AT86: E | AU86: =IF(AT86="M",0,IF(AT86="I",2,IF(AT86="B",4,IF(AT86="E",5)))) -> 5 | AV86: B | AW86: =IF(AV86="M",0,IF(AV86="I",2,IF(AV86="B",4,IF(AV86="E",5)))) -> 4 | AX86: B | AY86: =IF(AX86="M",0,IF(AX86="I",2,IF(AX86="B",4,IF(AX86="E",5)))) -> 4 | AZ86: B | BA86: =IF(AZ86="M",0,IF(AZ86="I",2,IF(AZ86="B",4,IF(AZ86="E",5)))) -> 4 | BB86: B | BC86: =IF(BB86="M",0,IF(BB86="I",2,IF(BB86="B",4,IF(BB86="E",5)))) -> 4 | BD86: E | BE86: =IF(BD86="M",0,IF(BD86="I",2,IF(BD86="B",4,IF(BD86="E",5)))) -> 5 | BF86: B | BG86: =IF(BF86="M",0,IF(BF86="I",2,IF(BF86="B",4,IF(BF86="E",5)))) -> 4 | BH86: B | BI86: =IF(BH86="M",0,IF(BH86="I",2,IF(BH86="B",4,IF(BH86="E",5)))) -> 4 | BJ86: B | BK86: =IF(BJ86="M",0,IF(BJ86="I",2,IF(BJ86="B",4,IF(BJ86="E",5)))) -> 4 | BL86: B | BM86: =IF(BL86="M",0,IF(BL86="I",2,IF(BL86="B",4,IF(BL86="E",5)))) -> 4 | BN86: B | BO86: =IF(BN86="M",0,IF(BN86="I",2,IF(BN86="B",4,IF(BN86="E",5)))) -> 4 | BP86: B | BQ86: =IF(BP86="M",0,IF(BP86="I",2,IF(BP86="B",4,IF(BP86="E",5)))) -> 4 | BR86: B | BS86: =IF(BR86="M",0,IF(BR86="I",2,IF(BR86="B",4,IF(BR86="E",5)))) -> 4 | BT86: B | BU86: =IF(BT86="M",0,IF(BT86="I",2,IF(BT86="B",4,IF(BT86="E",5)))) -> 4 | BV86: E | BW86: =IF(BV86="M",0,IF(BV86="I",2,IF(BV86="B",4,IF(BV86="E",5)))) -> 5 | BX86: E | BY86: =IF(BX86="M",0,IF(BX86="I",2,IF(BX86="B",4,IF(BX86="E",5)))) -> 5 | BZ86: M | CA86: =IF(BZ86="M",0,IF(BZ86="I",2,IF(BZ86="B",4,IF(BZ86="E",5)))) -> 0 | CB86: B | CC86: =IF(CB86="M",0,IF(CB86="I",2,IF(CB86="B",4,IF(CB86="E",5)))) -> 4 | CD86: B | CE86: =IF(CD86="M",0,IF(CD86="I",2,IF(CD86="B",4,IF(CD86="E",5)))) -> 4 | CF86: B | CG86: =IF(CF86="M",0,IF(CF86="I",2,IF(CF86="B",4,IF(CF86="E",5)))) -> 4 | CH86: B | CI86: =IF(CH86="M",0,IF(CH86="I",2,IF(CH86="B",4,IF(CH86="E",5)))) -> 4 | CJ86: I | CK86: =IF(CJ86="M",0,IF(CJ86="I",2,IF(CJ86="B",4,IF(CJ86="E",5)))) -> 2 | CL86: B | CM86: =IF(CL86="M",0,IF(CL86="I",2,IF(CL86="B",4,IF(CL86="E",5)))) -> 4 | CN86: B | CO86: =IF(CN86="M",0,IF(CN86="I",2,IF(CN86="B",4,IF(CN86="E",5)))) -> 4 | CP86: B | CQ86: =IF(CP86="M",0,IF(CP86="I",2,IF(CP86="B",4,IF(CP86="E",5)))) -> 4 | CR86: B | CS86: =IF(CR86="M",0,IF(CR86="I",2,IF(CR86="B",4,IF(CR86="E",5)))) -> 4 | CT86: B | CU86: =IF(CT86="M",0,IF(CT86="I",2,IF(CT86="B",4,IF(CT86="E",5)))) -> 4 | CV86: B | CW86: =IF(CV86="M",0,IF(CV86="I",2,IF(CV86="B",4,IF(CV86="E",5)))) -> 4 | CX86: B | CY86: =IF(CX86="M",0,IF(CX86="I",2,IF(CX86="B",4,IF(CX86="E",5)))) -> 4 | CZ86: E | DA86: =IF(CZ86="M",0,IF(CZ86="I",2,IF(CZ86="B",4,IF(CZ86="E",5)))) -> 5 | DB86: B | DC86: =IF(DB86="M",0,IF(DB86="I",2,IF(DB86="B",4,IF(DB86="E",5)))) -> 4 | DD86: I | DE86: =IF(DD86="M",0,IF(DD86="I",2,IF(DD86="B",4,IF(DD86="E",5)))) -> 2 | DF86: E | DG86: =IF(DF86="M",0,IF(DF86="I",2,IF(DF86="B",4,IF(DF86="E",5)))) -> 5 | DH86: B | DI86: =IF(DH86="M",0,IF(DH86="I",2,IF(DH86="B",4,IF(DH86="E",5)))) -> 4 | DJ86: B | DK86: =IF(DJ86="M",0,IF(DJ86="I",2,IF(DJ86="B",4,IF(DJ86="E",5)))) -> 4 | DL86: B | DM86: =IF(DL86="M",0,IF(DL86="I",2,IF(DL86="B",4,IF(DL86="E",5)))) -> 4 | DN86: B | DO86: =IF(DN86="M",0,IF(DN86="I",2,IF(DN86="B",4,IF(DN86="E",5)))) -> 4 | DP86: B | DQ86: =IF(DP86="M",0,IF(DP86="I",2,IF(DP86="B",4,IF(DP86="E",5)))) -> 4 | DR86: M | DS86: =IF(DR86="M",0,IF(DR86="I",2,IF(DR86="B",4,IF(DR86="E",5)))) -> 0 | DT86: B | DU86: =IF(DT86="M",0,IF(DT86="I",2,IF(DT86="B",4,IF(DT86="E",5)))) -> 4 | DV86: M | DW86: =IF(DV86="M",0,IF(DV86="I",2,IF(DV86="B",4,IF(DV86="E",5)))) -> 0 | DX86: M | DY86: =IF(DX86="M",0,IF(DX86="I",2,IF(DX86="B",4,IF(DX86="E",5)))) -> 0 | DZ86: B | EA86: =IF(DZ86="M",0,IF(DZ86="I",2,IF(DZ86="B",4,IF(DZ86="E",5)))) -> 4 | EB86: I | EC86: =IF(EB86="M",0,IF(EB86="I",2,IF(EB86="B",4,IF(EB86="E",5)))) -> 2 | ED86: B | EE86: =IF(ED86="M",0,IF(ED86="I",2,IF(ED86="B",4,IF(ED86="E",5)))) -> 4 | EF86: B | EG86: =IF(EF86="M",0,IF(EF86="I",2,IF(EF86="B",4,IF(EF86="E",5)))) -> 4 | EH86: B | EI86: =IF(EH86="M",0,IF(EH86="I",2,IF(EH86="B",4,IF(EH86="E",5)))) -> 4 | EJ86: M | EK86: =IF(EJ86="M",0,IF(EJ86="I",2,IF(EJ86="B",4,IF(EJ86="E",5)))) -> 0 | EL86: B | EM86: =IF(EL86="M",0,IF(EL86="I",2,IF(EL86="B",4,IF(EL86="E",5)))) -> 4 | EN86: M | EO86: =IF(EN86="M",0,IF(EN86="I",2,IF(EN86="B",4,IF(EN86="E",5)))) -> 0 | EP86: B | EQ86: =IF(EP86="M",0,IF(EP86="I",2,IF(EP86="B",4,IF(EP86="E",5)))) -> 4 | ER86: =+SUM(F86:EQ86) -> 263 | ES86: =+ER86/$EV$1 -> 0.74084507 | ET86: =IF(ES86>60%,"Autonome","Non Autonome") -> Autonome
A87: MAGHTALAHJAR | B87: PS Bidjingal | C87: Aichetou /Med | D87: 43312 | E87: Abou Abdoulaye Sow | F87: M | G87: =IF(F87="M",0,IF(F87="I",2,IF(F87="B",4,IF(F87="E",5)))) -> 0 | H87: M | I87: =IF(H87="M",0,IF(H87="I",2,IF(H87="B",4,IF(H87="E",5)))) -> 0 | J87: I | K87: =IF(J87="M",0,IF(J87="I",2,IF(J87="B",4,IF(J87="E",5)))) -> 2 | L87: B | M87: =IF(L87="M",0,IF(L87="I",2,IF(L87="B",4,IF(L87="E",5)))) -> 4 | N87: B | O87: =IF(N87="M",0,IF(N87="I",2,IF(N87="B",4,IF(N87="E",5)))) -> 4 | P87: B | Q87: =IF(P87="M",0,IF(P87="I",2,IF(P87="B",4,IF(P87="E",5)))) -> 4 | R87: I | S87: =IF(R87="M",0,IF(R87="I",2,IF(R87="B",4,IF(R87="E",5)))) -> 2 | T87: B | U87: =IF(T87="M",0,IF(T87="I",2,IF(T87="B",4,IF(T87="E",5)))) -> 4 | V87: B | W87: =IF(V87="M",0,IF(V87="I",2,IF(V87="B",4,IF(V87="E",5)))) -> 4 | X87: B | Y87: =IF(X87="M",0,IF(X87="I",2,IF(X87="B",4,IF(X87="E",5)))) -> 4 | Z87: I | AA87: =IF(Z87="M",0,IF(Z87="I",2,IF(Z87="B",4,IF(Z87="E",5)))) -> 2 | AB87: M | AC87: =IF(AB87="M",0,IF(AB87="I",2,IF(AB87="B",4,IF(AB87="E",5)))) -> 0 | AD87: B | AE87: =IF(AD87="M",0,IF(AD87="I",2,IF(AD87="B",4,IF(AD87="E",5)))) -> 4 | AF87: B | AG87: =IF(AF87="M",0,IF(AF87="I",2,IF(AF87="B",4,IF(AF87="E",5)))) -> 4 | AH87: B | AI87: =IF(AH87="M",0,IF(AH87="I",2,IF(AH87="B",4,IF(AH87="E",5)))) -> 4 | AJ87: B | AK87: =IF(AJ87="M",0,IF(AJ87="I",2,IF(AJ87="B",4,IF(AJ87="E",5)))) -> 4 | AL87: B | AM87: =IF(AL87="M",0,IF(AL87="I",2,IF(AL87="B",4,IF(AL87="E",5)))) -> 4 | AN87: B | AO87: =IF(AN87="M",0,IF(AN87="I",2,IF(AN87="B",4,IF(AN87="E",5)))) -> 4 | AP87: B | AQ87: =IF(AP87="M",0,IF(AP87="I",2,IF(AP87="B",4,IF(AP87="E",5)))) -> 4 | AR87: I | AS87: =IF(AR87="M",0,IF(AR87="I",2,IF(AR87="B",4,IF(AR87="E",5)))) -> 2 | AT87: I | AU87: =IF(AT87="M",0,IF(AT87="I",2,IF(AT87="B",4,IF(AT87="E",5)))) -> 2 | AV87: B | AW87: =IF(AV87="M",0,IF(AV87="I",2,IF(AV87="B",4,IF(AV87="E",5)))) -> 4 | AX87: I | AY87: =IF(AX87="M",0,IF(AX87="I",2,IF(AX87="B",4,IF(AX87="E",5)))) -> 2 | AZ87: I | BA87: =IF(AZ87="M",0,IF(AZ87="I",2,IF(AZ87="B",4,IF(AZ87="E",5)))) -> 2 | BB87: B | BC87: =IF(BB87="M",0,IF(BB87="I",2,IF(BB87="B",4,IF(BB87="E",5)))) -> 4 | BD87: B | BE87: =IF(BD87="M",0,IF(BD87="I",2,IF(BD87="B",4,IF(BD87="E",5)))) -> 4 | BF87: B | BG87: =IF(BF87="M",0,IF(BF87="I",2,IF(BF87="B",4,IF(BF87="E",5)))) -> 4 | BH87: B | BI87: =IF(BH87="M",0,IF(BH87="I",2,IF(BH87="B",4,IF(BH87="E",5)))) -> 4 | BJ87: B | BK87: =IF(BJ87="M",0,IF(BJ87="I",2,IF(BJ87="B",4,IF(BJ87="E",5)))) -> 4 | BL87: I | BM87: =IF(BL87="M",0,IF(BL87="I",2,IF(BL87="B",4,IF(BL87="E",5)))) -> 2 | BN87: B | BO87: =IF(BN87="M",0,IF(BN87="I",2,IF(BN87="B",4,IF(BN87="E",5)))) -> 4 | BP87: B | BQ87: =IF(BP87="M",0,IF(BP87="I",2,IF(BP87="B",4,IF(BP87="E",5)))) -> 4 | BR87: B | BS87: =IF(BR87="M",0,IF(BR87="I",2,IF(BR87="B",4,IF(BR87="E",5)))) -> 4 | BT87: B | BU87: =IF(BT87="M",0,IF(BT87="I",2,IF(BT87="B",4,IF(BT87="E",5)))) -> 4 | BV87: I | BW87: =IF(BV87="M",0,IF(BV87="I",2,IF(BV87="B",4,IF(BV87="E",5)))) -> 2 | BX87: B | BY87: =IF(BX87="M",0,IF(BX87="I",2,IF(BX87="B",4,IF(BX87="E",5)))) -> 4 | BZ87: B | CA87: =IF(BZ87="M",0,IF(BZ87="I",2,IF(BZ87="B",4,IF(BZ87="E",5)))) -> 4 | CB87: B | CC87: =IF(CB87="M",0,IF(CB87="I",2,IF(CB87="B",4,IF(CB87="E",5)))) -> 4 | CD87: B | CE87: =IF(CD87="M",0,IF(CD87="I",2,IF(CD87="B",4,IF(CD87="E",5)))) -> 4 | CF87: B | CG87: =IF(CF87="M",0,IF(CF87="I",2,IF(CF87="B",4,IF(CF87="E",5)))) -> 4 | CH87: B | CI87: =IF(CH87="M",0,IF(CH87="I",2,IF(CH87="B",4,IF(CH87="E",5)))) -> 4 | CJ87: M | CK87: =IF(CJ87="M",0,IF(CJ87="I",2,IF(CJ87="B",4,IF(CJ87="E",5)))) -> 0 | CL87: B | CM87: =IF(CL87="M",0,IF(CL87="I",2,IF(CL87="B",4,IF(CL87="E",5)))) -> 4 | CN87: B | CO87: =IF(CN87="M",0,IF(CN87="I",2,IF(CN87="B",4,IF(CN87="E",5)))) -> 4 | CP87: B | CQ87: =IF(CP87="M",0,IF(CP87="I",2,IF(CP87="B",4,IF(CP87="E",5)))) -> 4 | CR87: B | CS87: =IF(CR87="M",0,IF(CR87="I",2,IF(CR87="B",4,IF(CR87="E",5)))) -> 4 | CT87: B | CU87: =IF(CT87="M",0,IF(CT87="I",2,IF(CT87="B",4,IF(CT87="E",5)))) -> 4 | CV87: B | CW87: =IF(CV87="M",0,IF(CV87="I",2,IF(CV87="B",4,IF(CV87="E",5)))) -> 4 | CX87: B | CY87: =IF(CX87="M",0,IF(CX87="I",2,IF(CX87="B",4,IF(CX87="E",5)))) -> 4 | CZ87: B | DA87: =IF(CZ87="M",0,IF(CZ87="I",2,IF(CZ87="B",4,IF(CZ87="E",5)))) -> 4 | DB87: I | DC87: =IF(DB87="M",0,IF(DB87="I",2,IF(DB87="B",4,IF(DB87="E",5)))) -> 2 | DD87: I | DE87: =IF(DD87="M",0,IF(DD87="I",2,IF(DD87="B",4,IF(DD87="E",5)))) -> 2 | DF87: I | DG87: =IF(DF87="M",0,IF(DF87="I",2,IF(DF87="B",4,IF(DF87="E",5)))) -> 2 | DH87: I | DI87: =IF(DH87="M",0,IF(DH87="I",2,IF(DH87="B",4,IF(DH87="E",5)))) -> 2 | DJ87: I | DK87: =IF(DJ87="M",0,IF(DJ87="I",2,IF(DJ87="B",4,IF(DJ87="E",5)))) -> 2 | DL87: B | DM87: =IF(DL87="M",0,IF(DL87="I",2,IF(DL87="B",4,IF(DL87="E",5)))) -> 4 | DN87: B | DO87: =IF(DN87="M",0,IF(DN87="I",2,IF(DN87="B",4,IF(DN87="E",5)))) -> 4 | DP87: M | DQ87: =IF(DP87="M",0,IF(DP87="I",2,IF(DP87="B",4,IF(DP87="E",5)))) -> 0 | DR87: I | DS87: =IF(DR87="M",0,IF(DR87="I",2,IF(DR87="B",4,IF(DR87="E",5)))) -> 2 | DT87: I | DU87: =IF(DT87="M",0,IF(DT87="I",2,IF(DT87="B",4,IF(DT87="E",5)))) -> 2 | DV87: M | DW87: =IF(DV87="M",0,IF(DV87="I",2,IF(DV87="B",4,IF(DV87="E",5)))) -> 0 | DX87: B | DY87: =IF(DX87="M",0,IF(DX87="I",2,IF(DX87="B",4,IF(DX87="E",5)))) -> 4 | DZ87: B | EA87: =IF(DZ87="M",0,IF(DZ87="I",2,IF(DZ87="B",4,IF(DZ87="E",5)))) -> 4 | EB87: M | EC87: =IF(EB87="M",0,IF(EB87="I",2,IF(EB87="B",4,IF(EB87="E",5)))) -> 0 | ED87: B | EE87: =IF(ED87="M",0,IF(ED87="I",2,IF(ED87="B",4,IF(ED87="E",5)))) -> 4 | EF87: B | EG87: =IF(EF87="M",0,IF(EF87="I",2,IF(EF87="B",4,IF(EF87="E",5)))) -> 4 | EH87: B | EI87: =IF(EH87="M",0,IF(EH87="I",2,IF(EH87="B",4,IF(EH87="E",5)))) -> 4 | EJ87: M | EK87: =IF(EJ87="M",0,IF(EJ87="I",2,IF(EJ87="B",4,IF(EJ87="E",5)))) -> 0 | EL87: B | EM87: =IF(EL87="M",0,IF(EL87="I",2,IF(EL87="B",4,IF(EL87="E",5)))) -> 4 | EN87: M | EO87: =IF(EN87="M",0,IF(EN87="I",2,IF(EN87="B",4,IF(EN87="E",5)))) -> 0 | EP87: B | EQ87: =IF(EP87="M",0,IF(EP87="I",2,IF(EP87="B",4,IF(EP87="E",5)))) -> 4 | ER87: =+SUM(F87:EQ87) -> 216 | ES87: =+ER87/$EV$1 -> 0.6084507 | ET87: =IF(ES87>60%,"Autonome","Non Autonome") -> Autonome
A88: MAGHTALAHJAR | B88: PS Tendel | C88: Aichetou/Med | D88: 43312 | E88: Abou Abdoulaye Sow | F88: B | G88: =IF(F88="M",0,IF(F88="I",2,IF(F88="B",4,IF(F88="E",5)))) -> 4 | H88: M | I88: =IF(H88="M",0,IF(H88="I",2,IF(H88="B",4,IF(H88="E",5)))) -> 0 | J88: I | K88: =IF(J88="M",0,IF(J88="I",2,IF(J88="B",4,IF(J88="E",5)))) -> 2 | L88: I | M88: =IF(L88="M",0,IF(L88="I",2,IF(L88="B",4,IF(L88="E",5)))) -> 2 | N88: B | O88: =IF(N88="M",0,IF(N88="I",2,IF(N88="B",4,IF(N88="E",5)))) -> 4 | P88: B | Q88: =IF(P88="M",0,IF(P88="I",2,IF(P88="B",4,IF(P88="E",5)))) -> 4 | R88: I | S88: =IF(R88="M",0,IF(R88="I",2,IF(R88="B",4,IF(R88="E",5)))) -> 2 | T88: B | U88: =IF(T88="M",0,IF(T88="I",2,IF(T88="B",4,IF(T88="E",5)))) -> 4 | V88: B | W88: =IF(V88="M",0,IF(V88="I",2,IF(V88="B",4,IF(V88="E",5)))) -> 4 | X88: B | Y88: =IF(X88="M",0,IF(X88="I",2,IF(X88="B",4,IF(X88="E",5)))) -> 4 | Z88: I | AA88: =IF(Z88="M",0,IF(Z88="I",2,IF(Z88="B",4,IF(Z88="E",5)))) -> 2 | AB88: M | AC88: =IF(AB88="M",0,IF(AB88="I",2,IF(AB88="B",4,IF(AB88="E",5)))) -> 0 | AD88: B | AE88: =IF(AD88="M",0,IF(AD88="I",2,IF(AD88="B",4,IF(AD88="E",5)))) -> 4 | AF88: B | AG88: =IF(AF88="M",0,IF(AF88="I",2,IF(AF88="B",4,IF(AF88="E",5)))) -> 4 | AH88: B | AI88: =IF(AH88="M",0,IF(AH88="I",2,IF(AH88="B",4,IF(AH88="E",5)))) -> 4 | AJ88: B | AK88: =IF(AJ88="M",0,IF(AJ88="I",2,IF(AJ88="B",4,IF(AJ88="E",5)))) -> 4 | AL88: I | AM88: =IF(AL88="M",0,IF(AL88="I",2,IF(AL88="B",4,IF(AL88="E",5)))) -> 2 | AN88: B | AO88: =IF(AN88="M",0,IF(AN88="I",2,IF(AN88="B",4,IF(AN88="E",5)))) -> 4 | AP88: B | AQ88: =IF(AP88="M",0,IF(AP88="I",2,IF(AP88="B",4,IF(AP88="E",5)))) -> 4 | AR88: B | AS88: =IF(AR88="M",0,IF(AR88="I",2,IF(AR88="B",4,IF(AR88="E",5)))) -> 4 | AT88: B | AU88: =IF(AT88="M",0,IF(AT88="I",2,IF(AT88="B",4,IF(AT88="E",5)))) -> 4 | AV88: B | AW88: =IF(AV88="M",0,IF(AV88="I",2,IF(AV88="B",4,IF(AV88="E",5)))) -> 4 | AX88: I | AY88: =IF(AX88="M",0,IF(AX88="I",2,IF(AX88="B",4,IF(AX88="E",5)))) -> 2 | AZ88: M | BA88: =IF(AZ88="M",0,IF(AZ88="I",2,IF(AZ88="B",4,IF(AZ88="E",5)))) -> 0 | BB88: B | BC88: =IF(BB88="M",0,IF(BB88="I",2,IF(BB88="B",4,IF(BB88="E",5)))) -> 4 | BD88: B | BE88: =IF(BD88="M",0,IF(BD88="I",2,IF(BD88="B",4,IF(BD88="E",5)))) -> 4 | BF88: I | BG88: =IF(BF88="M",0,IF(BF88="I",2,IF(BF88="B",4,IF(BF88="E",5)))) -> 2 | BH88: B | BI88: =IF(BH88="M",0,IF(BH88="I",2,IF(BH88="B",4,IF(BH88="E",5)))) -> 4 | BJ88: B | BK88: =IF(BJ88="M",0,IF(BJ88="I",2,IF(BJ88="B",4,IF(BJ88="E",5)))) -> 4 | BL88: B | BM88: =IF(BL88="M",0,IF(BL88="I",2,IF(BL88="B",4,IF(BL88="E",5)))) -> 4 | BN88: B | BO88: =IF(BN88="M",0,IF(BN88="I",2,IF(BN88="B",4,IF(BN88="E",5)))) -> 4 | BP88: B | BQ88: =IF(BP88="M",0,IF(BP88="I",2,IF(BP88="B",4,IF(BP88="E",5)))) -> 4 | BR88: B | BS88: =IF(BR88="M",0,IF(BR88="I",2,IF(BR88="B",4,IF(BR88="E",5)))) -> 4 | BT88: B | BU88: =IF(BT88="M",0,IF(BT88="I",2,IF(BT88="B",4,IF(BT88="E",5)))) -> 4 | BV88: B | BW88: =IF(BV88="M",0,IF(BV88="I",2,IF(BV88="B",4,IF(BV88="E",5)))) -> 4 | BX88: B | BY88: =IF(BX88="M",0,IF(BX88="I",2,IF(BX88="B",4,IF(BX88="E",5)))) -> 4 | BZ88: B | CA88: =IF(BZ88="M",0,IF(BZ88="I",2,IF(BZ88="B",4,IF(BZ88="E",5)))) -> 4 | CB88: B | CC88: =IF(CB88="M",0,IF(CB88="I",2,IF(CB88="B",4,IF(CB88="E",5)))) -> 4 | CD88: B | CE88: =IF(CD88="M",0,IF(CD88="I",2,IF(CD88="B",4,IF(CD88="E",5)))) -> 4 | CF88: B | CG88: =IF(CF88="M",0,IF(CF88="I",2,IF(CF88="B",4,IF(CF88="E",5)))) -> 4 | CH88: B | CI88: =IF(CH88="M",0,IF(CH88="I",2,IF(CH88="B",4,IF(CH88="E",5)))) -> 4 | CJ88: M | CK88: =IF(CJ88="M",0,IF(CJ88="I",2,IF(CJ88="B",4,IF(CJ88="E",5)))) -> 0 | CL88: B | CM88: =IF(CL88="M",0,IF(CL88="I",2,IF(CL88="B",4,IF(CL88="E",5)))) -> 4 | CN88: B | CO88: =IF(CN88="M",0,IF(CN88="I",2,IF(CN88="B",4,IF(CN88="E",5)))) -> 4 | CP88: B | CQ88: =IF(CP88="M",0,IF(CP88="I",2,IF(CP88="B",4,IF(CP88="E",5)))) -> 4 | CR88: B | CS88: =IF(CR88="M",0,IF(CR88="I",2,IF(CR88="B",4,IF(CR88="E",5)))) -> 4 | CT88: B | CU88: =IF(CT88="M",0,IF(CT88="I",2,IF(CT88="B",4,IF(CT88="E",5)))) -> 4 | CV88: B | CW88: =IF(CV88="M",0,IF(CV88="I",2,IF(CV88="B",4,IF(CV88="E",5)))) -> 4 | CX88: B | CY88: =IF(CX88="M",0,IF(CX88="I",2,IF(CX88="B",4,IF(CX88="E",5)))) -> 4 | CZ88: B | DA88: =IF(CZ88="M",0,IF(CZ88="I",2,IF(CZ88="B",4,IF(CZ88="E",5)))) -> 4 | DB88: B | DC88: =IF(DB88="M",0,IF(DB88="I",2,IF(DB88="B",4,IF(DB88="E",5)))) -> 4 | DD88: B | DE88: =IF(DD88="M",0,IF(DD88="I",2,IF(DD88="B",4,IF(DD88="E",5)))) -> 4 | DF88: B | DG88: =IF(DF88="M",0,IF(DF88="I",2,IF(DF88="B",4,IF(DF88="E",5)))) -> 4 | DH88: B | DI88: =IF(DH88="M",0,IF(DH88="I",2,IF(DH88="B",4,IF(DH88="E",5)))) -> 4 | DJ88: I | DK88: =IF(DJ88="M",0,IF(DJ88="I",2,IF(DJ88="B",4,IF(DJ88="E",5)))) -> 2 | DL88: B | DM88: =IF(DL88="M",0,IF(DL88="I",2,IF(DL88="B",4,IF(DL88="E",5)))) -> 4 | DN88: B | DO88: =IF(DN88="M",0,IF(DN88="I",2,IF(DN88="B",4,IF(DN88="E",5)))) -> 4 | DP88: M | DQ88: =IF(DP88="M",0,IF(DP88="I",2,IF(DP88="B",4,IF(DP88="E",5)))) -> 0 | DR88: I | DS88: =IF(DR88="M",0,IF(DR88="I",2,IF(DR88="B",4,IF(DR88="E",5)))) -> 2 | DT88: I | DU88: =IF(DT88="M",0,IF(DT88="I",2,IF(DT88="B",4,IF(DT88="E",5)))) -> 2 | DV88: M | DW88: =IF(DV88="M",0,IF(DV88="I",2,IF(DV88="B",4,IF(DV88="E",5)))) -> 0 | DX88: M | DY88: =IF(DX88="M",0,IF(DX88="I",2,IF(DX88="B",4,IF(DX88="E",5)))) -> 0 | DZ88: B | EA88: =IF(DZ88="M",0,IF(DZ88="I",2,IF(DZ88="B",4,IF(DZ88="E",5)))) -> 4 | EB88: B | EC88: =IF(EB88="M",0,IF(EB88="I",2,IF(EB88="B",4,IF(EB88="E",5)))) -> 4 | ED88: I | EE88: =IF(ED88="M",0,IF(ED88="I",2,IF(ED88="B",4,IF(ED88="E",5)))) -> 2 | EF88: B | EG88: =IF(EF88="M",0,IF(EF88="I",2,IF(EF88="B",4,IF(EF88="E",5)))) -> 4 | EH88: B | EI88: =IF(EH88="M",0,IF(EH88="I",2,IF(EH88="B",4,IF(EH88="E",5)))) -> 4 | EJ88: B | EK88: =IF(EJ88="M",0,IF(EJ88="I",2,IF(EJ88="B",4,IF(EJ88="E",5)))) -> 4 | EL88: B | EM88: =IF(EL88="M",0,IF(EL88="I",2,IF(EL88="B",4,IF(EL88="E",5)))) -> 4 | EN88: M | EO88: =IF(EN88="M",0,IF(EN88="I",2,IF(EN88="B",4,IF(EN88="E",5)))) -> 0 | EP88: B | EQ88: =IF(EP88="M",0,IF(EP88="I",2,IF(EP88="B",4,IF(EP88="E",5)))) -> 4 | ER88: =+SUM(F88:EQ88) -> 230 | ES88: =+ER88/$EV$1 -> 0.64788732 | ET88: =IF(ES88>60%,"Autonome","Non Autonome") -> Autonome
A89: MAGHTALAHJAR | B89: PS Chegar Gadel | C89: Aichetou/Med | D89: 43312 | E89: Abou Abdoulaye Sow | F89: B | G89: =IF(F89="M",0,IF(F89="I",2,IF(F89="B",4,IF(F89="E",5)))) -> 4 | H89: B | I89: =IF(H89="M",0,IF(H89="I",2,IF(H89="B",4,IF(H89="E",5)))) -> 4 | J89: I | K89: =IF(J89="M",0,IF(J89="I",2,IF(J89="B",4,IF(J89="E",5)))) -> 2 | L89: B | M89: =IF(L89="M",0,IF(L89="I",2,IF(L89="B",4,IF(L89="E",5)))) -> 4 | N89: B | O89: =IF(N89="M",0,IF(N89="I",2,IF(N89="B",4,IF(N89="E",5)))) -> 4 | P89: B | Q89: =IF(P89="M",0,IF(P89="I",2,IF(P89="B",4,IF(P89="E",5)))) -> 4 | R89: I | S89: =IF(R89="M",0,IF(R89="I",2,IF(R89="B",4,IF(R89="E",5)))) -> 2 | T89: B | U89: =IF(T89="M",0,IF(T89="I",2,IF(T89="B",4,IF(T89="E",5)))) -> 4 | V89: B | W89: =IF(V89="M",0,IF(V89="I",2,IF(V89="B",4,IF(V89="E",5)))) -> 4 | X89: B | Y89: =IF(X89="M",0,IF(X89="I",2,IF(X89="B",4,IF(X89="E",5)))) -> 4 | Z89: I | AA89: =IF(Z89="M",0,IF(Z89="I",2,IF(Z89="B",4,IF(Z89="E",5)))) -> 2 | AB89: M | AC89: =IF(AB89="M",0,IF(AB89="I",2,IF(AB89="B",4,IF(AB89="E",5)))) -> 0 | AD89: B | AE89: =IF(AD89="M",0,IF(AD89="I",2,IF(AD89="B",4,IF(AD89="E",5)))) -> 4 | AF89: B | AG89: =IF(AF89="M",0,IF(AF89="I",2,IF(AF89="B",4,IF(AF89="E",5)))) -> 4 | AH89: B | AI89: =IF(AH89="M",0,IF(AH89="I",2,IF(AH89="B",4,IF(AH89="E",5)))) -> 4 | AJ89: B | AK89: =IF(AJ89="M",0,IF(AJ89="I",2,IF(AJ89="B",4,IF(AJ89="E",5)))) -> 4 | AL89: I | AM89: =IF(AL89="M",0,IF(AL89="I",2,IF(AL89="B",4,IF(AL89="E",5)))) -> 2 | AN89: B | AO89: =IF(AN89="M",0,IF(AN89="I",2,IF(AN89="B",4,IF(AN89="E",5)))) -> 4 | AP89: B | AQ89: =IF(AP89="M",0,IF(AP89="I",2,IF(AP89="B",4,IF(AP89="E",5)))) -> 4 | AR89: B | AS89: =IF(AR89="M",0,IF(AR89="I",2,IF(AR89="B",4,IF(AR89="E",5)))) -> 4 | AT89: B | AU89: =IF(AT89="M",0,IF(AT89="I",2,IF(AT89="B",4,IF(AT89="E",5)))) -> 4 | AV89: B | AW89: =IF(AV89="M",0,IF(AV89="I",2,IF(AV89="B",4,IF(AV89="E",5)))) -> 4 | AX89: B | AY89: =IF(AX89="M",0,IF(AX89="I",2,IF(AX89="B",4,IF(AX89="E",5)))) -> 4 | AZ89: B | BA89: =IF(AZ89="M",0,IF(AZ89="I",2,IF(AZ89="B",4,IF(AZ89="E",5)))) -> 4 | BB89: B | BC89: =IF(BB89="M",0,IF(BB89="I",2,IF(BB89="B",4,IF(BB89="E",5)))) -> 4 | BD89: B | BE89: =IF(BD89="M",0,IF(BD89="I",2,IF(BD89="B",4,IF(BD89="E",5)))) -> 4 | BF89: I | BG89: =IF(BF89="M",0,IF(BF89="I",2,IF(BF89="B",4,IF(BF89="E",5)))) -> 2 | BH89: B | BI89: =IF(BH89="M",0,IF(BH89="I",2,IF(BH89="B",4,IF(BH89="E",5)))) -> 4 | BJ89: B | BK89: =IF(BJ89="M",0,IF(BJ89="I",2,IF(BJ89="B",4,IF(BJ89="E",5)))) -> 4 | BL89: B | BM89: =IF(BL89="M",0,IF(BL89="I",2,IF(BL89="B",4,IF(BL89="E",5)))) -> 4 | BN89: I | BO89: =IF(BN89="M",0,IF(BN89="I",2,IF(BN89="B",4,IF(BN89="E",5)))) -> 2 | BP89: B | BQ89: =IF(BP89="M",0,IF(BP89="I",2,IF(BP89="B",4,IF(BP89="E",5)))) -> 4 | BR89: B | BS89: =IF(BR89="M",0,IF(BR89="I",2,IF(BR89="B",4,IF(BR89="E",5)))) -> 4 | BT89: B | BU89: =IF(BT89="M",0,IF(BT89="I",2,IF(BT89="B",4,IF(BT89="E",5)))) -> 4 | BV89: B | BW89: =IF(BV89="M",0,IF(BV89="I",2,IF(BV89="B",4,IF(BV89="E",5)))) -> 4 | BX89: B | BY89: =IF(BX89="M",0,IF(BX89="I",2,IF(BX89="B",4,IF(BX89="E",5)))) -> 4 | BZ89: B | CA89: =IF(BZ89="M",0,IF(BZ89="I",2,IF(BZ89="B",4,IF(BZ89="E",5)))) -> 4 | CB89: B | CC89: =IF(CB89="M",0,IF(CB89="I",2,IF(CB89="B",4,IF(CB89="E",5)))) -> 4 | CD89: B | CE89: =IF(CD89="M",0,IF(CD89="I",2,IF(CD89="B",4,IF(CD89="E",5)))) -> 4 | CF89: B | CG89: =IF(CF89="M",0,IF(CF89="I",2,IF(CF89="B",4,IF(CF89="E",5)))) -> 4 | CH89: B | CI89: =IF(CH89="M",0,IF(CH89="I",2,IF(CH89="B",4,IF(CH89="E",5)))) -> 4 | CJ89: M | CK89: =IF(CJ89="M",0,IF(CJ89="I",2,IF(CJ89="B",4,IF(CJ89="E",5)))) -> 0 | CL89: B | CM89: =IF(CL89="M",0,IF(CL89="I",2,IF(CL89="B",4,IF(CL89="E",5)))) -> 4 | CN89: B | CO89: =IF(CN89="M",0,IF(CN89="I",2,IF(CN89="B",4,IF(CN89="E",5)))) -> 4 | CP89: B | CQ89: =IF(CP89="M",0,IF(CP89="I",2,IF(CP89="B",4,IF(CP89="E",5)))) -> 4 | CR89: B | CS89: =IF(CR89="M",0,IF(CR89="I",2,IF(CR89="B",4,IF(CR89="E",5)))) -> 4 | CT89: B | CU89: =IF(CT89="M",0,IF(CT89="I",2,IF(CT89="B",4,IF(CT89="E",5)))) -> 4 | CV89: B | CW89: =IF(CV89="M",0,IF(CV89="I",2,IF(CV89="B",4,IF(CV89="E",5)))) -> 4 | CX89: B | CY89: =IF(CX89="M",0,IF(CX89="I",2,IF(CX89="B",4,IF(CX89="E",5)))) -> 4 | CZ89: B | DA89: =IF(CZ89="M",0,IF(CZ89="I",2,IF(CZ89="B",4,IF(CZ89="E",5)))) -> 4 | DB89: B | DC89: =IF(DB89="M",0,IF(DB89="I",2,IF(DB89="B",4,IF(DB89="E",5)))) -> 4 | DD89: B | DE89: =IF(DD89="M",0,IF(DD89="I",2,IF(DD89="B",4,IF(DD89="E",5)))) -> 4 | DF89: I | DG89: =IF(DF89="M",0,IF(DF89="I",2,IF(DF89="B",4,IF(DF89="E",5)))) -> 2 | DH89: I | DI89: =IF(DH89="M",0,IF(DH89="I",2,IF(DH89="B",4,IF(DH89="E",5)))) -> 2 | DJ89: I | DK89: =IF(DJ89="M",0,IF(DJ89="I",2,IF(DJ89="B",4,IF(DJ89="E",5)))) -> 2 | DL89: B | DM89: =IF(DL89="M",0,IF(DL89="I",2,IF(DL89="B",4,IF(DL89="E",5)))) -> 4 | DN89: B | DO89: =IF(DN89="M",0,IF(DN89="I",2,IF(DN89="B",4,IF(DN89="E",5)))) -> 4 | DP89: M | DQ89: =IF(DP89="M",0,IF(DP89="I",2,IF(DP89="B",4,IF(DP89="E",5)))) -> 0 | DR89: I | DS89: =IF(DR89="M",0,IF(DR89="I",2,IF(DR89="B",4,IF(DR89="E",5)))) -> 2 | DT89: E | DU89: =IF(DT89="M",0,IF(DT89="I",2,IF(DT89="B",4,IF(DT89="E",5)))) -> 5 | DV89: M | DW89: =IF(DV89="M",0,IF(DV89="I",2,IF(DV89="B",4,IF(DV89="E",5)))) -> 0 | DX89: M | DY89: =IF(DX89="M",0,IF(DX89="I",2,IF(DX89="B",4,IF(DX89="E",5)))) -> 0 | DZ89: B | EA89: =IF(DZ89="M",0,IF(DZ89="I",2,IF(DZ89="B",4,IF(DZ89="E",5)))) -> 4 | EB89: B | EC89: =IF(EB89="M",0,IF(EB89="I",2,IF(EB89="B",4,IF(EB89="E",5)))) -> 4 | ED89: B | EE89: =IF(ED89="M",0,IF(ED89="I",2,IF(ED89="B",4,IF(ED89="E",5)))) -> 4 | EF89: B | EG89: =IF(EF89="M",0,IF(EF89="I",2,IF(EF89="B",4,IF(EF89="E",5)))) -> 4 | EH89: B | EI89: =IF(EH89="M",0,IF(EH89="I",2,IF(EH89="B",4,IF(EH89="E",5)))) -> 4 | EJ89: M | EK89: =IF(EJ89="M",0,IF(EJ89="I",2,IF(EJ89="B",4,IF(EJ89="E",5)))) -> 0 | EL89: B | EM89: =IF(EL89="M",0,IF(EL89="I",2,IF(EL89="B",4,IF(EL89="E",5)))) -> 4 | EN89: M | EO89: =IF(EN89="M",0,IF(EN89="I",2,IF(EN89="B",4,IF(EN89="E",5)))) -> 0 | EP89: I | EQ89: =IF(EP89="M",0,IF(EP89="I",2,IF(EP89="B",4,IF(EP89="E",5)))) -> 2 | ER89: =+SUM(F89:EQ89) -> 235 | ES89: =+ER89/$EV$1 -> 0.66197183 | ET89: =IF(ES89>60%,"Autonome","Non Autonome") -> Autonome
A90: MAGHTALAHJAR | B90: PS Bouvkeirine | C90: Aichetou/ Med | D90: 43312 | E90: Abou Abdoulaye Sow | F90: I | G90: =IF(F90="M",0,IF(F90="I",2,IF(F90="B",4,IF(F90="E",5)))) -> 2 | H90: M | I90: =IF(H90="M",0,IF(H90="I",2,IF(H90="B",4,IF(H90="E",5)))) -> 0 | J90: I | K90: =IF(J90="M",0,IF(J90="I",2,IF(J90="B",4,IF(J90="E",5)))) -> 2 | L90: I | M90: =IF(L90="M",0,IF(L90="I",2,IF(L90="B",4,IF(L90="E",5)))) -> 2 | N90: B | O90: =IF(N90="M",0,IF(N90="I",2,IF(N90="B",4,IF(N90="E",5)))) -> 4 | P90: B | Q90: =IF(P90="M",0,IF(P90="I",2,IF(P90="B",4,IF(P90="E",5)))) -> 4 | R90: I | S90: =IF(R90="M",0,IF(R90="I",2,IF(R90="B",4,IF(R90="E",5)))) -> 2 | T90: B | U90: =IF(T90="M",0,IF(T90="I",2,IF(T90="B",4,IF(T90="E",5)))) -> 4 | V90: B | W90: =IF(V90="M",0,IF(V90="I",2,IF(V90="B",4,IF(V90="E",5)))) -> 4 | X90: I | Y90: =IF(X90="M",0,IF(X90="I",2,IF(X90="B",4,IF(X90="E",5)))) -> 2 | Z90: I | AA90: =IF(Z90="M",0,IF(Z90="I",2,IF(Z90="B",4,IF(Z90="E",5)))) -> 2 | AB90: M | AC90: =IF(AB90="M",0,IF(AB90="I",2,IF(AB90="B",4,IF(AB90="E",5)))) -> 0 | AD90: B | AE90: =IF(AD90="M",0,IF(AD90="I",2,IF(AD90="B",4,IF(AD90="E",5)))) -> 4 | AF90: B | AG90: =IF(AF90="M",0,IF(AF90="I",2,IF(AF90="B",4,IF(AF90="E",5)))) -> 4 | AH90: B | AI90: =IF(AH90="M",0,IF(AH90="I",2,IF(AH90="B",4,IF(AH90="E",5)))) -> 4 | AJ90: B | AK90: =IF(AJ90="M",0,IF(AJ90="I",2,IF(AJ90="B",4,IF(AJ90="E",5)))) -> 4 | AL90: M | AM90: =IF(AL90="M",0,IF(AL90="I",2,IF(AL90="B",4,IF(AL90="E",5)))) -> 0 | AN90: B | AO90: =IF(AN90="M",0,IF(AN90="I",2,IF(AN90="B",4,IF(AN90="E",5)))) -> 4 | AP90: I | AQ90: =IF(AP90="M",0,IF(AP90="I",2,IF(AP90="B",4,IF(AP90="E",5)))) -> 2 | AR90: M | AS90: =IF(AR90="M",0,IF(AR90="I",2,IF(AR90="B",4,IF(AR90="E",5)))) -> 0 | AT90: I | AU90: =IF(AT90="M",0,IF(AT90="I",2,IF(AT90="B",4,IF(AT90="E",5)))) -> 2 | AV90: B | AW90: =IF(AV90="M",0,IF(AV90="I",2,IF(AV90="B",4,IF(AV90="E",5)))) -> 4 | AX90: I | AY90: =IF(AX90="M",0,IF(AX90="I",2,IF(AX90="B",4,IF(AX90="E",5)))) -> 2 | AZ90: M | BA90: =IF(AZ90="M",0,IF(AZ90="I",2,IF(AZ90="B",4,IF(AZ90="E",5)))) -> 0 | BB90: B | BC90: =IF(BB90="M",0,IF(BB90="I",2,IF(BB90="B",4,IF(BB90="E",5)))) -> 4 | BD90: B | BE90: =IF(BD90="M",0,IF(BD90="I",2,IF(BD90="B",4,IF(BD90="E",5)))) -> 4 | BF90: I | BG90: =IF(BF90="M",0,IF(BF90="I",2,IF(BF90="B",4,IF(BF90="E",5)))) -> 2 | BH90: B | BI90: =IF(BH90="M",0,IF(BH90="I",2,IF(BH90="B",4,IF(BH90="E",5)))) -> 4 | BJ90: B | BK90: =IF(BJ90="M",0,IF(BJ90="I",2,IF(BJ90="B",4,IF(BJ90="E",5)))) -> 4 | BL90: I | BM90: =IF(BL90="M",0,IF(BL90="I",2,IF(BL90="B",4,IF(BL90="E",5)))) -> 2 | BN90: B | BO90: =IF(BN90="M",0,IF(BN90="I",2,IF(BN90="B",4,IF(BN90="E",5)))) -> 4 | BP90: I | BQ90: =IF(BP90="M",0,IF(BP90="I",2,IF(BP90="B",4,IF(BP90="E",5)))) -> 2 | BR90: I | BS90: =IF(BR90="M",0,IF(BR90="I",2,IF(BR90="B",4,IF(BR90="E",5)))) -> 2 | BT90: I | BU90: =IF(BT90="M",0,IF(BT90="I",2,IF(BT90="B",4,IF(BT90="E",5)))) -> 2 | BV90: I | BW90: =IF(BV90="M",0,IF(BV90="I",2,IF(BV90="B",4,IF(BV90="E",5)))) -> 2 | BX90: B | BY90: =IF(BX90="M",0,IF(BX90="I",2,IF(BX90="B",4,IF(BX90="E",5)))) -> 4 | BZ90: B | CA90: =IF(BZ90="M",0,IF(BZ90="I",2,IF(BZ90="B",4,IF(BZ90="E",5)))) -> 4 | CB90: I | CC90: =IF(CB90="M",0,IF(CB90="I",2,IF(CB90="B",4,IF(CB90="E",5)))) -> 2 | CD90: B | CE90: =IF(CD90="M",0,IF(CD90="I",2,IF(CD90="B",4,IF(CD90="E",5)))) -> 4 | CF90: M | CG90: =IF(CF90="M",0,IF(CF90="I",2,IF(CF90="B",4,IF(CF90="E",5)))) -> 0 | CH90: I | CI90: =IF(CH90="M",0,IF(CH90="I",2,IF(CH90="B",4,IF(CH90="E",5)))) -> 2 | CJ90: M | CK90: =IF(CJ90="M",0,IF(CJ90="I",2,IF(CJ90="B",4,IF(CJ90="E",5)))) -> 0 | CL90: B | CM90: =IF(CL90="M",0,IF(CL90="I",2,IF(CL90="B",4,IF(CL90="E",5)))) -> 4 | CN90: B | CO90: =IF(CN90="M",0,IF(CN90="I",2,IF(CN90="B",4,IF(CN90="E",5)))) -> 4 | CP90: B | CQ90: =IF(CP90="M",0,IF(CP90="I",2,IF(CP90="B",4,IF(CP90="E",5)))) -> 4 | CR90: B | CS90: =IF(CR90="M",0,IF(CR90="I",2,IF(CR90="B",4,IF(CR90="E",5)))) -> 4 | CT90: I | CU90: =IF(CT90="M",0,IF(CT90="I",2,IF(CT90="B",4,IF(CT90="E",5)))) -> 2 | CV90: I | CW90: =IF(CV90="M",0,IF(CV90="I",2,IF(CV90="B",4,IF(CV90="E",5)))) -> 2 | CX90: I | CY90: =IF(CX90="M",0,IF(CX90="I",2,IF(CX90="B",4,IF(CX90="E",5)))) -> 2 | CZ90: I | DA90: =IF(CZ90="M",0,IF(CZ90="I",2,IF(CZ90="B",4,IF(CZ90="E",5)))) -> 2 | DB90: I | DC90: =IF(DB90="M",0,IF(DB90="I",2,IF(DB90="B",4,IF(DB90="E",5)))) -> 2 | DD90: M | DE90: =IF(DD90="M",0,IF(DD90="I",2,IF(DD90="B",4,IF(DD90="E",5)))) -> 0 | DF90: I | DG90: =IF(DF90="M",0,IF(DF90="I",2,IF(DF90="B",4,IF(DF90="E",5)))) -> 2 | DH90: B | DI90: =IF(DH90="M",0,IF(DH90="I",2,IF(DH90="B",4,IF(DH90="E",5)))) -> 4 | DJ90: B | DK90: =IF(DJ90="M",0,IF(DJ90="I",2,IF(DJ90="B",4,IF(DJ90="E",5)))) -> 4 | DL90: B | DM90: =IF(DL90="M",0,IF(DL90="I",2,IF(DL90="B",4,IF(DL90="E",5)))) -> 4 | DN90: B | DO90: =IF(DN90="M",0,IF(DN90="I",2,IF(DN90="B",4,IF(DN90="E",5)))) -> 4 | DP90: M | DQ90: =IF(DP90="M",0,IF(DP90="I",2,IF(DP90="B",4,IF(DP90="E",5)))) -> 0 | DR90: I | DS90: =IF(DR90="M",0,IF(DR90="I",2,IF(DR90="B",4,IF(DR90="E",5)))) -> 2 | DT90: I | DU90: =IF(DT90="M",0,IF(DT90="I",2,IF(DT90="B",4,IF(DT90="E",5)))) -> 2 | DV90: M | DW90: =IF(DV90="M",0,IF(DV90="I",2,IF(DV90="B",4,IF(DV90="E",5)))) -> 0 | DX90: M | DY90: =IF(DX90="M",0,IF(DX90="I",2,IF(DX90="B",4,IF(DX90="E",5)))) -> 0 | DZ90: B | EA90: =IF(DZ90="M",0,IF(DZ90="I",2,IF(DZ90="B",4,IF(DZ90="E",5)))) -> 4 | EB90: M | EC90: =IF(EB90="M",0,IF(EB90="I",2,IF(EB90="B",4,IF(EB90="E",5)))) -> 0 | ED90: B | EE90: =IF(ED90="M",0,IF(ED90="I",2,IF(ED90="B",4,IF(ED90="E",5)))) -> 4 | EF90: B | EG90: =IF(EF90="M",0,IF(EF90="I",2,IF(EF90="B",4,IF(EF90="E",5)))) -> 4 | EH90: B | EI90: =IF(EH90="M",0,IF(EH90="I",2,IF(EH90="B",4,IF(EH90="E",5)))) -> 4 | EJ90: I | EK90: =IF(EJ90="M",0,IF(EJ90="I",2,IF(EJ90="B",4,IF(EJ90="E",5)))) -> 2 | EL90: B | EM90: =IF(EL90="M",0,IF(EL90="I",2,IF(EL90="B",4,IF(EL90="E",5)))) -> 4 | EN90: M | EO90: =IF(EN90="M",0,IF(EN90="I",2,IF(EN90="B",4,IF(EN90="E",5)))) -> 0 | EP90: M | EQ90: =IF(EP90="M",0,IF(EP90="I",2,IF(EP90="B",4,IF(EP90="E",5)))) -> 0 | ER90: =+SUM(F90:EQ90) -> 176 | ES90: =+ER90/$EV$1 -> 0.49577465 | ET90: =IF(ES90>60%,"Autonome","Non Autonome") -> Non Autonome
... A154: ALEG | B154: CS Aleg | C154: Sidi Med Mouhamdy | D154: 43318 | E154: Mohamed Youga | F154: B | G154: =IF(F154="M",0,IF(F154="I",2,IF(F154="B",4,IF(F154="E",5)))) -> 4 | H154: B | I154: =IF(H154="M",0,IF(H154="I",2,IF(H154="B",4,IF(H154="E",5)))) -> 4 | J154: B | K154: =IF(J154="M",0,IF(J154="I",2,IF(J154="B",4,IF(J154="E",5)))) -> 4 | L154: B | M154: =IF(L154="M",0,IF(L154="I",2,IF(L154="B",4,IF(L154="E",5)))) -> 4 | N154: B | O154: =IF(N154="M",0,IF(N154="I",2,IF(N154="B",4,IF(N154="E",5)))) -> 4 | P154: B | Q154: =IF(P154="M",0,IF(P154="I",2,IF(P154="B",4,IF(P154="E",5)))) -> 4 | R154: B | S154: =IF(R154="M",0,IF(R154="I",2,IF(R154="B",4,IF(R154="E",5)))) -> 4 | T154: B | U154: =IF(T154="M",0,IF(T154="I",2,IF(T154="B",4,IF(T154="E",5)))) -> 4 | V154: B | W154: =IF(V154="M",0,IF(V154="I",2,IF(V154="B",4,IF(V154="E",5)))) -> 4 | X154: I | Y154: =IF(X154="M",0,IF(X154="I",2,IF(X154="B",4,IF(X154="E",5)))) -> 2 | Z154: I | AA154: =IF(Z154="M",0,IF(Z154="I",2,IF(Z154="B",4,IF(Z154="E",5)))) -> 2 | AB154: I | AC154: =IF(AB154="M",0,IF(AB154="I",2,IF(AB154="B",4,IF(AB154="E",5)))) -> 2 | AD154: I | AE154: =IF(AD154="M",0,IF(AD154="I",2,IF(AD154="B",4,IF(AD154="E",5)))) -> 2 | AF154: I | AG154: =IF(AF154="M",0,IF(AF154="I",2,IF(AF154="B",4,IF(AF154="E",5)))) -> 2 | AH154: B | AI154: =IF(AH154="M",0,IF(AH154="I",2,IF(AH154="B",4,IF(AH154="E",5)))) -> 4 | AJ154: I | AK154: =IF(AJ154="M",0,IF(AJ154="I",2,IF(AJ154="B",4,IF(AJ154="E",5)))) -> 2 | AL154: M | AM154: =IF(AL154="M",0,IF(AL154="I",2,IF(AL154="B",4,IF(AL154="E",5)))) -> 0 | AN154: I | AO154: =IF(AN154="M",0,IF(AN154="I",2,IF(AN154="B",4,IF(AN154="E",5)))) -> 2 | AP154: I | AQ154: =IF(AP154="M",0,IF(AP154="I",2,IF(AP154="B",4,IF(AP154="E",5)))) -> 2 | AR154: B | AS154: =IF(AR154="M",0,IF(AR154="I",2,IF(AR154="B",4,IF(AR154="E",5)))) -> 4 | AT154: I | AU154: =IF(AT154="M",0,IF(AT154="I",2,IF(AT154="B",4,IF(AT154="E",5)))) -> 2 | AV154: I | AW154: =IF(AV154="M",0,IF(AV154="I",2,IF(AV154="B",4,IF(AV154="E",5)))) -> 2 | AX154: B | AY154: =IF(AX154="M",0,IF(AX154="I",2,IF(AX154="B",4,IF(AX154="E",5)))) -> 4 | AZ154: B | BA154: =IF(AZ154="M",0,IF(AZ154="I",2,IF(AZ154="B",4,IF(AZ154="E",5)))) -> 4 | BB154: I | BC154: =IF(BB154="M",0,IF(BB154="I",2,IF(BB154="B",4,IF(BB154="E",5)))) -> 2 | BD154: B | BE154: =IF(BD154="M",0,IF(BD154="I",2,IF(BD154="B",4,IF(BD154="E",5)))) -> 4 | BF154: B | BG154: =IF(BF154="M",0,IF(BF154="I",2,IF(BF154="B",4,IF(BF154="E",5)))) -> 4 | BH154: B | BI154: =IF(BH154="M",0,IF(BH154="I",2,IF(BH154="B",4,IF(BH154="E",5)))) -> 4 | BJ154: B | BK154: =IF(BJ154="M",0,IF(BJ154="I",2,IF(BJ154="B",4,IF(BJ154="E",5)))) -> 4 | BL154: B | BM154: =IF(BL154="M",0,IF(BL154="I",2,IF(BL154="B",4,IF(BL154="E",5)))) -> 4 | BN154: I | BO154: =IF(BN154="M",0,IF(BN154="I",2,IF(BN154="B",4,IF(BN154="E",5)))) -> 2 | BP154: I | BQ154: =IF(BP154="M",0,IF(BP154="I",2,IF(BP154="B",4,IF(BP154="E",5)))) -> 2 | BR154: B | BS154: =IF(BR154="M",0,IF(BR154="I",2,IF(BR154="B",4,IF(BR154="E",5)))) -> 4 | BT154: I | BU154: =IF(BT154="M",0,IF(BT154="I",2,IF(BT154="B",4,IF(BT154="E",5)))) -> 2 | BV154: I | BW154: =IF(BV154="M",0,IF(BV154="I",2,IF(BV154="B",4,IF(BV154="E",5)))) -> 2 | BX154: B | BY154: =IF(BX154="M",0,IF(BX154="I",2,IF(BX154="B",4,IF(BX154="E",5)))) -> 4 | BZ154: B | CA154: =IF(BZ154="M",0,IF(BZ154="I",2,IF(BZ154="B",4,IF(BZ154="E",5)))) -> 4 | CB154: B | CC154: =IF(CB154="M",0,IF(CB154="I",2,IF(CB154="B",4,IF(CB154="E",5)))) -> 4 | CD154: B | CE154: =IF(CD154="M",0,IF(CD154="I",2,IF(CD154="B",4,IF(CD154="E",5)))) -> 4 | CF154: B | CG154: =IF(CF154="M",0,IF(CF154="I",2,IF(CF154="B",4,IF(CF154="E",5)))) -> 4 | CH154: I | CI154: =IF(CH154="M",0,IF(CH154="I",2,IF(CH154="B",4,IF(CH154="E",5)))) -> 2 | CJ154: B | CK154: =IF(CJ154="M",0,IF(CJ154="I",2,IF(CJ154="B",4,IF(CJ154="E",5)))) -> 4 | CL154: I | CM154: =IF(CL154="M",0,IF(CL154="I",2,IF(CL154="B",4,IF(CL154="E",5)))) -> 2 | CN154: B | CO154: =IF(CN154="M",0,IF(CN154="I",2,IF(CN154="B",4,IF(CN154="E",5)))) -> 4 | CP154: B | CQ154: =IF(CP154="M",0,IF(CP154="I",2,IF(CP154="B",4,IF(CP154="E",5)))) -> 4 | CR154: B | CS154: =IF(CR154="M",0,IF(CR154="I",2,IF(CR154="B",4,IF(CR154="E",5)))) -> 4 | CT154: B | CU154: =IF(CT154="M",0,IF(CT154="I",2,IF(CT154="B",4,IF(CT154="E",5)))) -> 4 | CV154: B | CW154: =IF(CV154="M",0,IF(CV154="I",2,IF(CV154="B",4,IF(CV154="E",5)))) -> 4 | CX154: I | CY154: =IF(CX154="M",0,IF(CX154="I",2,IF(CX154="B",4,IF(CX154="E",5)))) -> 2 | CZ154: I | DA154: =IF(CZ154="M",0,IF(CZ154="I",2,IF(CZ154="B",4,IF(CZ154="E",5)))) -> 2 | DB154: B | DC154: =IF(DB154="M",0,IF(DB154="I",2,IF(DB154="B",4,IF(DB154="E",5)))) -> 4 | DD154: B | DE154: =IF(DD154="M",0,IF(DD154="I",2,IF(DD154="B",4,IF(DD154="E",5)))) -> 4 | DF154: B | DG154: =IF(DF154="M",0,IF(DF154="I",2,IF(DF154="B",4,IF(DF154="E",5)))) -> 4 | DH154: B | DI154: =IF(DH154="M",0,IF(DH154="I",2,IF(DH154="B",4,IF(DH154="E",5)))) -> 4 | DJ154: B | DK154: =IF(DJ154="M",0,IF(DJ154="I",2,IF(DJ154="B",4,IF(DJ154="E",5)))) -> 4 | DL154: I | DM154: =IF(DL154="M",0,IF(DL154="I",2,IF(DL154="B",4,IF(DL154="E",5)))) -> 2 | DN154: B | DO154: =IF(DN154="M",0,IF(DN154="I",2,IF(DN154="B",4,IF(DN154="E",5)))) -> 4 | DP154: B | DQ154: =IF(DP154="M",0,IF(DP154="I",2,IF(DP154="B",4,IF(DP154="E",5)))) -> 4 | DR154: I | DS154: =IF(DR154="M",0,IF(DR154="I",2,IF(DR154="B",4,IF(DR154="E",5)))) -> 2 | DT154: B | DU154: =IF(DT154="M",0,IF(DT154="I",2,IF(DT154="B",4,IF(DT154="E",5)))) -> 4 | DV154: B | DW154: =IF(DV154="M",0,IF(DV154="I",2,IF(DV154="B",4,IF(DV154="E",5)))) -> 4 | DX154: B | DY154: =IF(DX154="M",0,IF(DX154="I",2,IF(DX154="B",4,IF(DX154="E",5)))) -> 4 | DZ154: I | EA154: =IF(DZ154="M",0,IF(DZ154="I",2,IF(DZ154="B",4,IF(DZ154="E",5)))) -> 2 | EB154: B | EC154: =IF(EB154="M",0,IF(EB154="I",2,IF(EB154="B",4,IF(EB154="E",5)))) -> 4 | ED154: B | EE154: =IF(ED154="M",0,IF(ED154="I",2,IF(ED154="B",4,IF(ED154="E",5)))) -> 4 | EF154: B | EG154: =IF(EF154="M",0,IF(EF154="I",2,IF(EF154="B",4,IF(EF154="E",5)))) -> 4 | EH154: I | EI154: =IF(EH154="M",0,IF(EH154="I",2,IF(EH154="B",4,IF(EH154="E",5)))) -> 2 | EJ154: I | EK154: =IF(EJ154="M",0,IF(EJ154="I",2,IF(EJ154="B",4,IF(EJ154="E",5)))) -> 2 | EL154: I | EM154: =IF(EL154="M",0,IF(EL154="I",2,IF(EL154="B",4,IF(EL154="E",5)))) -> 2 | EN154: I | EO154: =IF(EN154="M",0,IF(EN154="I",2,IF(EN154="B",4,IF(EN154="E",5)))) -> 2 | EP154: I | EQ154: =IF(EP154="M",0,IF(EP154="I",2,IF(EP154="B",4,IF(EP154="E",5)))) -> 2 | ER154: =+SUM(F154:EQ154) -> 226 | ES154: =+ER154/$EV$1 -> 0.63661972 | ET154: =IF(ES154>60%,"Autonome","Non Autonome") -> Autonome

Sheet Feuil2
B3: ALEG | C3: MBAGNE | D3: MBAGNE | E3: MBAGNE | F3: ALEG | G3: BABABE | H3: BABABE | I3: MAGHTALAHJAR | J3: BABABE | K3: BABABE | L3: BABABE | M3: BABABE | N3: BABABE | O3: BABABE | P3: MBAGNE | Q3: ALEG | R3: MBAGNE | S3: MAGHTALAHJAR | T3: BABABE | U3: BABABE | V3: MBAGNE | W3: BABABE | X3: ALEG | Y3: MAGHTALAHJAR | Z3: MBAGNE | AA3: ALEG | AB3: MBAGNE | AC3: ALEG | AD3: MAGHTALAHJAR | AE3: MBAGNE | AF3: ALEG | AG3: MAGHTALAHJAR | AH3: MBAGNE | AI3: MBAGNE | AJ3: MAGHTALAHJAR | AK3: MBAGNE | AL3: ALEG | AM3: MBAGNE | AN3: BOGHE | AO3: BOGHE | AP3: ALEG | AQ3: BOGHE | AR3: BOGHE | AS3: BOGHE | AT3: BOGHE | AU3: BOGHE | AV3: BOGHE | AW3: BOGHE | AX3: BOGHE | AY3: BOGHE | AZ3: BOGHE | BA3: BOGHE | BB3: BOGHE | BC3: MBAGNE | BD3: ALEG | BE3: BOGHE | BF3: BOGHE | BG3: BOGHE | BH3: ALEG | BI3: MAGHTALAHJAR | BJ3: MAGHTALAHJAR | BK3: ALEG | BL3: ALEG | BM3: ALEG | BN3: ALEG | BO3: ALEG | BP3: ALEG | BQ3: ALEG | BR3: ALEG | BS3: MAGHTALAHJAR | BT3: MAGHTALAHJAR | BU3: MAGHTALAHJAR | BV3: MAGHTALAHJAR | BW3: MAGHTALAHJAR
B4: CS Aleg | C4: PS Ndiawaldy mango | D4: PS Mbahé | E4: PS Haimedatt | F4: PS Dhlim | G4: CS Bababe | H4: PS Aere gollere | I4: PS Touelate | J4: PS Aere mbar | K4: PS Vorea | L4: PS Wethy | M4: PS Tadjoukel | N4: PS Abdalla Diérry | O4: PS Tenzah | P4: PS Dabbé | Q4: PS Zeglane | R4: Ps Bagodine | S4: PS Gweiwe | T4: PS Seno Boussobe | U4: PS Bolol Dogo | V4: PS Hijaj | W4: PS Dioudé Diery | X4: Ps Male | Y4: PS Likhteit | Z4: PS Garlol | AA4: PS Benar | AB4: PS wending | AC4: PS Lealeibat | AD4: CS Maghta lahjar | AE4: PS Fondou | AF4: PS Sag El Mohr | AG4: PS Wad-emour | AH4: PS Mbotto | AI4: Ps Ferrala | AJ4: PS Chelkhet Demba | AK4: PS Sorimalé | AL4: PS Bouksess | AM4: PS NIABINA | AN4: PS Thidé | AO4: PS Waboundé | AP4: PS Tayba | AQ4: PS Dar El Avia | AR4: PS sarandogou | AS4: CS Boghe | AT4: PS Ndiorol | AU4: PS Ngoral Guidale | AV4: PS Olo ologa | AW4: PS Chame | AX4: PS Sinthiane Diama | AY4: PS Diatar | AZ4: PS Eleibe Dakhlani | BA4: PS Dar Salam | BB4: PS Avdjeijir | BC4: CS Mbagne | BD4: PS Timbara | BE4: PS dar el barka | BF4: PS Nioly | BG4: PS Thialgou | BH4: PS Chegar | BI4: PS Bouvkeirine | BJ4: PS SANGRAVA | BK4: PS Beled Teyb | BL4: PS Aghchourguitt | BM4: PS Legned | BN4: Ps Burat | BO4: PS Zrag Ainou | BP4: PS Agoueida | BQ4: PS El Batha | BR4: Ps Bouhdida | BS4: PS Toweijekjit | BT4: PS Menhar | BU4: PS Djownaba | BV4: PS Bidjingal | BW4: PS Chegar Gadel
B5: Sidi Med Mouhamdy | C5: Bâ hamet abdarahmane | D5: Bâ hamet abdrahmane | E5: Dia Mohammed | F5: Sidi Mohamed Mouhamdy | G5: Gaye demba soumare | H5: Gaye demba soumare | I5: Aichetou/ Med | J5: Gaye demba soumare | K5: Gaye demba soumare | L5: Gaye samba soumare | M5: Gaye demba soumare | N5: Gaye demba soumare | O5: Gaye demba soumare | P5: Bâ hamet abdaramane | Q5: Sidi Med Mouhamdy | R5: Bâ hamet abdaramane | S5: Aichetou/ Med | T5: Gaye demba soumare | U5: Gaye demba soumare | V5: Bâ hamet abdaramane | W5: Gaye demba soumare | X5: Sidi Mohamed Mouhamdy | Y5: Aichetou/ Med | Z5: Bâ hamet abdaramane | AA5: Sidi Med Mouhamdy | AB5: Bâ hamet abdaramane | AC5: Sidi Med Mouhamdy | AD5: Aichetou/ Med | AE5: Bâ hamet abdaramane | AF5: Sidi Mohamed Mouhamdy | AG5: Aichetou/ Med | AH5: Ba hamet abdaramane | AI5: Bâ hamet abdaramane | AJ5: Aichetou/ Med | AK5: Bâ hamet | AL5: Sidi Med Mouhamdi | AM5: Bâ hamet | AN5: Aminata Hamidou Barry | AO5: Aminata Hamidou Barry | AP5: Sidi Med Mouhamdy | AQ5: Aminata Hamidou Barry | AR5: Aminata Hamidou Barry | AS5: Aminata Hamidou Barry | AT5: Aminata Hamidou Barry | AU5: Aminata Hamidou Barry | AV5: Aminata Hamidou Barry | AW5: Aminata Hamidou Barry | AX5: Aminata Hamidou Barry | AY5: Aminata Hamidou Barry | AZ5: Aminata Hamidou Barry | BA5: Aminata Hamidou Barry | BB5: Aminata Hamidou Barry | BC5: Bâ hamet | BD5: Sidi Med Mouhamdy | BE5: Aminata Hamidou Barry | BF5: Aminata Hamidou Barry | BG5: Aminata Hamidou Barry | BH5: Sidi Med Mouhamdy | BI5: Aichetou/ Med | BJ5: Aichetou/ Med | BK5: Sidi Med Mouhamdy | BL5: Sidi Med Mouhamdy | BM5: Sidi Med Mouhamdy | BN5: Sidi Med Mohamdy | BO5: Sidi Med Mouhamdy | BP5: Sidi Med Mouhamdy | BQ5: Sidi Med Mouhamdy | BR5: Sidi Med Mouhamdy | BS5: Aichetou / Med | BT5: Aichetou/ Med | BU5: Aichetou/ Med | BV5: Aichetou/ Med | BW5: Aichetou/ Med
B6: 43272 | C6: 43273 | D6: 43273 | E6: 43271 | F6: 43277 | G6: 43271 | H6: 43272 | I6: 43277 | J6: 43272 | K6: 43276 | L6: 43272 | M6: 43272 | N6: 43271 | O6: 43273 | P6: 43272 | Q6: 43278 | R6: 43273 | S6: 43273 | T6: 43276 | U6: 43272 | V6: 43273 | W6: 43273 | X6: 43277 | Y6: 43277 | Z6: 43273 | AA6: 43276 | AB6: 43272 | AC6: 43273 | AD6: 43278 | AE6: 43272 | AF6: 43276 | AG6: 43277 | AH6: 43272 | AI6: 43271 | AJ6: 43276 | AK6: 43272 | AL6: 43278 | AM6: 43271 | AN6: 43271 | AO6: 43271 | AP6: 43271 | AQ6: 43272 | AR6: 43272 | AS6: 43273 | AT6: 43276 | AU6: 43276 | AV6: 43276 | AW6: 43276 | AX6: 43276 | AY6: 43277 | AZ6: 43277 | BA6: 43277 | BB6: 43278 | BC6: 43253 | BD6: 43276 | BE6: 43278 | BF6: 43278 | BG6: 43271 | BH6: 43277 | BI6: 43271 | BJ6: 43272 | BK6: 43271 | BL6: 43272 | BM6: 43277 | BN6: 43277 | BO6: 43278 | BP6: 43278 | BQ6: 43277 | BR6: 43271 | BS6: 43272 | BT6: 43278 | BU6: 43276 | BV6: 43271 | BW6: 43271
B7: Mohamed Youga | C7: Dia mohamed | D7: Dia mohamed | E7: Bâ hamet abdaramane | F7: Mohamed Youga | G7: Diou Abdoulaye | H7: Diou Abdoulaye | I7: Abou Abdoulaye Sow | J7: Diou Abdoulaye | K7: Diou Abdoulaye | L7: Diou Abdoulaye | M7: Diou Abdoulaye | N7: Diou Abdoulaye | O7: Diou Abdoulaye | P7: Dia mohamed | Q7: Mohamed Youga | R7: Dia Mohamed | S7: Abou Abdoulaye Sow | T7: Diou Abdoulaye | U7: Diou Abdoulaye | V7: Dia Mohamed | W7: Diou Abdoulaye | X7: Mohamed Youga | Y7: Abou Abdoulaye Sow | Z7: Dia Mohamed | AA7: Mohamed Youga | AB7: Dia mohamed | AC7: Mohamed Youga | AD7: Abou Abdoulaye Sow/ Tall Ousmane | AE7: Dia Mohamed | AF7: Mohamed Youga | AG7: Abou Abdoulaye Sow/ Tall Ousmane | AH7: Dia Mohamed | AI7: Dia Mohamed | AJ7: Abou Abdoulaye Sow | AK7: Dia mohamed | AL7: Mohamed Youga | AM7: Dia Mohamed | AN7: Daouda Aboubakri Diop | AO7: Daouda Aboubakri Diop | AP7: Mohamed Youga | AQ7: Daouda Aboubakri Diop | AR7: Daouda Aboubakri Diop | AS7: Daouda Aboubakri Diop | AT7: Daouda Aboubakri Diop | AU7: Daouda Aboubakri Diop | AV7: Daouda Aboubakri Diop | AW7: Daouda Aboubakri Diop | AX7: Daouda Aboubakri Diop | AY7: Daouda Aboubakri Diop | AZ7: Daouda Aboubakri Diop | BA7: Daouda Aboubakri Diop | BB7: Daouda Aboubakri Diop | BC7: Binta sow | BD7: Mohamed Youga | BE7: Daouda Aboubakri Diop | BF7: Daouda Aboubakri Diop | BG7: Daouda Aboubakri Diop | BH7: Mohamed Youga | BI7: Abou Abdoulaye Sow | BJ7: Abou Abdoulaye Sow | BK7: Mohamed Youga | BL7: Mohamed Youga | BM7: Mohamed Youga | BN7: Mohamed Youga | BO7: Mohamed Youga | BP7: Mohamed Youga | BQ7: Mohamed Youga | BR7: Mohamed Youga | BS7: Abou Abdoulaye Sow | BT7: Abou Abdoulaye Sow | BU7: Abou Abdoulaye Sow | BV7: Abou Abdoulaye Sow | BW7: Abou Abdoulaye Sow
A8: Outils - Matériels - Équipement-traitement | B8: B | C8: B | D8: B | E8: B | F8: B | G8: B | H8: B | I8: B | J8: B | K8: B | L8: B | M8: B | N8: B | O8: B | P8: B | Q8: B | R8: B | S8: B | T8: B | U8: B | V8: B | W8: B | X8: B | Y8: B | Z8: B | AA8: B | AB8: B | AC8: B | AD8: B | AE8: B | AF8: B | AG8: B | AH8: B | AI8: B | AJ8: B | AK8: B | AL8: B | AM8: B | AN8: I | AO8: B | AP8: B | AQ8: E | AR8: B | AS8: E | AT8: I | AU8: B | AV8: I | AW8: B | AX8: B | AY8: B | AZ8: I | BA8: B | BB8: B | BC8: E | BD8: B | BE8: I | BF8: B | BG8: B | BH8: B | BI8: B | BJ8: B | BK8: B | BL8: M | BM8: B | BN8: B | BO8: B | BP8: B | BQ8: B | BR8: M | BS8: I | BT8: B | BU8: B | BV8: B | BW8: B
B9: =IF(B8="M",0,IF(B8="I",2,IF(B8="B",4,IF(B8="E",5)))) -> 4 | C9: =IF(C8="M",0,IF(C8="I",2,IF(C8="B",4,IF(C8="E",5)))) -> 4 | D9: =IF(D8="M",0,IF(D8="I",2,IF(D8="B",4,IF(D8="E",5)))) -> 4 | E9: =IF(E8="M",0,IF(E8="I",2,IF(E8="B",4,IF(E8="E",5)))) -> 4 | F9: =IF(F8="M",0,IF(F8="I",2,IF(F8="B",4,IF(F8="E",5)))) -> 4 | G9: =IF(G8="M",0,IF(G8="I",2,IF(G8="B",4,IF(G8="E",5)))) -> 4 | H9: =IF(H8="M",0,IF(H8="I",2,IF(H8="B",4,IF(H8="E",5)))) -> 4 | I9: =IF(I8="M",0,IF(I8="I",2,IF(I8="B",4,IF(I8="E",5)))) -> 4 | ... BW9: =IF(BW8="M",0,IF(BW8="I",2,IF(BW8="B",4,IF(BW8="E",5)))) -> 4
B10: B | C10: B | D10: B | E10: B | F10: B | G10: B | H10: B | I10: I | J10: B | K10: I | L10: I | M10: B | N10: I | O10: B | P10: B | Q10: B | R10: B | S10: I | T10: I | U10: B | V10: B | W10: B | X10: B | Y10: B | Z10: B | AA10: B | AB10: B | AC10: B | AD10: B | AE10: B | AF10: B | AG10: B | AH10: B | AI10: I | AJ10: B | AK10: B | AL10: B | AM10: B | AN10: I | AO10: M | AP10: B | AQ10: B | AR10: B | AS10: B | AT10: I | AU10: B | AV10: I | AW10: B | AX10: B | AY10: I | AZ10: B | BA10: I | BB10: I | BC10: E | BD10: B | BE10: B | BF10: M | BG10: B | BH10: B | BI10: I | BJ10: B | BK10: I | BL10: M | BM10: B | BN10: I | BO10: B | BP10: B | BQ10: B | BR10: B | BS10: I | BT10: B | BU10: B | BV10: I | BW10: I
B11: =IF(B10="M",0,IF(B10="I",2,IF(B10="B",4,IF(B10="E",5)))) -> 4 | C11: =IF(C10="M",0,IF(C10="I",2,IF(C10="B",4,IF(C10="E",5)))) -> 4 | D11: =IF(D10="M",0,IF(D10="I",2,IF(D10="B",4,IF(D10="E",5)))) -> 4 | E11: =IF(E10="M",0,IF(E10="I",2,IF(E10="B",4,IF(E10="E",5)))) -> 4 | F11: =IF(F10="M",0,IF(F10="I",2,IF(F10="B",4,IF(F10="E",5)))) -> 4 | G11: =IF(G10="M",0,IF(G10="I",2,IF(G10="B",4,IF(G10="E",5)))) -> 4 | H11: =IF(H10="M",0,IF(H10="I",2,IF(H10="B",4,IF(H10="E",5)))) -> 4 | I11: =IF(I10="M",0,IF(I10="I",2,IF(I10="B",4,IF(I10="E",5)))) -> 2 | ... BW11: =IF(BW10="M",0,IF(BW10="I",2,IF(BW10="B",4,IF(BW10="E",5)))) -> 2
B12: B | C12: B | D12: B | E12: I | F12: B | G12: B | H12: B | I12: I | J12: B | K12: B | L12: B | M12: B | N12: B | O12: I | P12: B | Q12: I | R12: B | S12: I | T12: B | U12: B | V12: B | W12: B | X12: I | Y12: B | Z12: B | AA12: B | AB12: B | AC12: I | AD12: B | AE12: B | AF12: B | AG12: B | AH12: B | AI12: I | AJ12: B | AK12: B | AL12: B | AM12: I | AN12: I | AO12: I | AP12: B | AQ12: I | AR12: I | AS12: B | AT12: I | AU12: I | AV12: I | AW12: I | AX12: B | AY12: I | AZ12: B | BA12: I | BB12: I | BC12: E | BD12: B | BE12: I | BF12: I | BG12: B | BH12: B | BI12: I | BJ12: B | BK12: I | BL12: M | BM12: I | BN12: I | BO12: B | BP12: I | BQ12: I | BR12: I | BS12: I | BT12: B | BU12: B | BV12: I | BW12: B
B13: =IF(B12="M",0,IF(B12="I",2,IF(B12="B",4,IF(B12="E",5)))) -> 4 | C13: =IF(C12="M",0,IF(C12="I",2,IF(C12="B",4,IF(C12="E",5)))) -> 4 | D13: =IF(D12="M",0,IF(D12="I",2,IF(D12="B",4,IF(D12="E",5)))) -> 4 | E13: =IF(E12="M",0,IF(E12="I",2,IF(E12="B",4,IF(E12="E",5)))) -> 2 | F13: =IF(F12="M",0,IF(F12="I",2,IF(F12="B",4,IF(F12="E",5)))) -> 4 | G13: =IF(G12="M",0,IF(G12="I",2,IF(G12="B",4,IF(G12="E",5)))) -> 4 | H13: =IF(H12="M",0,IF(H12="I",2,IF(H12="B",4,IF(H12="E",5)))) -> 4 | I13: =IF(I12="M",0,IF(I12="I",2,IF(I12="B",4,IF(I12="E",5)))) -> 2 | ... BW13: =IF(BW12="M",0,IF(BW12="I",2,IF(BW12="B",4,IF(BW12="E",5)))) -> 4
B14: B | C14: B | D14: B | E14: B | F14: B | G14: B | H14: B | I14: B | J14: I | K14: B | L14: B | M14: B | N14: B | O14: B | P14: B | Q14: B | R14: B | S14: B | T14: M | U14: B | V14: B | W14: I | X14: I | Y14: B | Z14: B | AA14: B | AB14: B | AC14: I | AD14: B | AE14: B | AF14: B | AG14: B | AH14: B | AI14: B | AJ14: B | AK14: B | AL14: B | AM14: B | AN14: B | AO14: B | AP14: B | AQ14: B | AR14: M | AS14: E | AT14: M | AU14: B | AV14: M | AW14: B | AX14: B | AY14: M | AZ14: B | BA14: B | BB14: I | BC14: E | BD14: B | BE14: I | BF14: M | BG14: M | BH14: B | BI14: B | BJ14: B | BK14: I | BL14: M | BM14: B | BN14: I | BO14: B | BP14: B | BQ14: B | BR14: M | BS14: B | BT14: B | BU14: B | BV14: I | BW14: B
B15: =IF(B14="M",0,IF(B14="I",2,IF(B14="B",4,IF(B14="E",5)))) -> 4 | C15: =IF(C14="M",0,IF(C14="I",2,IF(C14="B",4,IF(C14="E",5)))) -> 4 | D15: =IF(D14="M",0,IF(D14="I",2,IF(D14="B",4,IF(D14="E",5)))) -> 4 | E15: =IF(E14="M",0,IF(E14="I",2,IF(E14="B",4,IF(E14="E",5)))) -> 4 | F15: =IF(F14="M",0,IF(F14="I",2,IF(F14="B",4,IF(F14="E",5)))) -> 4 | G15: =IF(G14="M",0,IF(G14="I",2,IF(G14="B",4,IF(G14="E",5)))) -> 4 | H15: =IF(H14="M",0,IF(H14="I",2,IF(H14="B",4,IF(H14="E",5)))) -> 4 | I15: =IF(I14="M",0,IF(I14="I",2,IF(I14="B",4,IF(I14="E",5)))) -> 4 | ... BW15: =IF(BW14="M",0,IF(BW14="I",2,IF(BW14="B",4,IF(BW14="E",5)))) -> 4
B16: B | C16: B | D16: B | E16: B | F16: I | G16: B | H16: B | I16: B | J16: B | K16: B | L16: B | M16: B | N16: B | O16: B | P16: B | Q16: B | R16: B | S16: B | T16: B | U16: B | V16: B | W16: B | X16: B | Y16: B | Z16: B | AA16: I | AB16: B | AC16: M | AD16: B | AE16: B | AF16: B | AG16: B | AH16: B | AI16: B | AJ16: B | AK16: B | AL16: B | AM16: B | AN16: I | AO16: B | AP16: B | AQ16: E | AR16: I | AS16: E | AT16: I | AU16: B | AV16: B | AW16: B | AX16: B | AY16: B | AZ16: B | BA16: B | BB16: B | BC16: E | BD16: B | BE16: B | BF16: I | BG16: I | BH16: B | BI16: B | BJ16: B | BK16: B | BL16: M | BM16: I | BN16: B | BO16: B | BP16: B | BQ16: M | BR16: B | BS16: B | BT16: B | BU16: B | BV16: B | BW16: B
B17: =IF(B16="M",0,IF(B16="I",2,IF(B16="B",4,IF(B16="E",5)))) -> 4 | C17: =IF(C16="M",0,IF(C16="I",2,IF(C16="B",4,IF(C16="E",5)))) -> 4 | D17: =IF(D16="M",0,IF(D16="I",2,IF(D16="B",4,IF(D16="E",5)))) -> 4 | E17: =IF(E16="M",0,IF(E16="I",2,IF(E16="B",4,IF(E16="E",5)))) -> 4 | F17: =IF(F16="M",0,IF(F16="I",2,IF(F16="B",4,IF(F16="E",5)))) -> 2 | G17: =IF(G16="M",0,IF(G16="I",2,IF(G16="B",4,IF(G16="E",5)))) -> 4 | H17: =IF(H16="M",0,IF(H16="I",2,IF(H16="B",4,IF(H16="E",5)))) -> 4 | I17: =IF(I16="M",0,IF(I16="I",2,IF(I16="B",4,IF(I16="E",5)))) -> 4 | ... BW17: =IF(BW16="M",0,IF(BW16="I",2,IF(BW16="B",4,IF(BW16="E",5)))) -> 4
B18: B | C18: M | D18: I | E18: I | F18: I | G18: I | H18: M | I18: B | J18: B | K18: M | L18: B | M18: M | N18: M | O18: M | P18: I | Q18: B | R18: M | S18: B | T18: M | U18: B | V18: B | W18: B | X18: B | Y18: I | Z18: B | AA18: M | AB18: M | AC18: B | AD18: B | AE18: I | AF18: I | AG18: B | AH18: B | AI18: M | AJ18: B | AK18: B | AL18: B | AM18: B | AN18: I | AO18: I | AP18: B | AQ18: I | AR18: I | AS18: E | AT18: B | AU18: B | AV18: M | AW18: I | AX18: B | AY18: I | AZ18: B | BA18: I | BB18: I | BC18: E | BD18: I | BE18: I | BF18: M | BG18: I | BH18: B | BI18: B | BJ18: B | BK18: I | BL18: M | BM18: I | BN18: B | BO18: M | BP18: B | BQ18: M | BR18: M | BS18: B | BT18: B | BU18: B | BV18: B | BW18: B
B19: =IF(B18="M",0,IF(B18="I",2,IF(B18="B",4,IF(B18="E",5)))) -> 4 | C19: =IF(C18="M",0,IF(C18="I",2,IF(C18="B",4,IF(C18="E",5)))) -> 0 | D19: =IF(D18="M",0,IF(D18="I",2,IF(D18="B",4,IF(D18="E",5)))) -> 2 | E19: =IF(E18="M",0,IF(E18="I",2,IF(E18="B",4,IF(E18="E",5)))) -> 2 | F19: =IF(F18="M",0,IF(F18="I",2,IF(F18="B",4,IF(F18="E",5)))) -> 2 | G19: =IF(G18="M",0,IF(G18="I",2,IF(G18="B",4,IF(G18="E",5)))) -> 2 | H19: =IF(H18="M",0,IF(H18="I",2,IF(H18="B",4,IF(H18="E",5)))) -> 0 | I19: =IF(I18="M",0,IF(I18="I",2,IF(I18="B",4,IF(I18="E",5)))) -> 4 | ... BW19: =IF(BW18="M",0,IF(BW18="I",2,IF(BW18="B",4,IF(BW18="E",5)))) -> 4
B20: B | C20: B | D20: B | E20: B | F20: B | G20: B | H20: B | I20: I | J20: B | K20: B | L20: B | M20: M | N20: B | O20: M | P20: B | Q20: B | R20: B | S20: B | T20: B | U20: B | V20: B | W20: M | X20: B | Y20: I | Z20: B | AA20: B | AB20: B | AC20: B | AD20: I | AE20: B | AF20: B | AG20: I | AH20: B | AI20: B | AJ20: B | AK20: B | AL20: B | AM20: B | AN20: I | AO20: B | AP20: B | AQ20: B | AR20: B | AS20: E | AT20: B | AU20: I | AV20: B | AW20: I | AX20: B | AY20: I | AZ20: B | BA20: B | BB20: I | BC20: E | BD20: B | BE20: B | BF20: M | BG20: I | BH20: B | BI20: B | BJ20: B | BK20: M | BL20: M | BM20: B | BN20: B | BO20: B | BP20: I | BQ20: B | BR20: I | BS20: B | BT20: B | BU20: I | BV20: B | BW20: B
B21: =IF(B20="M",0,IF(B20="I",2,IF(B20="B",4,IF(B20="E",5)))) -> 4 | C21: =IF(C20="M",0,IF(C20="I",2,IF(C20="B",4,IF(C20="E",5)))) -> 4 | D21: =IF(D20="M",0,IF(D20="I",2,IF(D20="B",4,IF(D20="E",5)))) -> 4 | E21: =IF(E20="M",0,IF(E20="I",2,IF(E20="B",4,IF(E20="E",5)))) -> 4 | F21: =IF(F20="M",0,IF(F20="I",2,IF(F20="B",4,IF(F20="E",5)))) -> 4 | G21: =IF(G20="M",0,IF(G20="I",2,IF(G20="B",4,IF(G20="E",5)))) -> 4 | H21: =IF(H20="M",0,IF(H20="I",2,IF(H20="B",4,IF(H20="E",5)))) -> 4 | I21: =IF(I20="M",0,IF(I20="I",2,IF(I20="B",4,IF(I20="E",5)))) -> 2 | ... BW21: =IF(BW20="M",0,IF(BW20="I",2,IF(BW20="B",4,IF(BW20="E",5)))) -> 4
B22: B | C22: B | D22: B | E22: E | F22: B | G22: B | H22: B | I22: B | J22: B | K22: B | L22: B | M22: B | N22: B | O22: B | P22: B | Q22: B | R22: B | S22: B | T22: B | U22: B | V22: B | W22: B | X22: B | Y22: B | Z22: E | AA22: B | AB22: B | AC22: B | AD22: B | AE22: B | AF22: B | AG22: B | AH22: E | AI22: B | AJ22: B | AK22: B | AL22: B | AM22: B | AN22: B | AO22: B | AP22: B | AQ22: B | AR22: I | AS22: E | AT22: B | AU22: I | AV22: B | AW22: B | AX22: B | AY22: B | AZ22: B | BA22: B | BB22: I | BC22: E | BD22: B | BE22: B | BF22: I | BG22: I | BH22: B | BI22: B | BJ22: B | BK22: M | BL22: I | BM22: I | BN22: M | BO22: M | BP22: B | BQ22: B | BR22: M | BS22: B | BT22: B | BU22: B | BV22: B | BW22: B
B23: =IF(B22="M",0,IF(B22="I",2,IF(B22="B",4,IF(B22="E",5)))) -> 4 | C23: =IF(C22="M",0,IF(C22="I",2,IF(C22="B",4,IF(C22="E",5)))) -> 4 | D23: =IF(D22="M",0,IF(D22="I",2,IF(D22="B",4,IF(D22="E",5)))) -> 4 | E23: =IF(E22="M",0,IF(E22="I",2,IF(E22="B",4,IF(E22="E",5)))) -> 5 | F23: =IF(F22="M",0,IF(F22="I",2,IF(F22="B",4,IF(F22="E",5)))) -> 4 | G23: =IF(G22="M",0,IF(G22="I",2,IF(G22="B",4,IF(G22="E",5)))) -> 4 | H23: =IF(H22="M",0,IF(H22="I",2,IF(H22="B",4,IF(H22="E",5)))) -> 4 | I23: =IF(I22="M",0,IF(I22="I",2,IF(I22="B",4,IF(I22="E",5)))) -> 4 | ... BW23: =IF(BW22="M",0,IF(BW22="I",2,IF(BW22="B",4,IF(BW22="E",5)))) -> 4
A24: Structure et organisation de l'espace | B24: I | C24: B | D24: B | E24: B | F24: B | G24: I | H24: I | I24: I | J24: I | K24: B | L24: B | M24: I | N24: I | O24: M | P24: B | Q24: M | R24: B | S24: I | T24: I | U24: B | V24: B | W24: I | X24: I | Y24: B | Z24: B | AA24: B | AB24: B | AC24: I | AD24: B | AE24: B | AF24: B | AG24: B | AH24: B | AI24: B | AJ24: B | AK24: B | AL24: I | AM24: B | AN24: B | AO24: I | AP24: B | AQ24: B | AR24: B | AS24: I | AT24: B | AU24: B | AV24: B | AW24: B | AX24: B | AY24: I | AZ24: I | BA24: B | BB24: I | BC24: I | BD24: B | BE24: B | BF24: B | BG24: I | BH24: I | BI24: B | BJ24: B | BK24: I | BL24: M | BM24: B | BN24: B | BO24: I | BP24: I | BQ24: I | BR24: B | BS24: B | BT24: B | BU24: B | BV24: B | BW24: B
B25: =IF(B24="M",0,IF(B24="I",2,IF(B24="B",4,IF(B24="E",5)))) -> 2 | C25: =IF(C24="M",0,IF(C24="I",2,IF(C24="B",4,IF(C24="E",5)))) -> 4 | D25: =IF(D24="M",0,IF(D24="I",2,IF(D24="B",4,IF(D24="E",5)))) -> 4 | E25: =IF(E24="M",0,IF(E24="I",2,IF(E24="B",4,IF(E24="E",5)))) -> 4 | F25: =IF(F24="M",0,IF(F24="I",2,IF(F24="B",4,IF(F24="E",5)))) -> 4 | G25: =IF(G24="M",0,IF(G24="I",2,IF(G24="B",4,IF(G24="E",5)))) -> 2 | H25: =IF(H24="M",0,IF(H24="I",2,IF(H24="B",4,IF(H24="E",5)))) -> 2 | I25: =IF(I24="M",0,IF(I24="I",2,IF(I24="B",4,IF(I24="E",5)))) -> 2 | ... BW25: =IF(BW24="M",0,IF(BW24="I",2,IF(BW24="B",4,IF(BW24="E",5)))) -> 4
A26: Personnel | B26: B | C26: B | D26: B | E26: B | F26: B | G26: I | H26: B | I26: I | J26: B | K26: I | L26: I | M26: B | N26: B | O26: B | P26: I | Q26: B | R26: B | S26: B | T26: B | U26: I | V26: B | W26: I | X26: B | Y26: B | Z26: B | AA26: B | AB26: M | AC26: B | AD26: B | AE26: I | AF26: B | AG26: B | AH26: B | AI26: B | AJ26: B | AK26: I | AL26: I | AM26: B | AN26: I | AO26: B | AP26: B | AQ26: B | AR26: I | AS26: B | AT26: B | AU26: I | AV26: B | AW26: B | AX26: B | AY26: I | AZ26: B | BA26: B | BB26: B | BC26: B | BD26: B | BE26: B | BF26: B | BG26: I | BH26: B | BI26: B | BJ26: B | BK26: I | BL26: M | BM26: B | BN26: M | BO26: B | BP26: B | BQ26: B | BR26: I | BS26: B | BT26: B | BU26: B | BV26: B | BW26: B
B27: =IF(B26="M",0,IF(B26="I",2,IF(B26="B",4,IF(B26="E",5)))) -> 4 | C27: =IF(C26="M",0,IF(C26="I",2,IF(C26="B",4,IF(C26="E",5)))) -> 4 | D27: =IF(D26="M",0,IF(D26="I",2,IF(D26="B",4,IF(D26="E",5)))) -> 4 | E27: =IF(E26="M",0,IF(E26="I",2,IF(E26="B",4,IF(E26="E",5)))) -> 4 | F27: =IF(F26="M",0,IF(F26="I",2,IF(F26="B",4,IF(F26="E",5)))) -> 4 | G27: =IF(G26="M",0,IF(G26="I",2,IF(G26="B",4,IF(G26="E",5)))) -> 2 | H27: =IF(H26="M",0,IF(H26="I",2,IF(H26="B",4,IF(H26="E",5)))) -> 4 | I27: =IF(I26="M",0,IF(I26="I",2,IF(I26="B",4,IF(I26="E",5)))) -> 2 | ... BW27: =IF(BW26="M",0,IF(BW26="I",2,IF(BW26="B",4,IF(BW26="E",5)))) -> 4
B28: B | C28: B | D28: B | E28: B | F28: I | G28: B | H28: B | I28: I | J28: B | K28: I | L28: B | M28: B | N28: I | O28: B | P28: I | Q28: B | R28: B | S28: B | T28: B | U28: B | V28: B | W28: M | X28: B | Y28: I | Z28: B | AA28: I | AB28: M | AC28: M | AD28: B | AE28: M | AF28: B | AG28: B | AH28: B | AI28: B | AJ28: B | AK28: M | AL28: I | AM28: B | AN28: I | AO28: I | AP28: B | AQ28: B | AR28: M | AS28: B | AT28: B | AU28: I | AV28: M | AW28: I | AX28: B | AY28: I | AZ28: B | BA28: B | BB28: B | BC28: E | BD28: B | BE28: M | BF28: B | BG28: I | BH28: B | BI28: I | BJ28: B | BK28: I | BL28: M | BM28: B | BN28: M | BO28: B | BP28: B | BQ28: B | BR28: M | BS28: I | BT28: B | BU28: B | BV28: I | BW28: I
B29: =IF(B28="M",0,IF(B28="I",2,IF(B28="B",4,IF(B28="E",5)))) -> 4 | C29: =IF(C28="M",0,IF(C28="I",2,IF(C28="B",4,IF(C28="E",5)))) -> 4 | D29: =IF(D28="M",0,IF(D28="I",2,IF(D28="B",4,IF(D28="E",5)))) -> 4 | E29: =IF(E28="M",0,IF(E28="I",2,IF(E28="B",4,IF(E28="E",5)))) -> 4 | F29: =IF(F28="M",0,IF(F28="I",2,IF(F28="B",4,IF(F28="E",5)))) -> 2 | G29: =IF(G28="M",0,IF(G28="I",2,IF(G28="B",4,IF(G28="E",5)))) -> 4 | H29: =IF(H28="M",0,IF(H28="I",2,IF(H28="B",4,IF(H28="E",5)))) -> 4 | I29: =IF(I28="M",0,IF(I28="I",2,IF(I28="B",4,IF(I28="E",5)))) -> 2 | ... BW29: =IF(BW28="M",0,IF(BW28="I",2,IF(BW28="B",4,IF(BW28="E",5)))) -> 2
B30: I | C30: I | D30: I | E30: I | F30: I | G30: M | H30: B | I30: I | J30: B | K30: M | L30: I | M30: M | N30: I | O30: M | P30: I | Q30: I | R30: M | S30: M | T30: I | U30: I | V30: I | W30: M | X30: B | Y30: M | Z30: I | AA30: M | AB30: B | AC30: M | AD30: I | AE30: I | AF30: B | AG30: I | AH30: I | AI30: I | AJ30: I | AK30: B | AL30: M | AM30: M | AN30: I | AO30: I | AP30: I | AQ30: B | AR30: M | AS30: B | AT30: I | AU30: I | AV30: I | AW30: I | AX30: B | AY30: M | AZ30: I | BA30: I | BB30: I | BC30: M | BD30: I | BE30: I | BF30: M | BG30: I | BH30: I | BI30: M | BJ30: I | BK30: I | BL30: M | BM30: B | BN30: M | BO30: B | BP30: B | BQ30: I | BR30: M | BS30: M | BT30: I | BU30: I | BV30: M | BW30: M
B31: =IF(B30="M",0,IF(B30="I",2,IF(B30="B",4,IF(B30="E",5)))) -> 2 | C31: =IF(C30="M",0,IF(C30="I",2,IF(C30="B",4,IF(C30="E",5)))) -> 2 | D31: =IF(D30="M",0,IF(D30="I",2,IF(D30="B",4,IF(D30="E",5)))) -> 2 | E31: =IF(E30="M",0,IF(E30="I",2,IF(E30="B",4,IF(E30="E",5)))) -> 2 | F31: =IF(F30="M",0,IF(F30="I",2,IF(F30="B",4,IF(F30="E",5)))) -> 2 | G31: =IF(G30="M",0,IF(G30="I",2,IF(G30="B",4,IF(G30="E",5)))) -> 0 | H31: =IF(H30="M",0,IF(H30="I",2,IF(H30="B",4,IF(H30="E",5)))) -> 4 | I31: =IF(I30="M",0,IF(I30="I",2,IF(I30="B",4,IF(I30="E",5)))) -> 2 | ... BW31: =IF(BW30="M",0,IF(BW30="I",2,IF(BW30="B",4,IF(BW30="E",5)))) -> 0
B32: I | C32: I | D32: B | E32: B | F32: I | G32: I | H32: B | I32: B | J32: I | K32: B | L32: B | M32: I | N32: B | O32: I | P32: B | Q32: I | R32: B | S32: B | T32: B | U32: B | V32: B | W32: I | X32: B | Y32: B | Z32: B | AA32: B | AB32: B | AC32: M | AD32: B | AE32: B | AF32: I | AG32: B | AH32: B | AI32: B | AJ32: B | AK32: B | AL32: I | AM32: B | AN32: I | AO32: B | AP32: I | AQ32: B | AR32: I | AS32: B | AT32: B | AU32: I | AV32: B | AW32: I | AX32: B | AY32: M | AZ32: B | BA32: B | BB32: I | BC32: E | BD32: I | BE32: B | BF32: M | BG32: I | BH32: I | BI32: B | BJ32: B | BK32: I | BL32: M | BM32: B | BN32: M | BO32: B | BP32: B | BQ32: I | BR32: I | BS32: B | BT32: B | BU32: B | BV32: B | BW32: B
B33: =IF(B32="M",0,IF(B32="I",2,IF(B32="B",4,IF(B32="E",5)))) -> 2 | C33: =IF(C32="M",0,IF(C32="I",2,IF(C32="B",4,IF(C32="E",5)))) -> 2 | D33: =IF(D32="M",0,IF(D32="I",2,IF(D32="B",4,IF(D32="E",5)))) -> 4 | E33: =IF(E32="M",0,IF(E32="I",2,IF(E32="B",4,IF(E32="E",5)))) -> 4 | F33: =IF(F32="M",0,IF(F32="I",2,IF(F32="B",4,IF(F32="E",5)))) -> 2 | G33: =IF(G32="M",0,IF(G32="I",2,IF(G32="B",4,IF(G32="E",5)))) -> 2 | H33: =IF(H32="M",0,IF(H32="I",2,IF(H32="B",4,IF(H32="E",5)))) -> 4 | I33: =IF(I32="M",0,IF(I32="I",2,IF(I32="B",4,IF(I32="E",5)))) -> 4 | ... BW33: =IF(BW32="M",0,IF(BW32="I",2,IF(BW32="B",4,IF(BW32="E",5)))) -> 4
A34: Dépistage passif | B34: B | C34: I | D34: I | E34: I | F34: I | G34: B | H34: B | I34: B | J34: B | K34: I | L34: B | M34: B | N34: B | O34: I | P34: M | Q34: I | R34: B | S34: E | T34: B | U34: B | V34: B | W34: B | X34: B | Y34: I | Z34: B | AA34: B | AB34: I | AC34: M | AD34: B | AE34: B | AF34: I | AG34: B | AH34: B | AI34: I | AJ34: E | AK34: I | AL34: B | AM34: B | AN34: I | AO34: I | AP34: B | AQ34: I | AR34: I | AS34: E | AT34: B | AU34: B | AV34: M | AW34: I | AX34: B | AY34: I | AZ34: B | BA34: I | BB34: I | BC34: B | BD34: I | BE34: I | BF34: M | BG34: I | BH34: I | BI34: B | BJ34: B | BK34: M | BL34: I | BM34: B | BN34: I | BO34: I | BP34: B | BQ34: B | BR34: I | BS34: B | BT34: B | BU34: M | BV34: B | BW34: B
B35: =IF(B34="M",0,IF(B34="I",2,IF(B34="B",4,IF(B34="E",5)))) -> 4 | C35: =IF(C34="M",0,IF(C34="I",2,IF(C34="B",4,IF(C34="E",5)))) -> 2 | D35: =IF(D34="M",0,IF(D34="I",2,IF(D34="B",4,IF(D34="E",5)))) -> 2 | E35: =IF(E34="M",0,IF(E34="I",2,IF(E34="B",4,IF(E34="E",5)))) -> 2 | F35: =IF(F34="M",0,IF(F34="I",2,IF(F34="B",4,IF(F34="E",5)))) -> 2 | G35: =IF(G34="M",0,IF(G34="I",2,IF(G34="B",4,IF(G34="E",5)))) -> 4 | H35: =IF(H34="M",0,IF(H34="I",2,IF(H34="B",4,IF(H34="E",5)))) -> 4 | I35: =IF(I34="M",0,IF(I34="I",2,IF(I34="B",4,IF(I34="E",5)))) -> 4 | ... BW35: =IF(BW34="M",0,IF(BW34="I",2,IF(BW34="B",4,IF(BW34="E",5)))) -> 4
A36: Accueil et flux des patients | B36: B | C36: B | D36: B | E36: B | F36: B | G36: I | H36: I | I36: B | J36: B | K36: I | L36: B | M36: I | N36: I | O36: B | P36: B | Q36: I | R36: B | S36: B | T36: B | U36: B | V36: B | W36: I | X36: B | Y36: B | Z36: B | AA36: B | AB36: M | AC36: I | AD36: B | AE36: I | AF36: I | AG36: B | AH36: B | AI36: B | AJ36: B | AK36: B | AL36: B | AM36: B | AN36: B | AO36: B | AP36: B | AQ36: B | AR36: B | AS36: E | AT36: B | AU36: B | AV36: B | AW36: I | AX36: B | AY36: I | AZ36: I | BA36: B | BB36: I | BC36: I | BD36: B | BE36: B | BF36: B | BG36: B | BH36: B | BI36: B | BJ36: B | BK36: I | BL36: I | BM36: B | BN36: B | BO36: I | BP36: I | BQ36: B | BR36: B | BS36: B | BT36: B | BU36: B | BV36: B | BW36: B
B37: =IF(B36="M",0,IF(B36="I",2,IF(B36="B",4,IF(B36="E",5)))) -> 4 | C37: =IF(C36="M",0,IF(C36="I",2,IF(C36="B",4,IF(C36="E",5)))) -> 4 | D37: =IF(D36="M",0,IF(D36="I",2,IF(D36="B",4,IF(D36="E",5)))) -> 4 | E37: =IF(E36="M",0,IF(E36="I",2,IF(E36="B",4,IF(E36="E",5)))) -> 4 | F37: =IF(F36="M",0,IF(F36="I",2,IF(F36="B",4,IF(F36="E",5)))) -> 4 | G37: =IF(G36="M",0,IF(G36="I",2,IF(G36="B",4,IF(G36="E",5)))) -> 2 | H37: =IF(H36="M",0,IF(H36="I",2,IF(H36="B",4,IF(H36="E",5)))) -> 2 | I37: =IF(I36="M",0,IF(I36="I",2,IF(I36="B",4,IF(I36="E",5)))) -> 4 | ... BW37: =IF(BW36="M",0,IF(BW36="I",2,IF(BW36="B",4,IF(BW36="E",5)))) -> 4
